Workbook

Sheet 5-Year Plan (2014-19)
E1: Total Goals and Funding for Province 2013/14 | BB1: Comments | BC1: Total Goals and Funding for Province 2014/15 | CZ1: Comments | DA1: Total Goals and Funding for Province 2015/16 | EX1: Comments | EY1: Total Goals and Funding for Province 2016/17 | GV1: Comments | GW1: Total Goals and Funding for Province 2017/18 | IT1: Comments | IU1: Total Goals and Funding for Province 2018/19 | KR1: Comments
E2: Current Reforestation | AH2: TS Mitigation | AX2: General Acrivities | BC2: Current Reforestation | CF2: TS Mitigation | CV2: General Activities | DA2: Current Reforestation | ED2: TS Mitigation | ET2: General Activities | EY2: Current Reforestation | GB2: TS Mitigation | GR2: General Activities | GW2: Current Reforestation | HZ2: TS Mitigation | IP2: General Activities | IU2: Current Reforestation | JX2: TS Mitigation | KN2: General Activities
E3: Surveys | AG3: CR Subtotal | AW3: TSM Subtotal | BA3: 2013/14 total | BC3: Surveys | CE3: CR Subtotal | CU3: TSM Subtotal | CY3: 2014/15 total | DA3: Surveys | EC3: CR Subtotal | ES3: TSM Subtotal | EW3: 2015/16 total | EY3: Surveys | GA3: CR Subtotal | GQ3: TSM Subtotal | GU3: 2016/17 total | GW3: Surveys | HY3: CR Subtotal | IO3: TSM Subtotal | IS3: 2017/18 total | IU3: Surveys | JW3: CR Subtotal | KM3: TSM Subtotal | KQ3: 2018/19 total
E4: Backlog NSR | H4: MPB/Wildfire | K4: Defaulted Obligation | N4: Brushing SU | Q4: Site Prep. | T4: Brushing | W4: Repression Density Spacing | Z4: Planting | AC4: Sowing | AD4: Overstory Removal | AH4: Surveys | AK4: Conifer Release | AN4: Spacing | AQ4: Fertilization | AT4: Pruning | AX4: Access | AY4: Overview Planning | AZ4: Program Support (Admin) | BC4: Backlog NSR | BF4: MPB/Wildfire | BI4: Defaulted Obligation | BL4: Stand Maintenance SU | BO4: Site Prep. | BR4: Brushing | BU4: Repression Density Spacing | BX4: Planting | CA4: Sowing | CB4: Overstory Removal | CF4: Surveys | CI4: Conifer Release | CL4: Spacing | CO4: Fertilization | CR4: Pruning | CV4: Access | CW4: Overview Planning | CX4: Program Support (Admin) | DA4: Backlog NSR | DD4: MPB/Wildfire | DG4: Defaulted Obligation | DJ4: Stand Maintenance SU | DM4: Site Prep. | DP4: Brushing | DS4: Repression Density Spacing | DV4: Planting | DY4: Sowing | DZ4: Overstory Removal | ED4: Surveys | EG4: Conifer Release | EJ4: Spacing | EM4: Fertilization | EP4: Pruning | ET4: Access | EU4: Overview Planning | EV4: Program Support (Admin) | EY4: Backlog NSR | FB4: MPB/Wildfire | FE4: Defaulted Obligation | FH4: Stand Maintenance Su | FK4: Site Prep. | FN4: Brushing | FQ4: Repression Density Spacing | FT4: Planting | FW4: Sowing | FX4: Overstory Removal | GB4: Surveys | GE4: Conifer Release | GH4: Spacing | GK4: Fertilization | GN4: Pruning | GR4: Access | GS4: Overview Planning | GT4: Program Support (Admin) | GW4: Backlog NSR | GZ4: MPB/Wildfire | HC4: Defaulted Obligation | HF4: Stand Maintenance SU | HI4: Site Prep. | HL4: Brushing | HO4: Repression Density Spacing | HR4: Planting | HU4: Sowing | HV4: Overstory Removal | HZ4: Surveys | IC4: Conifer Release | IF4: Spacing | II4: Fertilization | IL4: Pruning | IP4: Access | IQ4: Overview Planning | IR4: Program Support (Admin) | IU4: Backlog NSR | IX4: MPB/Wildfire | JA4: Defaulted Obligation | JD4: Stand Maintenance SU | JG4: Site Prep. | JJ4: Brushing | JM4: Repression Density Spacing | JP4: Planting | JS4: Sowing | JT4: Overstory Removal | JX4: Surveys | KA4: Conifer Release | KD4: Spacing | KG4: Fertilization | KJ4: Pruning | KN4: Access | KO4: Overview Planning | KP4: Program Support (Admin)
A5: Area | B5: Region | C5: District | D5: Delivery Agent | E5: Hectares | F5: unit costs | G5: $$$ | H5: Hectares | I5: unit costs | J5: $$$ | K5: Hectares | L5: unit costs | M5: $$$ | N5: Hectares | O5: unit costs | P5: $$$ | Q5: Hectares | R5: unit costs | S5: $$$ | T5: Hectares | U5: unit costs | V5: $$$ | W5: Hectares | X5: unit costs | Y5: $$$ | Z5: Trees | AA5: unit costs | AB5: $$$ | AC5: Trees | AD5: Hectares | AE5: unit costs | AF5: $$$ | AG5: $$$ | AH5: Hectares | AI5: unit costs | AJ5: $$$ | AK5: Hectares | AL5: unit costs | AM5: $$$ | AN5: Hectares | AO5: unit costs | AP5: $$$ | AQ5: Hectares | AR5: unit Costs | AS5: $$$ | AT5: Hectares | AU5: unit costs | AV5: $$$ | AW5: $$$ | AX5: $$$ | AY5: $$$ | AZ5: $$$ | BA5: $$$ | BC5: Hectares | BD5: unit costs | BE5: $$$ | BF5: Hectares | BG5: unit costs | BH5: $$$ | BI5: Hectares | BJ5: unit costs | BK5: $$$ | BL5: Hectares | BM5: unit costs | BN5: $$$ | BO5: Hectares | BP5: unit costs | BQ5: $$$ | BR5: Hectares | BS5: unit costs | BT5: $$$ | BU5: Hectares | BV5: unit costs | BW5: $$$ | BX5: Trees | BY5: unit costs | BZ5: $$$ | CA5: Trees | CB5: Hectares | CC5: unit costs | CD5: $$$ | CE5: $$$ | CF5: Hectares | CG5: unit costs | CH5: $$$ | CI5: Hectares | CJ5: unit costs | CK5: $$$ | CL5: Hectares | CM5: unit costs | CN5: $$$ | CO5: Hectares | CP5: unit costs | CQ5: $$$ | CR5: Hectares | CS5: unit costs | CT5: $$$ | CU5: $$$ | CV5: $$$ | CW5: $$$ | CX5: $$$ | CY5: $$$ | DA5: Hectares | DB5: Unit Costs | DC5: $$$ | DD5: Hectares | DE5: Unit Costs | DF5: $$$ | DG5: Hectares | DH5: Unit Costs | DI5: $$$ | DJ5: Hectares | DK5: Unit Costs | DL5: $$$ | DM5: Hectares | DN5: Unit Costs | DO5: $$$ | DP5: Hectares | DQ5: Unit Costs | DR5: $$$ | DS5: Hectares | DT5: Unit Costs | DU5: $$$ | DV5: Trees | DW5: Unit Costs | DX5: $$$ | DY5: Trees | DZ5: Hectares | EA5: Unit Costs | EB5: $$$ | EC5: $$$ | ED5: Hectares | EE5: Unit Costs | EF5: $$$ | EG5: Hectares | EH5: Unit Costs | EI5: $$$ | EJ5: Hectares | EK5: Unit Costs | EL5: $$$ | EM5: Hectares | EN5: Unit Costs | EO5: $$$ | EP5: Hectares | EQ5: Unit Costs | ER5: $$$ | ES5: $$$ | ET5: $$$ | EU5: $$$ | EV5: $$$ | EW5: $$$ | EY5: Hectares | EZ5: Unit Cost | FA5: $$$ | FB5: Hectares | FC5: Unit Cost | FD5: $$$ | FE5: Hectares | FF5: Unit Cost | FG5: $$$ | FH5: Hectares | FI5: Unit Cost | FJ5: $$$ | FK5: Hectares | FL5: Unit Cost | FM5: $$$ | FN5: Hectares | FO5: Unit Cost | FP5: $$$ | FQ5: Hectares | FR5: Unit Cost | FS5: $$$ | FT5: Trees | FU5: Unit Cost | FV5: $$$ | FW5: Trees | FX5: Hectares | FY5: Unit Cost | FZ5: $$$ | GA5: $$$ | GB5: Hectares | GC5: Unit Cost | GD5: $$$ | GE5: Hectares | GF5: Unit Cost | GG5: $$$ | GH5: Hectares | GI5: Unit Cost | GJ5: $$$ | GK5: Hectares | GL5: Unit Cost | GM5: $$$ | GN5: Hectares | GO5: Unit Cost | GP5: $$$ | GQ5: $$$ | GR5: $$$ | GS5: $$$ | GT5: $$$ | GU5: $$$ | GW5: Hectares | GX5: Unit Cost | GY5: $$$ | GZ5: Hectares | HA5: Unit Cost | HB5: $$$ | HC5: Hectares | HD5: Unit Cost | HE5: $$$ | HF5: Hectares | HG5: Unit Cost | HH5: $$$ | HI5: Hectares | HJ5: Unit Cost | HK5: $$$ | HL5: Hectares | HM5: Unit Cost | HN5: $$$ | HO5: Hectares | HP5: Unit Cost | HQ5: $$$ | HR5: Trees | HS5: Unit Cost | HT5: $$$ | HU5: Trees | HV5: Hectares | HW5: Unit Cost | HX5: $$$ | HY5: $$$ | HZ5: Hectares | IA5: Unit Cost | IB5: $$$ | IC5: Hectares | ID5: Unit Cost | IE5: $$$ | IF5: Hectares | IG5: Unit Cost | IH5: $$$ | II5: Hectares | IJ5: Unit Cost | IK5: $$$ | IL5: Hectares | IM5: Unit Cost | IN5: $$$ | IO5: $$$ | IP5: $$$ | IQ5: $$$ | IR5: $$$ | IS5: $$$ | IU5: Hectares | IV5: Unit Cost | IW5: $$$ | IX5: Hectares | IY5: Unit Cost | IZ5: $$$ | JA5: Hectares | JB5: Unit Cost | JC5: $$$ | JD5: Hectares | JE5: Unit Cost | JF5: $$$ | JG5: Hectares | JH5: Unit Cost | JI5: $$$ | JJ5: Hectares | JK5: Unit Cost | JL5: $$$ | JM5: Hectares | JN5: Unit Cost | JO5: $$$ | JP5: Trees | JQ5: Unit Cost | JR5: $$$ | JS5: Trees | JT5: Hectares | JU5: Unit Cost | JV5: $$$ | JW5: $$$ | JX5: Hectares | JY5: Unit Cost | JZ5: $$$ | KA5: Hectares | KB5: Unit Cost | KC5: $$$ | KD5: Hectares | KE5: Unit Cost | KF5: $$$ | KG5: Hectares | KH5: Unit Cost | KI5: $$$ | KJ5: Hectares | KK5: Unit Cost | KL5: $$$ | KM5: $$$ | KN5: $$$ | KO5: $$$ | KP5: $$$ | KQ5: $$$
A6: South Area | B6: CR | L6: =IF(ISERROR(M6/K6),"",(M6/K6)) | AG6: =SUM(G6,J6,M6,P6,S6,V6,AB6,AF6) -> 0 | AI6: =IF(ISERROR(AJ6/AH6),"",(AJ6/AH6)) | AU6: =IF(ISERROR(AV6/AT6),"0",(AV6/AT6)) -> 0 | AW6: =SUM(AJ6,AM6,AP6,AS6,AV6) -> 0 | AZ6: 40000 | BA6: =AG6+AW6+AX6+AY6+AZ6 -> 40000 | CE6: =SUM(BE6,BH6,BK6,BN6,BQ6,BT6,BW6,BZ6,CD6) -> 0 | CU6: =SUM(CH6,CK6,CN6,CQ6,CT6) -> 0 | CX6: 20000 | CY6: =CE6+CU6+CV6+CW6+CX6 -> 20000 | EC6: =SUM(DC6,DF6,DI6,DL6,DO6,DR6,DU6,DX6,EB6) -> 0 | ES6: =SUM(EF6,EI6,EL6,EO6,ER6) -> 0 | EV6: 20000 | EW6: =EC6+ES6+ET6+EU6+EV6 -> 20000 | GA6: =SUM(FA6,FD6,FG6,FJ6,FM6,FP6,FS6,FV6,FZ6) -> 0 | GQ6: =SUM(GD6,GG6,GJ6,GM6,GP6) -> 0 | GT6: 20000 | GU6: =GA6+GQ6+GR6+GS6+GT6 -> 20000 | HY6: =SUM(GY6,HB6,HE6,HH6,HK6,HN6,HQ6,HT6,HX6) -> 0 | IO6: =SUM(IB6,IE6,IH6,IK6,IN6) -> 0 | IR6: 20000 | IS6: =HY6+IO6+IP6+IQ6+IR6 -> 20000 | JW6: =SUM(IW6,IZ6,JC6,JF6,JI6,JL6,JO6,JR6,JV6) -> 0 | KM6: =SUM(JZ6,KC6,KF6,KI6,KL6) -> 0 | KP6: 20000 | KQ6: =JW6+KM6+KN6+KO6+KP6 -> 20000
C7: Central Cariboo-Chilcotin | D7: District | E7: 1500 | F7: =IF(ISERROR(G7/E7),"",(G7/E7)) -> 25 | G7: 37500 | H7: 1000 | I7: =IF(ISERROR(J7/H7),"",(J7/H7)) -> 30 | J7: 30000 | K7: 1500 | L7: =IF(ISERROR(M7/K7),"",(M7/K7)) -> 30 | M7: 45000 | O7: =IF(ISERROR(P7/N7),"",(P7/N7)) | Q7: 400 | R7: =IF(ISERROR(S7/Q7),"",(S7/Q7)) -> 100 | S7: 40000 | U7: =IF(ISERROR(V7/T7),"",(V7/T7)) | Z7: 3250000 | AA7: =IF(ISERROR(AB7/Z7),"",(AB7/Z7)) -> 0.39138462 | AB7: 1272000 | AC7: 4000000 | AE7: =IF(ISERROR(AF7/AD7),"",(AF7/AD7)) | AG7: =SUM(G7,J7,M7,P7,S7,V7,AB7,AF7) -> 1424500 | AI7: =IF(ISERROR(AJ7/AH7),"",(AJ7/AH7)) | AL7: =IF(ISERROR(AM7/AK7),"",(AM7/AK7)) | AO7: =IF(ISERROR(AP7/AN7),"",(AP7/AN7)) | AR7: =IF(ISERROR(AS7/AQ7),"",(AS7/AQ7)) | AU7: =IF(ISERROR(AV7/AT7),"0",(AV7/AT7)) -> 0 | AW7: =SUM(AJ7,AM7,AP7,AS7,AV7) -> 0 | AY7: 5000 | AZ7: =SUM(G7,J7,M7,P7,S7,V7,AB7,AF7,AJ7,AM7,AP7,AV7,AS7,AX7)*0.1 -> 142450 | BA7: =AG7+AW7+AX7+AY7+AZ7 -> 1571950 | BD7: =IF(ISERROR(BE7/BC7),"",(BE7/BC7)) | BF7: 200 | BG7: 50 | BH7: 10000 | BI7: 16000 | BJ7: 25 | BK7: 400000 | BL7: 2000 | BM7: =IF(ISERROR(BN7/BL7),"",(BN7/BL7)) -> 10 | BN7: 20000 | BO7: 2200 | BP7: 200 | BQ7: 440000 | BR7: 110 | BS7: 738 | BT7: 81180 | BX7: 4000000 | BY7: =IF(ISERROR(BZ7/BX7),"",(BZ7/BX7)) -> 0.57 | BZ7: 2280000 | CA7: 4000000 | CC7: =IF(ISERROR(CD7/CB7),"",(CD7/CB7)) | CE7: =SUM(BE7,BH7,BK7,BN7,BQ7,BT7,BW7,BZ7,CD7) -> 3231180 | CG7: =IF(ISERROR(CH7/CF7),"",(CH7/CF7)) | CJ7: =IF(ISERROR(CK7/CI7),"",(CK7/CI7)) | CM7: =IF(ISERROR(CN7/CL7),"",(CN7/CL7)) | CP7: =IF(ISERROR(CQ7/CO7),"",(CQ7/CO7)) | CS7: =IF(ISERROR(CT7/CR7),"",(CT7/CR7)) | CU7: =SUM(CH7,CK7,CN7,CQ7,CT7) -> 0 | CW7: 5000 | CX7: =SUM(BE7,BH7,BK7,BN7,BQ7,BT7,BZ7,CD7,CH7,CK7,CN7,CQ7,CT7)*0.1 -> 323118 | CY7: =CE7+CU7+CV7+CW7+CX7 -> 3559298 | DD7: 5000 | DF7: 125000 | DG7: 10000 | DI7: 300000 | DJ7: 1500 | DL7: 15000 | DM7: 500 | DO7: 51000 | DP7: 100 | DR7: 76200 | DV7: 4000000 | DX7: 2280000 | DY7: 4000000 | EC7: =SUM(DC7,DF7,DI7,DL7,DO7,DR7,DU7,DX7,EB7) -> 2847200 | ES7: =SUM(EF7,EI7,EL7,EO7,ER7) -> 0 | EU7: 5000 | EV7: =SUM(DC7,DF7,DI7,DL7,DO7,DR7,DX7,EB7,EF7,EI7,EL7,EO7,ER7)*0.1 -> 284720 | EW7: =EC7+ES7+ET7+EU7+EV7 -> 3136920 | FB7: 5000 | FD7: 125000 | FE7: 5000 | FG7: 125000 | FH7: 1500 | FJ7: 15000 | FK7: 500 | FM7: 125000 | FN7: 100 | FP7: 76200 | FT7: 4000000 | FV7: 2280000 | FW7: 4000000 | GA7: =SUM(FA7,FD7,FG7,FJ7,FM7,FP7,FS7,FV7,FZ7) -> 2746200 | GQ7: =SUM(GD7,GG7,GJ7,GM7,GP7) -> 0 | GS7: 5000 | GT7: =SUM(FA7,FD7,FG7,FJ7,FM7,FP7,FV7,FZ7,GD7,GG7,GJ7,GM7,GP7)*0.1 -> 274620 | GU7: =GA7+GQ7+GR7+GS7+GT7 -> 3025820 | GZ7: 5000 | HB7: 125000 | HC7: 9000 | HE7: 270000 | HF7: 2000 | HH7: 20000 | HI7: 500 | HK7: 125000 | HL7: 100 | HN7: 76200 | HR7: 4000000 | HT7: 2280000 | HU7: 4000000 | HY7: =SUM(GY7,HB7,HE7,HH7,HK7,HN7,HQ7,HT7,HX7) -> 2896200 | IO7: =SUM(IB7,IE7,IH7,IK7,IN7) -> 0 | IQ7: 5000 | IR7: =SUM(GY7,HB7,HE7,HH7,HK7,HN7,HT7,HX7,IB7,IE7,IH7,IK7,IN7)*0.1 -> 289620 | IS7: =HY7+IO7+IP7+IQ7+IR7 -> 3190820 | IX7: 5000 | IZ7: 125000 | JA7: 9000 | JC7: 270000 | JD7: 2000 | JF7: 20000 | JG7: 500 | JI7: 125000 | JJ7: 100 | JL7: 76200 | JP7: 4000000 | JR7: 2280000 | JS7: 4000000 | JW7: =SUM(IW7,IZ7,JC7,JF7,JI7,JL7,JO7,JR7,JV7) -> 2896200 | KM7: =SUM(JZ7,KC7,KF7,KI7,KL7) -> 0 | KO7: 5000 | KP7: =SUM(IW7,IZ7,JC7,JF7,JI7,JL7,JR7,JV7,JZ7,KC7,KF7,KI7,KL7)*0.1 -> 289620 | KQ7: =JW7+KM7+KN7+KO7+KP7 -> 3190820
D8: BCTS | F8: =IF(ISERROR(G8/E8),"",(G8/E8)) | H8: 3500 | I8: =IF(ISERROR(J8/H8),"",(J8/H8)) -> 19 | J8: 66500 | L8: =IF(ISERROR(M8/K8),"",(M8/K8)) | N8: 250 | O8: =IF(ISERROR(P8/N8),"",(P8/N8)) -> 4.8 | P8: 1200 | Q8: 1200 | R8: =IF(ISERROR(S8/Q8),"",(S8/Q8)) -> 96.666667 | S8: 116000 | U8: =IF(ISERROR(V8/T8),"",(V8/T8)) | Z8: 418879 | AA8: =IF(ISERROR(AB8/Z8),"",(AB8/Z8)) -> 0.42399118 | AB8: 177601 | AC8: 600000 | AE8: =IF(ISERROR(AF8/AD8),"",(AF8/AD8)) | AG8: =SUM(G8,J8,M8,P8,S8,V8,AB8,AF8) -> 361301 | AI8: =IF(ISERROR(AJ8/AH8),"",(AJ8/AH8)) | AL8: =IF(ISERROR(AM8/AK8),"",(AM8/AK8)) | AO8: =IF(ISERROR(AP8/AN8),"",(AP8/AN8)) | AR8: =IF(ISERROR(AS8/AQ8),"",(AS8/AQ8)) | AU8: =IF(ISERROR(AV8/AT8),"0",(AV8/AT8)) -> 0 | AW8: =SUM(AJ8,AM8,AP8,AS8,AV8) -> 0 | AZ8: =SUM(G8,J8,M8,P8,S8,V8,AB8,AF8,AJ8,AM8,AP8,AV8,AS8,AX8)*0.1 -> 36130.1 | BA8: =AG8+AW8+AX8+AY8+AZ8 -> 397431.1 | BD8: =IF(ISERROR(BE8/BC8),"",(BE8/BC8)) | BF8: 5000 | BG8: 17 | BH8: 85000 | BJ8: =IF(ISERROR(BK8/BI8),"",(BK8/BI8)) | BL8: 1849 | BM8: 4.38 | BN8: 8109 | BO8: 1000 | BP8: 150 | BQ8: 150000 | BS8: =IF(ISERROR(BT8/BR8),"",(BT8/BR8)) | BX8: 740992 | BY8: =IF(ISERROR(BZ8/BX8),"",(BZ8/BX8)) -> 0.50144401 | BZ8: 371566 | CA8: 500000 | CC8: =IF(ISERROR(CD8/CB8),"",(CD8/CB8)) | CE8: =SUM(BE8,BH8,BK8,BN8,BQ8,BT8,BW8,BZ8,CD8) -> 614675 | CG8: =IF(ISERROR(CH8/CF8),"",(CH8/CF8)) | CJ8: =IF(ISERROR(CK8/CI8),"",(CK8/CI8)) | CL8: 375 | CM8: =IF(ISERROR(CN8/CL8),"",(CN8/CL8)) -> 1298 | CN8: 486750 | CP8: =IF(ISERROR(CQ8/CO8),"",(CQ8/CO8)) | CS8: =IF(ISERROR(CT8/CR8),"",(CT8/CR8)) | CU8: =SUM(CH8,CK8,CN8,CQ8,CT8) -> 486750 | CX8: =SUM(BE8,BH8,BK8,BN8,BQ8,BT8,BZ8,CD8,CH8,CK8,CN8,CQ8,CT8)*0.1 -> 110142.5 | CY8: =CE8+CU8+CV8+CW8+CX8 -> 1211567.5 | DD8: 3000 | DE8: 20 | DF8: 60000 | DJ8: 1200 | DK8: 6.25 | DL8: 7500 | DM8: 1000 | DN8: 150 | DO8: 150000 | DV8: 600000 | DW8: 0.45 | DX8: 270000 | DY8: 500000 | EC8: =SUM(DC8,DF8,DI8,DL8,DO8,DR8,DU8,DX8,EB8) -> 487500 | EJ8: 375 | EK8: 1298 | EL8: 486750 | ES8: =SUM(EF8,EI8,EL8,EO8,ER8) -> 486750 | EV8: =SUM(DC8,DF8,DI8,DL8,DO8,DR8,DX8,EB8,EF8,EI8,EL8,EO8,ER8)*0.1 -> 97425 | EW8: =EC8+ES8+ET8+EU8+EV8 -> 1071675 | FB8: 2000 | FC8: 20 | FD8: 40000 | FH8: 622 | FI8: 15 | FJ8: 9330 | FK8: 750 | FL8: 150 | FM8: 112500 | FT8: 500000 | FU8: 0.5 | FV8: 250000 | FW8: 500000 | GA8: =SUM(FA8,FD8,FG8,FJ8,FM8,FP8,FS8,FV8,FZ8) -> 411830 | GH8: 375 | GI8: 1298 | GJ8: 486750 | GQ8: =SUM(GD8,GG8,GJ8,GM8,GP8) -> 486750 | GT8: =SUM(FA8,FD8,FG8,FJ8,FM8,FP8,FV8,FZ8,GD8,GG8,GJ8,GM8,GP8)*0.1 -> 89858 | GU8: =GA8+GQ8+GR8+GS8+GT8 -> 988438 | GZ8: 1500 | HA8: 20 | HB8: 30000 | HF8: 1000 | HG8: 15 | HH8: 15000 | HI8: 150 | HJ8: 160 | HK8: 24000 | HR8: 500000 | HS8: 0.5 | HT8: 250000 | HU8: 500000 | HY8: =SUM(GY8,HB8,HE8,HH8,HK8,HN8,HQ8,HT8,HX8) -> 319000 | IF8: 375 | IH8: 486750 | IO8: =SUM(IB8,IE8,IH8,IK8,IN8) -> 486750 | IR8: =SUM(GY8,HB8,HE8,HH8,HK8,HN8,HT8,HX8,IB8,IE8,IH8,IK8,IN8)*0.1 -> 80575 | IS8: =HY8+IO8+IP8+IQ8+IR8 -> 886325 | IX8: 1500 | IY8: 20 | IZ8: 30000 | JD8: 1000 | JE8: 15 | JF8: 15000 | JG8: 150 | JH8: 160 | JI8: 24000 | JP8: 500000 | JQ8: 0.5 | JR8: 250000 | JS8: 500000 | JW8: =SUM(IW8,IZ8,JC8,JF8,JI8,JL8,JO8,JR8,JV8) -> 319000 | KD8: 375 | KF8: 486750 | KM8: =SUM(JZ8,KC8,KF8,KI8,KL8) -> 486750 | KP8: =SUM(IW8,IZ8,JC8,JF8,JI8,JL8,JR8,JV8,JZ8,KC8,KF8,KI8,KL8)*0.1 -> 80575 | KQ8: =JW8+KM8+KN8+KO8+KP8 -> 886325
D9: Recipient - WFM | F9: =IF(ISERROR(G9/E9),"",(G9/E9)) | I9: =IF(ISERROR(J9/H9),"",(J9/H9)) | L9: =IF(ISERROR(M9/K9),"",(M9/K9)) | O9: =IF(ISERROR(P9/N9),"",(P9/N9)) | R9: =IF(ISERROR(S9/Q9),"",(S9/Q9)) | U9: =IF(ISERROR(V9/T9),"",(V9/T9)) | AA9: =IF(ISERROR(AB9/Z9),"",(AB9/Z9)) | AE9: =IF(ISERROR(AF9/AD9),"",(AF9/AD9)) | AG9: =SUM(G9,J9,M9,P9,S9,V9,AB9,AF9) -> 0 | AI9: =IF(ISERROR(AJ9/AH9),"",(AJ9/AH9)) | AL9: =IF(ISERROR(AM9/AK9),"",(AM9/AK9)) | AO9: =IF(ISERROR(AP9/AN9),"",(AP9/AN9)) | AU9: =IF(ISERROR(AV9/AT9),"0",(AV9/AT9)) -> 0 | AW9: =SUM(AJ9,AM9,AP9,AS9,AV9) -> 0 | AZ9: =SUM(G9,J9,M9,P9,S9,V9,AB9,AF9,AJ9,AM9,AP9,AV9,AS9,AX9)*0.1 -> 0 | BA9: =AG9+AW9+AX9+AY9+AZ9 -> 0 | BD9: =IF(ISERROR(BE9/BC9),"",(BE9/BC9)) | BG9: =IF(ISERROR(BH9/BF9),"",(BH9/BF9)) | BJ9: =IF(ISERROR(BK9/BI9),"",(BK9/BI9)) | BM9: =IF(ISERROR(BN9/BL9),"",(BN9/BL9)) | BP9: =IF(ISERROR(BQ9/BO9),"",(BQ9/BO9)) | BS9: =IF(ISERROR(BT9/BR9),"",(BT9/BR9)) | BY9: =IF(ISERROR(BZ9/BX9),"",(BZ9/BX9)) | CC9: =IF(ISERROR(CD9/CB9),"",(CD9/CB9)) | CE9: =SUM(BE9,BH9,BK9,BN9,BQ9,BT9,BW9,BZ9,CD9) -> 0 | CF9: 3000 | CG9: 50 | CH9: 150000 | CJ9: =IF(ISERROR(CK9/CI9),"",(CK9/CI9)) | CL9: 375 | CM9: =IF(ISERROR(CN9/CL9),"",(CN9/CL9)) -> 1298 | CN9: 486750 | CP9: =IF(ISERROR(CQ9/CO9),"",(CQ9/CO9)) | CS9: =IF(ISERROR(CT9/CR9),"",(CT9/CR9)) | CU9: =SUM(CH9,CK9,CN9,CQ9,CT9) -> 636750 | CX9: =SUM(BE9,BH9,BK9,BN9,BQ9,BT9,BZ9,CD9,CH9,CK9,CN9,CQ9,CT9)*0.1 -> 63675 | CY9: =CE9+CU9+CV9+CW9+CX9 -> 700425 | EC9: =SUM(DC9,DF9,DI9,DL9,DO9,DR9,DU9,DX9,EB9) -> 0 | ED9: 3000 | EF9: 150000 | EJ9: 375 | EL9: 486750 | ES9: =SUM(EF9,EI9,EL9,EO9,ER9) -> 636750 | EV9: =SUM(DC9,DF9,DI9,DL9,DO9,DR9,DX9,EB9,EF9,EI9,EL9,EO9,ER9)*0.1 -> 63675 | EW9: =EC9+ES9+ET9+EU9+EV9 -> 700425 | GA9: =SUM(FA9,FD9,FG9,FJ9,FM9,FP9,FS9,FV9,FZ9) -> 0 | GB9: 3000 | GD9: 150000 | GH9: 375 | GJ9: 486750 | GQ9: =SUM(GD9,GG9,GJ9,GM9,GP9) -> 636750 | GT9: =SUM(FA9,FD9,FG9,FJ9,FM9,FP9,FV9,FZ9,GD9,GG9,GJ9,GM9,GP9)*0.1 -> 63675 | GU9: =GA9+GQ9+GR9+GS9+GT9 -> 700425 | HY9: =SUM(GY9,HB9,HE9,HH9,HK9,HN9,HQ9,HT9,HX9) -> 0 | HZ9: 3000 | IB9: 150000 | IF9: 375 | IH9: 486750 | IO9: =SUM(IB9,IE9,IH9,IK9,IN9) -> 636750 | IR9: =SUM(GY9,HB9,HE9,HH9,HK9,HN9,HT9,HX9,IB9,IE9,IH9,IK9,IN9)*0.1 -> 63675 | IS9: =HY9+IO9+IP9+IQ9+IR9 -> 700425 | JW9: =SUM(IW9,IZ9,JC9,JF9,JI9,JL9,JO9,JR9,JV9) -> 0 | JX9: 3000 | JZ9: 150000 | KD9: 375 | KF9: 486750 | KM9: =SUM(JZ9,KC9,KF9,KI9,KL9) -> 636750 | KP9: =SUM(IW9,IZ9,JC9,JF9,JI9,JL9,JR9,JV9,JZ9,KC9,KF9,KI9,KL9)*0.1 -> 63675 | KQ9: =JW9+KM9+KN9+KO9+KP9 -> 700425
D10: Recipient - Tolko | CE10: =SUM(BE10,BH10,BK10,BN10,BQ10,BT10,BW10,BZ10,CD10) -> 0 | CF10: 1900 | CG10: 24 | CH10: 45600 | CO10: 1700 | CP10: 163 | CQ10: 277100 | CU10: =SUM(CH10,CK10,CN10,CQ10,CT10) -> 322700 | CX10: =SUM(BE10,BH10,BK10,BN10,BQ10,BT10,BZ10,CD10,CH10,CK10,CN10,CQ10,CT10)*0.1 -> 32270 | CY10: =CE10+CU10+CV10+CW10+CX10 -> 354970 | EC10: =SUM(DC10,DF10,DI10,DL10,DO10,DR10,DU10,DX10,EB10) -> 0 | ED10: 1900 | EF10: 45600 | EM10: 1700 | EO10: 277100 | ES10: =SUM(EF10,EI10,EL10,EO10,ER10) -> 322700 | EV10: =SUM(DC10,DF10,DI10,DL10,DO10,DR10,DX10,EB10,EF10,EI10,EL10,EO10,ER10)*0.1 -> 32270 | EW10: =EC10+ES10+ET10+EU10+EV10 -> 354970 | GA10: =SUM(FA10,FD10,FG10,FJ10,FM10,FP10,FS10,FV10,FZ10) -> 0 | GB10: 1900 | GD10: 45600 | GK10: 1700 | GM10: 277100 | GQ10: =SUM(GD10,GG10,GJ10,GM10,GP10) -> 322700 | GT10: =SUM(FA10,FD10,FG10,FJ10,FM10,FP10,FV10,FZ10,GD10,GG10,GJ10,GM10,GP10)*0.1 -> 32270 | GU10: =GA10+GQ10+GR10+GS10+GT10 -> 354970 | HY10: =SUM(GY10,HB10,HE10,HH10,HK10,HN10,HQ10,HT10,HX10) -> 0 | HZ10: 1900 | IB10: 45600 | II10: 1700 | IK10: 277100 | IO10: =SUM(IB10,IE10,IH10,IK10,IN10) -> 322700 | IR10: =SUM(GY10,HB10,HE10,HH10,HK10,HN10,HT10,HX10,IB10,IE10,IH10,IK10,IN10)*0.1 -> 32270 | IS10: =HY10+IO10+IP10+IQ10+IR10 -> 354970 | JW10: =SUM(IW10,IZ10,JC10,JF10,JI10,JL10,JO10,JR10,JV10) -> 0 | JX10: 1900 | JZ10: 45600 | KG10: 1700 | KI10: 277100 | KM10: =SUM(JZ10,KC10,KF10,KI10,KL10) -> 322700 | KP10: =SUM(IW10,IZ10,JC10,JF10,JI10,JL10,JR10,JV10,JZ10,KC10,KF10,KI10,KL10)*0.1 -> 32270 | KQ10: =JW10+KM10+KN10+KO10+KP10 -> 354970
D11: Esketemc CF | CE11: =SUM(BE11,BH11,BK11,BN11,BQ11,BT11,BW11,BZ11,CD11) -> 0 | CF11: 300 | CG11: 15 | CH11: 4500 | CL11: 300 | CM11: 1000 | CN11: 300000 | CU11: =SUM(CH11,CK11,CN11,CQ11,CT11) -> 304500 | CX11: 30450 | CY11: =CE11+CU11+CV11+CW11+CX11 -> 334950 | EC11: =SUM(DC11,DF11,DI11,DL11,DO11,DR11,DU11,DX11,EB11) -> 0 | ED11: 300 | EE11: 15 | EF11: 4500 | EJ11: 300 | EK11: 1000 | EL11: 300000 | ES11: =SUM(EF11,EI11,EL11,EO11,ER11) -> 304500 | EV11: 30450 | EW11: =EC11+ES11+ET11+EU11+EV11 -> 334950 | GA11: =SUM(FA11,FD11,FG11,FJ11,FM11,FP11,FS11,FV11,FZ11) -> 0 | GB11: 300 | GC11: 15 | GD11: 4500 | GH11: 300 | GI11: 1000 | GJ11: 300000 | GQ11: =SUM(GD11,GG11,GJ11,GM11,GP11) -> 304500 | GT11: 30450 | GU11: =GA11+GQ11+GR11+GS11+GT11 -> 334950 | HY11: =SUM(GY11,HB11,HE11,HH11,HK11,HN11,HQ11,HT11,HX11) -> 0 | HZ11: 300 | IA11: 15 | IB11: 4500 | IF11: 300 | IG11: 1000 | IH11: 300000 | IO11: =SUM(IB11,IE11,IH11,IK11,IN11) -> 304500 | IR11: 30450 | IS11: =HY11+IO11+IP11+IQ11+IR11 -> 334950 | JW11: =SUM(IW11,IZ11,JC11,JF11,JI11,JL11,JO11,JR11,JV11) -> 0 | JX11: 300 | JY11: 15 | JZ11: 4500 | KD11: 300 | KE11: 1000 | KF11: 300000 | KM11: =SUM(JZ11,KC11,KF11,KI11,KL11) -> 304500 | KP11: 30450 | KQ11: =JW11+KM11+KN11+KO11+KP11 -> 334950
D12: Likely CF | BF12: 268 | BG12: 72.05 | BH12: 19310 | CA12: 172080 | CE12: =SUM(BE12,BH12,BK12,BN12,BQ12,BT12,BW12,BZ12,CD12) -> 19310 | CF12: 792 | CG12: 30.5 | CH12: 24133 | CU12: =SUM(CH12,CK12,CN12,CQ12,CT12) -> 24133 | CX12: 4344 | CY12: =CE12+CU12+CV12+CW12+CX12 -> 47787 | CZ12: Sowing for Non-obligation planting on mpb nsr and backlog | DM12: 50 | DN12: 1208 | DO12: 60420 | EC12: =SUM(DC12,DF12,DI12,DL12,DO12,DR12,DU12,DX12,EB12) -> 60420 | ES12: =SUM(EF12,EI12,EL12,EO12,ER12) -> 0 | EV12: 6042 | EW12: =EC12+ES12+ET12+EU12+EV12 -> 66462 | FN12: 143 | FO12: 885 | FP12: 126995 | FT12: 172080 | FU12: 0.68 | FV12: 117702 | GA12: =SUM(FA12,FD12,FG12,FJ12,FM12,FP12,FS12,FV12,FZ12) -> 244697 | GQ12: =SUM(GD12,GG12,GJ12,GM12,GP12) -> 0 | GT12: 24469.7 | GU12: =GA12+GQ12+GR12+GS12+GT12 -> 269166.7 | HY12: =SUM(GY12,HB12,HE12,HH12,HK12,HN12,HQ12,HT12,HX12) -> 0 | IO12: =SUM(IB12,IE12,IH12,IK12,IN12) -> 0 | IS12: =HY12+IO12+IP12+IQ12+IR12 -> 0 | JW12: =SUM(IW12,IZ12,JC12,JF12,JI12,JL12,JO12,JR12,JV12) -> 0 | KM12: =SUM(JZ12,KC12,KF12,KI12,KL12) -> 0 | KQ12: =JW12+KM12+KN12+KO12+KP12 -> 0
D13: Cariboo WLA | BX13: 13600 | BZ13: 13524 | CE13: =SUM(BE13,BH13,BK13,BN13,BQ13,BT13,BW13,BZ13,CD13) -> 13524 | CF13: 400 | CG13: 28.12 | CH13: 11248 | CL13: 150 | CM13: 1150 | CN13: 172500 | CU13: =SUM(CH13,CK13,CN13,CQ13,CT13) -> 183748 | CX13: =SUM(BE13,BH13,BK13,BN13,BQ13,BT13,BZ13,CD13,CH13,CK13,CN13,CQ13,CT13)*0.1 -> 19727.2 | CY13: =CE13+CU13+CV13+CW13+CX13 -> 216999.2 | CZ13: Non obligation planting includes seedling purchase, site prep | EC13: =SUM(DC13,DF13,DI13,DL13,DO13,DR13,DU13,DX13,EB13) -> 0 | ES13: =SUM(EF13,EI13,EL13,EO13,ER13) -> 0 | EW13: =EC13+ES13+ET13+EU13+EV13 -> 0 | GA13: =SUM(FA13,FD13,FG13,FJ13,FM13,FP13,FS13,FV13,FZ13) -> 0 | GQ13: =SUM(GD13,GG13,GJ13,GM13,GP13) -> 0 | GU13: =GA13+GQ13+GR13+GS13+GT13 -> 0 | HY13: =SUM(GY13,HB13,HE13,HH13,HK13,HN13,HQ13,HT13,HX13) -> 0 | IO13: =SUM(IB13,IE13,IH13,IK13,IN13) -> 0 | IS13: =HY13+IO13+IP13+IQ13+IR13 -> 0 | JW13: =SUM(IW13,IZ13,JC13,JF13,JI13,JL13,JO13,JR13,JV13) -> 0 | KM13: =SUM(JZ13,KC13,KF13,KI13,KL13) -> 0 | KQ13: =JW13+KM13+KN13+KO13+KP13 -> 0
D14: TFL | F14: =IF(ISERROR(G14/E14),"",(G14/E14)) | I14: =IF(ISERROR(J14/H14),"",(J14/H14)) | L14: =IF(ISERROR(M14/K14),"",(M14/K14)) | O14: =IF(ISERROR(P14/N14),"",(P14/N14)) | R14: =IF(ISERROR(S14/Q14),"",(S14/Q14)) | U14: =IF(ISERROR(V14/T14),"",(V14/T14)) | AA14: =IF(ISERROR(AB14/Z14),"",(AB14/Z14)) | AE14: =IF(ISERROR(AF14/AD14),"",(AF14/AD14)) | AG14: =SUM(G14,J14,M14,P14,S14,V14,AB14,AF14) -> 0 | AI14: =IF(ISERROR(AJ14/AH14),"",(AJ14/AH14)) | AL14: =IF(ISERROR(AM14/AK14),"",(AM14/AK14)) | AO14: =IF(ISERROR(AP14/AN14),"",(AP14/AN14)) | AR14: =IF(ISERROR(AS14/AQ14),"",(AS14/AQ14)) | AU14: =IF(ISERROR(AV14/AT14),"0",(AV14/AT14)) -> 0 | AW14: =SUM(AJ14,AM14,AP14,AS14,AV14) -> 0 | AZ14: =SUM(G14,J14,M14,P14,S14,V14,AB14,AF14,AJ14,AM14,AP14,AV14,AS14,AX14)*0.1 -> 0 | BA14: =AG14+AW14+AX14+AY14+AZ14 -> 0 | BD14: =IF(ISERROR(BE14/BC14),"",(BE14/BC14)) | BG14: =IF(ISERROR(BH14/BF14),"",(BH14/BF14)) | BJ14: =IF(ISERROR(BK14/BI14),"",(BK14/BI14)) | BM14: =IF(ISERROR(BN14/BL14),"",(BN14/BL14)) | BP14: =IF(ISERROR(BQ14/BO14),"",(BQ14/BO14)) | BS14: =IF(ISERROR(BT14/BR14),"",(BT14/BR14)) | BY14: =IF(ISERROR(BZ14/BX14),"",(BZ14/BX14)) | CC14: =IF(ISERROR(CD14/CB14),"",(CD14/CB14)) | CE14: =SUM(BE14,BH14,BK14,BN14,BQ14,BT14,BW14,BZ14,CD14) -> 0 | CG14: =IF(ISERROR(CH14/CF14),"",(CH14/CF14)) | CJ14: =IF(ISERROR(CK14/CI14),"",(CK14/CI14)) | CM14: =IF(ISERROR(CN14/CL14),"",(CN14/CL14)) | CP14: =IF(ISERROR(CQ14/CO14),"",(CQ14/CO14)) | CS14: =IF(ISERROR(CT14/CR14),"",(CT14/CR14)) | CU14: =SUM(CH14,CK14,CN14,CQ14,CT14) -> 0 | CX14: =SUM(BE14,BH14,BK14,BN14,BQ14,BT14,BZ14,CD14,CH14,CK14,CN14,CQ14,CT14)*0.1 -> 0 | CY14: =CE14+CU14+CV14+CW14+CX14 -> 0 | EC14: =SUM(DC14,DF14,DI14,DL14,DO14,DR14,DU14,DX14,EB14) -> 0 | ES14: =SUM(EF14,EI14,EL14,EO14,ER14) -> 0 | EV14: =SUM(DC14,DF14,DI14,DL14,DO14,DR14,DX14,EB14,EF14,EI14,EL14,EO14,ER14)*0.1 -> 0 | EW14: =EC14+ES14+ET14+EU14+EV14 -> 0 | GA14: =SUM(FA14,FD14,FG14,FJ14,FM14,FP14,FS14,FV14,FZ14) -> 0 | GQ14: =SUM(GD14,GG14,GJ14,GM14,GP14) -> 0 | GT14: =SUM(FA14,FD14,FG14,FJ14,FM14,FP14,FV14,FZ14,GD14,GG14,GJ14,GM14,GP14)*0.1 -> 0 | GU14: =GA14+GQ14+GR14+GS14+GT14 -> 0 | HY14: =SUM(GY14,HB14,HE14,HH14,HK14,HN14,HQ14,HT14,HX14) -> 0 | IO14: =SUM(IB14,IE14,IH14,IK14,IN14) -> 0 | IR14: =SUM(GY14,HB14,HE14,HH14,HK14,HN14,HT14,HX14,IB14,IE14,IH14,IK14,IN14)*0.1 -> 0 | IS14: =HY14+IO14+IP14+IQ14+IR14 -> 0 | JW14: =SUM(IW14,IZ14,JC14,JF14,JI14,JL14,JO14,JR14,JV14) -> 0 | KM14: =SUM(JZ14,KC14,KF14,KI14,KL14) -> 0 | KP14: =SUM(IW14,IZ14,JC14,JF14,JI14,JL14,JR14,JV14,JZ14,KC14,KF14,KI14,KL14)*0.1 -> 0 | KQ14: =JW14+KM14+KN14+KO14+KP14 -> 0
C15: District Total | E15: =SUM(E7:E14) -> 1500 | F15: =G15/E15 -> 25 | G15: =SUM(G7:G14) -> 37500 | H15: =SUM(H7:H14) -> 4500 | I15: =IF(ISERROR(J15/H15),"",(J15/H15)) -> 21.444444 | J15: =SUM(J7:J14) -> 96500 | K15: =SUM(K7:K14) -> 1500 | L15: =IF(ISERROR(M15/K15),"",(M15/K15)) -> 30 | M15: =SUM(M7:M14) -> 45000 | N15: =SUM(N7:N14) -> 250 | O15: =IF(ISERROR(P15/N15),"",(P15/N15)) -> 4.8 | P15: =SUM(P7:P14) -> 1200 | Q15: =SUM(Q7:Q14) -> 1600 | R15: =IF(ISERROR(S15/Q15),"",(S15/Q15)) -> 97.5 | S15: =SUM(S7:S14) -> 156000 | T15: =SUM(T7:T14) -> 0 | U15: =IF(ISERROR(V15/T15),"",(V15/T15)) | V15: =SUM(V7:V14) -> 0 | W15: =SUM(W7:W14) -> 0 | X15: =SUM(X7:X14) -> 0 | Y15: =SUM(Y7:Y14) -> 0 | Z15: =SUM(Z7:Z14) -> 3668879 | AA15: =IF(ISERROR(AB15/Z15),"",(AB15/Z15)) -> 0.39510733 | AB15: =SUM(AB7:AB14) -> 1449601 | AC15: =SUM(AC7:AC14) -> 4600000 | AD15: =SUM(AD7:AD14) -> 0 | AE15: =IF(ISERROR(AF15/AD15),"",(AF15/AD15)) | AF15: =SUM(AF7:AF14) -> 0 | AG15: =SUM(AG7:AG14) -> 1785801 | AH15: =SUM(AH7:AH14) -> 0 | AI15: =IF(ISERROR(AJ15/AH15),"",(AJ15/AH15)) | AJ15: =SUM(AJ7:AJ14) -> 0 | AK15: =SUM(AK7:AK14) -> 0 | AL15: =IF(ISERROR(AM15/AK15),"",(AM15/AK15)) | AM15: =SUM(AM7:AM14) -> 0 | AN15: =SUM(AN7:AN14) -> 0 | AO15: =IF(ISERROR(AP15/AN15),"",(AP15/AN15)) | AP15: =SUM(AP7:AP14) -> 0 | AQ15: =SUM(AQ7:AQ14) -> 0 | AR15: =IF(ISERROR(AS15/AQ15),"",(AS15/AQ15)) | AS15: =SUM(AS7:AS14) -> 0 | AT15: =SUM(AT7:AT14) -> 0 | AU15: =IF(ISERROR(AV15/AT15),"0",(AV15/AT15)) -> 0 | AV15: =SUM(AV7:AV14) -> 0 | AW15: =SUM(AW7:AW14) -> 0 | AX15: =SUM(AX7:AX14) -> 0 | AY15: =SUM(AY7:AY14) -> 5000 | AZ15: =SUM(AZ7:AZ14) -> 178580.1 | BA15: =SUM(BA7:BA14) -> 1969381.1 | BC15: =SUM(BC7:BC14) -> 0 | BD15: =IF(ISERROR(BE15/BC15),"",(BE15/BC15)) | BE15: =SUM(BE7:BE14) -> 0 | BF15: =SUM(BF7:BF14) -> 5468 | BG15: =IF(ISERROR(BH15/BF15),"",(BH15/BF15)) -> 20.905267 | BH15: =SUM(BH7:BH14) -> 114310 | BI15: =SUM(BI7:BI14) -> 16000 | BJ15: =IF(ISERROR(BK15/BI15),"",(BK15/BI15)) -> 25 | BK15: =SUM(BK7:BK14) -> 400000 | BL15: =SUM(BL7:BL14) -> 3849 | BM15: =IF(ISERROR(BN15/BL15),"",(BN15/BL15)) -> 7.3029358 | BN15: =SUM(BN7:BN14) -> 28109 | BO15: =SUM(BO7:BO14) -> 3200 | BP15: =IF(ISERROR(BQ15/BO15),"",(BQ15/BO15)) -> 184.375 | BQ15: =SUM(BQ7:BQ14) -> 590000 | BR15: =SUM(BR7:BR14) -> 110 | BS15: =IF(ISERROR(BT15/BR15),"",(BT15/BR15)) -> 738 | BT15: =SUM(BT7:BT14) -> 81180 | BU15: =SUM(BU7:BU14) -> 0 | BV15: =SUM(BV7:BV14) -> 0 | BW15: =SUM(BW7:BW14) -> 0 | BX15: =SUM(BX7:BX14) -> 4754592 | BY15: =IF(ISERROR(BZ15/BX15),"",(BZ15/BX15)) -> 0.56052969 | BZ15: =SUM(BZ7:BZ14) -> 2665090 | CA15: =SUM(CA7:CA14) -> 4672080 | CB15: =SUM(CB7:CB14) -> 0 | CC15: =IF(ISERROR(CD15/CB15),"",(CD15/CB15)) | CD15: =SUM(CD7:CD14) -> 0 | CE15: =SUM(BE15,BH15,BK15,BN15,BQ15,BT15,BW15,BZ15,CD15) -> 3878689 | CF15: =SUM(CF7:CF14) -> 6392 | CG15: =IF(ISERROR(CH15/CF15),"",(CH15/CF15)) -> 36.839956 | CH15: =SUM(CH7:CH14) -> 235481 | CI15: =SUM(CI7:CI14) -> 0 | CJ15: =IF(ISERROR(CK15/CI15),"",(CK15/CI15)) | CK15: =SUM(CK7:CK14) -> 0 | CL15: =SUM(CL7:CL14) -> 1200 | CM15: =IF(ISERROR(CN15/CL15),"",(CN15/CL15)) -> 1205 | CN15: =SUM(CN7:CN14) -> 1446000 | CO15: =SUM(CO7:CO14) -> 1700 | CP15: =IF(ISERROR(CQ15/CO15),"",(CQ15/CO15)) -> 163 | CQ15: =SUM(CQ7:CQ14) -> 277100 | CR15: =SUM(CR7:CR14) -> 0 | CS15: =IF(ISERROR(CT15/CR15),"",(CT15/CR15)) | CT15: =SUM(CT7:CT14) -> 0 | CU15: =SUM(CH15,CK15,CN15,CQ15,CT15) -> 1958581 | CV15: =SUM(CV7:CV14) -> 0 | CW15: =SUM(CW7:CW14) -> 5000 | CX15: =SUM(CX7:CX14) -> 583726.7 | CY15: =CE15+CU15+CV15+CW15+CX15 -> 6425996.7 | DA15: =SUM(DA7:DA14) -> 0 | DC15: =SUM(DC7:DC14) -> 0 | DD15: =SUM(DD7:DD14) -> 8000 | DF15: =SUM(DF7:DF14) -> 185000 | DG15: =SUM(DG7:DG14) -> 10000 | DI15: =SUM(DI7:DI14) -> 300000 | DJ15: =SUM(DJ7:DJ14) -> 2700 | DL15: =SUM(DL7:DL14) -> 22500 | DM15: =SUM(DM7:DM14) -> 1550 | DO15: =SUM(DO7:DO14) -> 261420 | DP15: =SUM(DP7:DP14) -> 100 | DR15: =SUM(DR7:DR14) -> 76200 | DS15: =SUM(DS7:DS14) -> 0 | DT15: =SUM(DT7:DT14) -> 0 | DU15: =SUM(DU7:DU14) -> 0 | DV15: =SUM(DV7:DV14) -> 4600000 | DX15: =SUM(DX7:DX14) -> 2550000 | DY15: =SUM(DY7:DY14) -> 4500000 | DZ15: =SUM(DZ7:DZ14) -> 0 | EB15: =SUM(EB7:EB14) -> 0 | EC15: =SUM(DC15,DF15,DI15,DL15,DO15,DR15,DU15,DX15,EB15) -> 3395120 | ED15: =SUM(ED7:ED14) -> 5200 | EF15: =SUM(EF7:EF14) -> 200100 | EG15: =SUM(EG7:EG14) -> 0 | EI15: =SUM(EI7:EI14) -> 0 | EJ15: =SUM(EJ7:EJ14) -> 1050 | EL15: =SUM(EL7:EL14) -> 1273500 | EM15: =SUM(EM7:EM14) -> 1700 | EO15: =SUM(EO7:EO14) -> 277100 | EP15: =SUM(EP7:EP14) -> 0 | ER15: =SUM(ER7:ER14) -> 0 | ES15: =SUM(EF15,EI15,EL15,EO15,ER15) -> 1750700 | ET15: =SUM(ET7:ET14) -> 0 | EU15: =SUM(EU7:EU14) -> 5000 | EV15: =SUM(EV7:EV14) -> 514582 | EW15: =EC15+ES15+ET15+EU15+EV15 -> 5665402 | EY15: =SUM(EY7:EY14) -> 0 | FA15: =SUM(FA7:FA14) -> 0 | FB15: =SUM(FB7:FB14) -> 7000 | FD15: =SUM(FD7:FD14) -> 165000 | FE15: =SUM(FE7:FE14) -> 5000 | FG15: =SUM(FG7:FG14) -> 125000 | FH15: =SUM(FH7:FH14) -> 2122 | FJ15: =SUM(FJ7:FJ14) -> 24330 | FK15: =SUM(FK7:FK14) -> 1250 | FM15: =SUM(FM7:FM14) -> 237500 | FN15: =SUM(FN7:FN14) -> 243 | FP15: =SUM(FP7:FP14) -> 203195 | FQ15: =SUM(FQ7:FQ14) -> 0 | FR15: =SUM(FR7:FR14) -> 0 | FS15: =SUM(FS7:FS14) -> 0 | FT15: =SUM(FT7:FT14) -> 4672080 | FV15: =SUM(FV7:FV14) -> 2647702 | FW15: =SUM(FW7:FW14) -> 4500000 | FX15: =SUM(FX7:FX14) -> 0 | FZ15: =SUM(FZ7:FZ14) -> 0 | GA15: =SUM(FA15,FD15,FG15,FJ15,FM15,FP15,FS15,FV15,FZ15) -> 3402727 | GB15: =SUM(GB7:GB14) -> 5200 | GD15: =SUM(GD7:GD14) -> 200100 | GE15: =SUM(GE7:GE14) -> 0 | GG15: =SUM(GG7:GG14) -> 0 | GH15: =SUM(GH7:GH14) -> 1050 | GJ15: =SUM(GJ7:GJ14) -> 1273500 | GK15: =SUM(GK7:GK14) -> 1700 | GM15: =SUM(GM7:GM14) -> 277100 | GN15: =SUM(GN7:GN14) -> 0 | GP15: =SUM(GP7:GP14) -> 0 | GQ15: =SUM(GD15,GG15,GJ15,GM15,GP15) -> 1750700 | GR15: =SUM(GR7:GR14) -> 0 | GS15: =SUM(GS7:GS14) -> 5000 | GT15: =SUM(GT7:GT14) -> 515342.7 | GU15: =GA15+GQ15+GR15+GS15+GT15 -> 5673769.7 | GW15: =SUM(GW7:GW14) -> 0 | GY15: =SUM(GY7:GY14) -> 0 | GZ15: =SUM(GZ7:GZ14) -> 6500 | HB15: =SUM(HB7:HB14) -> 155000 | HC15: =SUM(HC7:HC14) -> 9000 | HE15: =SUM(HE7:HE14) -> 270000 | HF15: =SUM(HF7:HF14) -> 3000 | HH15: =SUM(HH7:HH14) -> 35000 | HI15: =SUM(HI7:HI14) -> 650 | HK15: =SUM(HK7:HK14) -> 149000 | HL15: =SUM(HL7:HL14) -> 100 | HN15: =SUM(HN7:HN14) -> 76200 | HO15: =SUM(HO7:HO14) -> 0 | HP15: =SUM(HP7:HP14) -> 0 | HQ15: =SUM(HQ7:HQ14) -> 0 | HR15: =SUM(HR7:HR14) -> 4500000 | HT15: =SUM(HT7:HT14) -> 2530000 | HU15: =SUM(HU7:HU14) -> 4500000 | HV15: =SUM(HV7:HV14) -> 0 | HX15: =SUM(HX7:HX14) -> 0 | HY15: =SUM(GY15,HB15,HE15,HH15,HK15,HN15,HQ15,HT15,HX15) -> 3215200 | HZ15: =SUM(HZ7:HZ14) -> 5200 | IB15: =SUM(IB7:IB14) -> 200100 | IC15: =SUM(IC7:IC14) -> 0 | IE15: =SUM(IE7:IE14) -> 0 | IF15: =SUM(IF7:IF14) -> 1050 | IH15: =SUM(IH7:IH14) -> 1273500 | II15: =SUM(II7:II14) -> 1700 | IK15: =SUM(IK7:IK14) -> 277100 | IL15: =SUM(IL7:IL14) -> 0 | IN15: =SUM(IN7:IN14) -> 0 | IO15: =SUM(IB15,IE15,IH15,IK15,IN15) -> 1750700 | IP15: =SUM(IP7:IP14) -> 0 | IQ15: =SUM(IQ7:IQ14) -> 5000 | IR15: =SUM(IR7:IR14) -> 496590 | IS15: =HY15+IO15+IP15+IQ15+IR15 -> 5467490 | IU15: =SUM(IU7:IU14) -> 0 | IW15: =SUM(IW7:IW14) -> 0 | IX15: =SUM(IX7:IX14) -> 6500 | IZ15: =SUM(IZ7:IZ14) -> 155000 | JA15: =SUM(JA7:JA14) -> 9000 | JC15: =SUM(JC7:JC14) -> 270000 | JD15: =SUM(JD7:JD14) -> 3000 | JF15: =SUM(JF7:JF14) -> 35000 | JG15: =SUM(JG7:JG14) -> 650 | JI15: =SUM(JI7:JI14) -> 149000 | JJ15: =SUM(JJ7:JJ14) -> 100 | JL15: =SUM(JL7:JL14) -> 76200 | JM15: =SUM(JM7:JM14) -> 0 | JN15: =SUM(JN7:JN14) -> 0 | JO15: =SUM(JO7:JO14) -> 0 | JP15: =SUM(JP7:JP14) -> 4500000 | JR15: =SUM(JR7:JR14) -> 2530000 | JS15: =SUM(JS7:JS14) -> 4500000 | JT15: =SUM(JT7:JT14) -> 0 | JV15: =SUM(JV7:JV14) -> 0 | JW15: =SUM(IW15,IZ15,JC15,JF15,JI15,JL15,JO15,JR15,JV15) -> 3215200 | JX15: =SUM(JX7:JX14) -> 5200 | JZ15: =SUM(JZ7:JZ14) -> 200100 | KA15: =SUM(KA7:KA14) -> 0 | KC15: =SUM(KC7:KC14) -> 0 | KD15: =SUM(KD7:KD14) -> 1050 | KF15: =SUM(KF7:KF14) -> 1273500 | KG15: =SUM(KG7:KG14) -> 1700 | KI15: =SUM(KI7:KI14) -> 277100 | KJ15: =SUM(KJ7:KJ14) -> 0 | KL15: =SUM(KL7:KL14) -> 0 | KM15: =SUM(JZ15,KC15,KF15,KI15,KL15) -> 1750700 | KN15: =SUM(KN7:KN14) -> 0 | KO15: =SUM(KO7:KO14) -> 5000 | KP15: =SUM(KP7:KP14) -> 496590 | KQ15: =JW15+KM15+KN15+KO15+KP15 -> 5467490
C16: Quesnel | D16: District | F16: =IF(ISERROR(G16/E16),"",(G16/E16)) | H16: 800 | I16: =IF(ISERROR(J16/H16),"",(J16/H16)) -> 25 | J16: 20000 | L16: =IF(ISERROR(M16/K16),"",(M16/K16)) | O16: =IF(ISERROR(P16/N16),"",(P16/N16)) | R16: =IF(ISERROR(S16/Q16),"",(S16/Q16)) | U16: =IF(ISERROR(V16/T16),"",(V16/T16)) | Z16: 1000000 | AA16: =IF(ISERROR(AB16/Z16),"",(AB16/Z16)) -> 0.33 | AB16: 330000 | AC16: 500000 | AE16: =IF(ISERROR(AF16/AD16),"",(AF16/AD16)) | AG16: =SUM(G16,J16,M16,P16,S16,V16,AB16,AF16) -> 350000 | AI16: =IF(ISERROR(AJ16/AH16),"",(AJ16/AH16)) | AL16: =IF(ISERROR(AM16/AK16),"",(AM16/AK16)) | AO16: =IF(ISERROR(AP16/AN16),"",(AP16/AN16)) | AR16: =IF(ISERROR(AS16/AQ16),"",(AS16/AQ16)) | AU16: =IF(ISERROR(AV16/AT16),"0",(AV16/AT16)) -> 0 | AW16: =SUM(AJ16,AM16,AP16,AS16,AV16) -> 0 | AY16: 5000 | AZ16: =SUM(G16,J16,M16,P16,S16,V16,AB16,AF16,AJ16,AM16,AP16,AV16,AS16,AX16)*0.1 -> 35000 | BA16: =AG16+AW16+AX16+AY16+AZ16 -> 390000 | BD16: =IF(ISERROR(BE16/BC16),"",(BE16/BC16)) | BF16: 1000 | BG16: 25 | BH16: 25000 | BJ16: =IF(ISERROR(BK16/BI16),"",(BK16/BI16)) | BL16: 2800 | BM16: 25 | BN16: 70000 | BP16: =IF(ISERROR(BQ16/BO16),"",(BQ16/BO16)) | BS16: =IF(ISERROR(BT16/BR16),"",(BT16/BR16)) | BX16: 1532000 | BY16: =IF(ISERROR(BZ16/BX16),"",(BZ16/BX16)) -> 0.27415144 | BZ16: 420000 | CC16: =IF(ISERROR(CD16/CB16),"",(CD16/CB16)) | CE16: =SUM(BE16,BH16,BK16,BN16,BQ16,BT16,BW16,BZ16,CD16) -> 515000 | CG16: =IF(ISERROR(CH16/CF16),"",(CH16/CF16)) | CJ16: =IF(ISERROR(CK16/CI16),"",(CK16/CI16)) | CL16: 170 | CM16: 1298 | CN16: 220660 | CO16: 1850 | CP16: 163 | CQ16: 301550 | CS16: =IF(ISERROR(CT16/CR16),"",(CT16/CR16)) | CU16: =SUM(CH16,CK16,CN16,CQ16,CT16) -> 522210 | CW16: 5000 | CX16: =SUM(BE16,BH16,BK16,BN16,BQ16,BT16,BZ16,CD16,CH16,CK16,CN16,CQ16,CT16)*0.1 -> 103721 | CY16: =CE16+CU16+CV16+CW16+CX16 -> 1145931 | DD16: 12500 | DE16: 25 | DF16: 162500 | DJ16: 800 | DK16: 25 | DL16: 20000 | DV16: 500000 | DX16: 165000 | DY16: 1000000 | EC16: =SUM(DC16,DF16,DI16,DL16,DO16,DR16,DU16,DX16,EB16) -> 347500 | EJ16: 170 | EK16: 1298 | EL16: 220660 | EM16: 1850 | EN16: 163 | EO16: 301550 | ES16: =SUM(EF16,EI16,EL16,EO16,ER16) -> 522210 | EU16: 5000 | EV16: =SUM(DC16,DF16,DI16,DL16,DO16,DR16,DX16,EB16,EF16,EI16,EL16,EO16,ER16)*0.1 -> 86971 | EW16: =EC16+ES16+ET16+EU16+EV16 -> 961681 | FB16: 2000 | FC16: 25 | FD16: 50000 | FH16: 1960 | FI16: 25 | FJ16: 49000 | FW16: 800000 | GA16: =SUM(FA16,FD16,FG16,FJ16,FM16,FP16,FS16,FV16,FZ16) -> 99000 | GH16: 170 | GI16: 1298 | GJ16: 220660 | GK16: 1850 | GL16: 163 | GM16: 301550 | GQ16: =SUM(GD16,GG16,GJ16,GM16,GP16) -> 522210 | GS16: 5000 | GT16: =SUM(FA16,FD16,FG16,FJ16,FM16,FP16,FV16,FZ16,GD16,GG16,GJ16,GM16,GP16)*0.1 -> 62121 | GU16: =GA16+GQ16+GR16+GS16+GT16 -> 688331 | GZ16: 800 | HA16: 25 | HB16: 20000 | HF16: 1000 | HG16: 25 | HH16: 25000 | HR16: 1000000 | HT16: 430080 | HU16: 500000 | HV16: 500 | HW16: 250 | HX16: 125000 | HY16: =SUM(GY16,HB16,HE16,HH16,HK16,HN16,HQ16,HT16,HX16) -> 600080 | IF16: 170 | IG16: 1298 | IH16: 220660 | II16: 1850 | IJ16: 163 | IK16: 301550 | IO16: =SUM(IB16,IE16,IH16,IK16,IN16) -> 522210 | IQ16: 5000 | IR16: =SUM(GY16,HB16,HE16,HH16,HK16,HN16,HT16,HX16,IB16,IE16,IH16,IK16,IN16)*0.1 -> 112229 | IS16: =HY16+IO16+IP16+IQ16+IR16 -> 1239519 | IX16: 800 | IY16: 25 | IZ16: 20000 | JD16: 1460 | JE16: 25 | JF16: 36500 | JP16: 800000 | JR16: 358400 | JS16: 500000 | JT16: 300 | JU16: 250 | JV16: 75000 | JW16: =SUM(IW16,IZ16,JC16,JF16,JI16,JL16,JO16,JR16,JV16) -> 489900 | KD16: 170 | KE16: 1298 | KF16: 220660 | KG16: 1850 | KH16: 163 | KI16: 301550 | KM16: =SUM(JZ16,KC16,KF16,KI16,KL16) -> 522210 | KO16: 5000 | KP16: =SUM(IW16,IZ16,JC16,JF16,JI16,JL16,JR16,JV16,JZ16,KC16,KF16,KI16,KL16)*0.1 -> 101211 | KQ16: =JW16+KM16+KN16+KO16+KP16 -> 1118321
D17: BCTS | F17: =IF(ISERROR(G17/E17),"",(G17/E17)) | H17: 2400 | I17: =IF(ISERROR(J17/H17),"",(J17/H17)) -> 20 | J17: 48000 | L17: =IF(ISERROR(M17/K17),"",(M17/K17)) | N17: 1400 | O17: =IF(ISERROR(P17/N17),"",(P17/N17)) -> 26.714286 | P17: 37400 | Q17: 400 | R17: =IF(ISERROR(S17/Q17),"",(S17/Q17)) -> 408 | S17: 163200 | U17: =IF(ISERROR(V17/T17),"",(V17/T17)) | Z17: 2128000 | AA17: =IF(ISERROR(AB17/Z17),"",(AB17/Z17)) -> 0.4 | AB17: 851200 | AC17: 2000000 | AE17: =IF(ISERROR(AF17/AD17),"",(AF17/AD17)) | AG17: =SUM(G17,J17,M17,P17,S17,V17,AB17,AF17) -> 1099800 | AI17: =IF(ISERROR(AJ17/AH17),"",(AJ17/AH17)) | AL17: =IF(ISERROR(AM17/AK17),"",(AM17/AK17)) | AO17: =IF(ISERROR(AP17/AN17),"",(AP17/AN17)) | AR17: =IF(ISERROR(AS17/AQ17),"",(AS17/AQ17)) | AU17: =IF(ISERROR(AV17/AT17),"0",(AV17/AT17)) -> 0 | AW17: =SUM(AJ17,AM17,AP17,AS17,AV17) -> 0 | AZ17: =SUM(G17,J17,M17,P17,S17,V17,AB17,AF17,AJ17,AM17,AP17,AV17,AS17,AX17)*0.1 -> 109980 | BA17: =AG17+AW17+AX17+AY17+AZ17 -> 1209780 | BD17: =IF(ISERROR(BE17/BC17),"",(BE17/BC17)) | BF17: 2500 | BG17: 20 | BH17: 50000 | BJ17: =IF(ISERROR(BK17/BI17),"",(BK17/BI17)) | BL17: 1600 | BM17: 25 | BN17: 40000 | BO17: 800 | BP17: 360 | BQ17: 288000 | BS17: =IF(ISERROR(BT17/BR17),"",(BT17/BR17)) | BX17: 1500000 | BY17: 0.42 | BZ17: 630000 | CA17: 1500000 | CC17: =IF(ISERROR(CD17/CB17),"",(CD17/CB17)) | CE17: =SUM(BE17,BH17,BK17,BN17,BQ17,BT17,BW17,BZ17,CD17) -> 1008000 | CG17: =IF(ISERROR(CH17/CF17),"",(CH17/CF17)) | CJ17: =IF(ISERROR(CK17/CI17),"",(CK17/CI17)) | CM17: =IF(ISERROR(CN17/CL17),"",(CN17/CL17)) | CP17: =IF(ISERROR(CQ17/CO17),"",(CQ17/CO17)) | CS17: =IF(ISERROR(CT17/CR17),"",(CT17/CR17)) | CU17: =SUM(CH17,CK17,CN17,CQ17,CT17) -> 0 | CX17: =SUM(BE17,BH17,BK17,BN17,BQ17,BT17,BZ17,CD17,CH17,CK17,CN17,CQ17,CT17)*0.1 -> 100800 | CY17: =CE17+CU17+CV17+CW17+CX17 -> 1108800 | DD17: 2500 | DE17: 20 | DF17: 50000 | DJ17: 1600 | DK17: 25 | DL17: 40000 | DM17: 800 | DN17: 360 | DO17: 288000 | DV17: 1500000 | DW17: 0.42 | DX17: 630000 | DY17: 1500000 | EC17: =SUM(DC17,DF17,DI17,DL17,DO17,DR17,DU17,DX17,EB17) -> 1008000 | ES17: =SUM(EF17,EI17,EL17,EO17,ER17) -> 0 | EV17: =SUM(DC17,DF17,DI17,DL17,DO17,DR17,DX17,EB17,EF17,EI17,EL17,EO17,ER17)*0.1 -> 100800 | EW17: =EC17+ES17+ET17+EU17+EV17 -> 1108800 | FB17: 2500 | FC17: 20 | FD17: 50000 | FH17: 1600 | FI17: 25 | FJ17: 40000 | FK17: 800 | FL17: 360 | FM17: 288000 | FN17: 250 | FO17: 660 | FP17: 165000 | FT17: 1500000 | FU17: 0.42 | FV17: 630000 | FW17: 1500000 | GA17: =SUM(FA17,FD17,FG17,FJ17,FM17,FP17,FS17,FV17,FZ17) -> 1173000 | GQ17: =SUM(GD17,GG17,GJ17,GM17,GP17) -> 0 | GT17: =SUM(FA17,FD17,FG17,FJ17,FM17,FP17,FV17,FZ17,GD17,GG17,GJ17,GM17,GP17)*0.1 -> 117300 | GU17: =GA17+GQ17+GR17+GS17+GT17 -> 1290300 | GZ17: 2500 | HA17: 20 | HB17: 50000 | HF17: 1600 | HG17: 25 | HH17: 40000 | HI17: 800 | HJ17: 360 | HK17: 288000 | HL17: 250 | HM17: 660 | HN17: 165000 | HR17: 1500000 | HS17: 0.42 | HT17: 630000 | HU17: 1500000 | HY17: =SUM(GY17,HB17,HE17,HH17,HK17,HN17,HQ17,HT17,HX17) -> 1173000 | IO17: =SUM(IB17,IE17,IH17,IK17,IN17) -> 0 | IR17: =SUM(GY17,HB17,HE17,HH17,HK17,HN17,HT17,HX17,IB17,IE17,IH17,IK17,IN17)*0.1 -> 117300 | IS17: =HY17+IO17+IP17+IQ17+IR17 -> 1290300 | IX17: 2500 | IY17: 20 | IZ17: 50000 | JD17: 1600 | JE17: 25 | JF17: 40000 | JG17: 800 | JH17: 360 | JI17: 288000 | JJ17: 250 | JK17: 660 | JL17: 165000 | JP17: 1500000 | JR17: 630000 | JS17: 1500000 | JW17: =SUM(IW17,IZ17,JC17,JF17,JI17,JL17,JO17,JR17,JV17) -> 1173000 | KM17: =SUM(JZ17,KC17,KF17,KI17,KL17) -> 0 | KP17: =SUM(IW17,IZ17,JC17,JF17,JI17,JL17,JR17,JV17,JZ17,KC17,KF17,KI17,KL17)*0.1 -> 117300 | KQ17: =JW17+KM17+KN17+KO17+KP17 -> 1290300
D18: Recipient | F18: =IF(ISERROR(G18/E18),"",(G18/E18)) | I18: =IF(ISERROR(J18/H18),"",(J18/H18)) | L18: =IF(ISERROR(M18/K18),"",(M18/K18)) | O18: =IF(ISERROR(P18/N18),"",(P18/N18)) | R18: =IF(ISERROR(S18/Q18),"",(S18/Q18)) | U18: =IF(ISERROR(V18/T18),"",(V18/T18)) | AA18: =IF(ISERROR(AB18/Z18),"",(AB18/Z18)) | AE18: =IF(ISERROR(AF18/AD18),"",(AF18/AD18)) | AG18: =SUM(G18,J18,M18,P18,S18,V18,AB18,AF18) -> 0 | AI18: =IF(ISERROR(AJ18/AH18),"",(AJ18/AH18)) | AL18: =IF(ISERROR(AM18/AK18),"",(AM18/AK18)) | AO18: =IF(ISERROR(AP18/AN18),"",(AP18/AN18)) | AR18: =IF(ISERROR(AS18/AQ18),"",(AS18/AQ18)) | AU18: =IF(ISERROR(AV18/AT18),"0",(AV18/AT18)) -> 0 | AW18: =SUM(AJ18,AM18,AP18,AS18,AV18) -> 0 | AZ18: =SUM(G18,J18,M18,P18,S18,V18,AB18,AF18,AJ18,AM18,AP18,AV18,AS18,AX18)*0.1 -> 0 | BA18: =AG18+AW18+AX18+AY18+AZ18 -> 0 | BD18: =IF(ISERROR(BE18/BC18),"",(BE18/BC18)) | BG18: =IF(ISERROR(BH18/BF18),"",(BH18/BF18)) | BJ18: =IF(ISERROR(BK18/BI18),"",(BK18/BI18)) | BM18: =IF(ISERROR(BN18/BL18),"",(BN18/BL18)) | BP18: =IF(ISERROR(BQ18/BO18),"",(BQ18/BO18)) | BS18: =IF(ISERROR(BT18/BR18),"",(BT18/BR18)) | BY18: =IF(ISERROR(BZ18/BX18),"",(BZ18/BX18)) | CC18: =IF(ISERROR(CD18/CB18),"",(CD18/CB18)) | CE18: =SUM(BE18,BH18,BK18,BN18,BQ18,BT18,BW18,BZ18,CD18) -> 0 | CG18: =IF(ISERROR(CH18/CF18),"",(CH18/CF18)) | CJ18: =IF(ISERROR(CK18/CI18),"",(CK18/CI18)) | CM18: =IF(ISERROR(CN18/CL18),"",(CN18/CL18)) | CP18: =IF(ISERROR(CQ18/CO18),"",(CQ18/CO18)) | CS18: =IF(ISERROR(CT18/CR18),"",(CT18/CR18)) | CU18: =SUM(CH18,CK18,CN18,CQ18,CT18) -> 0 | CX18: =SUM(BE18,BH18,BK18,BN18,BQ18,BT18,BZ18,CD18,CH18,CK18,CN18,CQ18,CT18)*0.1 -> 0 | CY18: =CE18+CU18+CV18+CW18+CX18 -> 0 | EC18: =SUM(DC18,DF18,DI18,DL18,DO18,DR18,DU18,DX18,EB18) -> 0 | ES18: =SUM(EF18,EI18,EL18,EO18,ER18) -> 0 | EV18: =SUM(DC18,DF18,DI18,DL18,DO18,DR18,DX18,EB18,EF18,EI18,EL18,EO18,ER18)*0.1 -> 0 | EW18: =EC18+ES18+ET18+EU18+EV18 -> 0 | GA18: =SUM(FA18,FD18,FG18,FJ18,FM18,FP18,FS18,FV18,FZ18) -> 0 | GQ18: =SUM(GD18,GG18,GJ18,GM18,GP18) -> 0 | GT18: =SUM(FA18,FD18,FG18,FJ18,FM18,FP18,FV18,FZ18,GD18,GG18,GJ18,GM18,GP18)*0.1 -> 0 | GU18: =GA18+GQ18+GR18+GS18+GT18 -> 0 | HY18: =SUM(GY18,HB18,HE18,HH18,HK18,HN18,HQ18,HT18,HX18) -> 0 | IO18: =SUM(IB18,IE18,IH18,IK18,IN18) -> 0 | IR18: =SUM(GY18,HB18,HE18,HH18,HK18,HN18,HT18,HX18,IB18,IE18,IH18,IK18,IN18)*0.1 -> 0 | IS18: =HY18+IO18+IP18+IQ18+IR18 -> 0 | JW18: =SUM(IW18,IZ18,JC18,JF18,JI18,JL18,JO18,JR18,JV18) -> 0 | KM18: =SUM(JZ18,KC18,KF18,KI18,KL18) -> 0 | KP18: =SUM(IW18,IZ18,JC18,JF18,JI18,JL18,JR18,JV18,JZ18,KC18,KF18,KI18,KL18)*0.1 -> 0 | KQ18: =JW18+KM18+KN18+KO18+KP18 -> 0
D19: TFL 52 | F19: =IF(ISERROR(G19/E19),"",(G19/E19)) | I19: =IF(ISERROR(J19/H19),"",(J19/H19)) | L19: =IF(ISERROR(M19/K19),"",(M19/K19)) | O19: =IF(ISERROR(P19/N19),"",(P19/N19)) | R19: =IF(ISERROR(S19/Q19),"",(S19/Q19)) | U19: =IF(ISERROR(V19/T19),"",(V19/T19)) | AA19: =IF(ISERROR(AB19/Z19),"",(AB19/Z19)) | AE19: =IF(ISERROR(AF19/AD19),"",(AF19/AD19)) | AG19: =SUM(G19,J19,M19,P19,S19,V19,AB19,AF19) -> 0 | AU19: =IF(ISERROR(AV19/AT19),"0",(AV19/AT19)) -> 0 | AW19: =SUM(AJ19,AM19,AP19,AS19,AV19) -> 0 | AZ19: =SUM(G19,J19,M19,P19,S19,V19,AB19,AF19,AJ19,AM19,AP19,AV19,AS19,AX19)*0.1 -> 0 | BA19: =AG19+AW19+AX19+AY19+AZ19 -> 0 | BD19: =IF(ISERROR(BE19/BC19),"",(BE19/BC19)) | BG19: =IF(ISERROR(BH19/BF19),"",(BH19/BF19)) | BJ19: =IF(ISERROR(BK19/BI19),"",(BK19/BI19)) | BM19: =IF(ISERROR(BN19/BL19),"",(BN19/BL19)) | BP19: =IF(ISERROR(BQ19/BO19),"",(BQ19/BO19)) | BS19: =IF(ISERROR(BT19/BR19),"",(BT19/BR19)) | BY19: =IF(ISERROR(BZ19/BX19),"",(BZ19/BX19)) | CC19: =IF(ISERROR(CD19/CB19),"",(CD19/CB19)) | CE19: =SUM(BE19,BH19,BK19,BN19,BQ19,BT19,BW19,BZ19,CD19) -> 0 | CF19: 500 | CG19: =IF(ISERROR(CH19/CF19),"",(CH19/CF19)) -> 24 | CH19: 12000 | CJ19: =IF(ISERROR(CK19/CI19),"",(CK19/CI19)) | CM19: =IF(ISERROR(CN19/CL19),"",(CN19/CL19)) | CO19: 3000 | CP19: =IF(ISERROR(CQ19/CO19),"",(CQ19/CO19)) -> 159 | CQ19: 477000 | CS19: =IF(ISERROR(CT19/CR19),"",(CT19/CR19)) | CU19: =SUM(CH19,CK19,CN19,CQ19,CT19) -> 489000 | CX19: =SUM(BE19,BH19,BK19,BN19,BQ19,BT19,BZ19,CD19,CH19,CK19,CN19,CQ19,CT19)*0.1 -> 48900 | CY19: =CE19+CU19+CV19+CW19+CX19 -> 537900 | EC19: =SUM(DC19,DF19,DI19,DL19,DO19,DR19,DU19,DX19,EB19) -> 0 | ED19: 500 | EF19: 12000 | EM19: 3000 | EO19: 477000 | ES19: =SUM(EF19,EI19,EL19,EO19,ER19) -> 489000 | EV19: =SUM(DC19,DF19,DI19,DL19,DO19,DR19,DX19,EB19,EF19,EI19,EL19,EO19,ER19)*0.1 -> 48900 | EW19: =EC19+ES19+ET19+EU19+EV19 -> 537900 | GA19: =SUM(FA19,FD19,FG19,FJ19,FM19,FP19,FS19,FV19,FZ19) -> 0 | GB19: 500 | GD19: 12000 | GK19: 3000 | GM19: 477000 | GQ19: =SUM(GD19,GG19,GJ19,GM19,GP19) -> 489000 | GT19: =SUM(FA19,FD19,FG19,FJ19,FM19,FP19,FV19,FZ19,GD19,GG19,GJ19,GM19,GP19)*0.1 -> 48900 | GU19: =GA19+GQ19+GR19+GS19+GT19 -> 537900 | HY19: =SUM(GY19,HB19,HE19,HH19,HK19,HN19,HQ19,HT19,HX19) -> 0 | HZ19: 500 | IB19: 12000 | II19: 3000 | IK19: 477000 | IO19: =SUM(IB19,IE19,IH19,IK19,IN19) -> 489000 | IR19: =SUM(GY19,HB19,HE19,HH19,HK19,HN19,HT19,HX19,IB19,IE19,IH19,IK19,IN19)*0.1 -> 48900 | IS19: =HY19+IO19+IP19+IQ19+IR19 -> 537900 | IT19: Fert in all years will be split between the TSA and TFL | JW19: =SUM(IW19,IZ19,JC19,JF19,JI19,JL19,JO19,JR19,JV19) -> 0 | JX19: 500 | JZ19: 12000 | KG19: 3000 | KI19: 477000 | KM19: =SUM(JZ19,KC19,KF19,KI19,KL19) -> 489000 | KP19: =SUM(IW19,IZ19,JC19,JF19,JI19,JL19,JR19,JV19,JZ19,KC19,KF19,KI19,KL19)*0.1 -> 48900 | KQ19: =JW19+KM19+KN19+KO19+KP19 -> 537900 | KR19: Fert in all years will be split between the TSA and TFL
C20: District Total | E20: =SUM(E16:E19) -> 0 | F20: =IF(ISERROR(G20/E20),"",(G20/E20)) | G20: =SUM(G16:G19) -> 0 | H20: =SUM(H16:H19) -> 3200 | I20: =IF(ISERROR(J20/H20),"",(J20/H20)) -> 21.25 | J20: =SUM(J16:J19) -> 68000 | K20: =SUM(K16:K19) -> 0 | L20: =IF(ISERROR(M20/K20),"",(M20/K20)) | M20: =SUM(M16:M19) -> 0 | N20: =SUM(N16:N19) -> 1400 | O20: =IF(ISERROR(P20/N20),"",(P20/N20)) -> 26.714286 | P20: =SUM(P16:P19) -> 37400 | Q20: =SUM(Q16:Q19) -> 400 | R20: =IF(ISERROR(S20/Q20),"",(S20/Q20)) -> 408 | S20: =SUM(S16:S19) -> 163200 | T20: =SUM(T16:T19) -> 0 | U20: =IF(ISERROR(V20/T20),"",(V20/T20)) | V20: =SUM(V16:V19) -> 0 | W20: =SUM(W16:W19) -> 0 | X20: =SUM(X16:X19) -> 0 | Y20: =SUM(Y16:Y19) -> 0 | Z20: =SUM(Z16:Z19) -> 3128000 | AA20: =IF(ISERROR(AB20/Z20),"",(AB20/Z20)) -> 0.37762148 | AB20: =SUM(AB16:AB19) -> 1181200 | AC20: =SUM(AC16:AC19) -> 2500000 | AD20: =SUM(AD16:AD19) -> 0 | AE20: =IF(ISERROR(AF20/AD20),"",(AF20/AD20)) | AF20: =SUM(AF16:AF19) -> 0 | AG20: =SUM(AG16:AG19) -> 1449800 | AH20: =SUM(AH16:AH19) -> 0 | AI20: =IF(ISERROR(AJ20/AH20),"",(AJ20/AH20)) | AJ20: =SUM(AJ16:AJ19) -> 0 | AK20: =SUM(AK16:AK19) -> 0 | AL20: =IF(ISERROR(AM20/AK20),"",(AM20/AK20)) | AM20: =SUM(AM16:AM19) -> 0 | AN20: =SUM(AN16:AN19) -> 0 | AO20: =IF(ISERROR(AP20/AN20),"",(AP20/AN20)) | AP20: =SUM(AP16:AP19) -> 0 | AQ20: =SUM(AQ16:AQ19) -> 0 | AR20: =IF(ISERROR(AS20/AQ20),"",(AS20/AQ20)) | AS20: =SUM(AS16:AS19) -> 0 | AT20: =SUM(AT16:AT19) -> 0 | AU20: =IF(ISERROR(AV20/AT20),"0",(AV20/AT20)) -> 0 | AV20: =SUM(AV16:AV19) -> 0 | AW20: =SUM(AW16:AW19) -> 0 | AX20: =SUM(AX16:AX19) -> 0 | AY20: =SUM(AY16:AY19) -> 5000 | AZ20: =SUM(AZ16:AZ19) -> 144980 | BA20: =SUM(BA16:BA19) -> 1599780 | BC20: =SUM(BC16:BC19) -> 0 | BD20: =IF(ISERROR(BE20/BC20),"",(BE20/BC20)) | BE20: =SUM(BE16:BE19) -> 0 | BF20: =SUM(BF16:BF19) -> 3500 | BG20: =IF(ISERROR(BH20/BF20),"",(BH20/BF20)) -> 21.428571 | BH20: =SUM(BH16:BH19) -> 75000 | BI20: =SUM(BI16:BI19) -> 0 | BJ20: =IF(ISERROR(BK20/BI20),"",(BK20/BI20)) | BK20: =SUM(BK16:BK19) -> 0 | BL20: =SUM(BL16:BL19) -> 4400 | BM20: =IF(ISERROR(BN20/BL20),"",(BN20/BL20)) -> 25 | BN20: =SUM(BN16:BN19) -> 110000 | BO20: =SUM(BO16:BO19) -> 800 | BP20: =IF(ISERROR(BQ20/BO20),"",(BQ20/BO20)) -> 360 | BQ20: =SUM(BQ16:BQ19) -> 288000 | BR20: =SUM(BR16:BR19) -> 0 | BS20: =IF(ISERROR(BT20/BR20),"",(BT20/BR20)) | BT20: =SUM(BT16:BT19) -> 0 | BU20: =SUM(BU16:BU19) -> 0 | BV20: =SUM(BV16:BV19) -> 0 | BW20: =SUM(BW16:BW19) -> 0 | BX20: =SUM(BX16:BX19) -> 3032000 | BY20: =IF(ISERROR(BZ20/BX20),"",(BZ20/BX20)) -> 0.34630607 | BZ20: =SUM(BZ16:BZ19) -> 1050000 | CA20: =SUM(CA16:CA19) -> 1500000 | CB20: =SUM(CB16:CB19) -> 0 | CC20: =IF(ISERROR(CD20/CB20),"",(CD20/CB20)) | CD20: =SUM(CD16:CD19) -> 0 | CE20: =SUM(BE20,BH20,BK20,BN20,BQ20,BT20,BW20,BZ20,CD20) -> 1523000 | CF20: =SUM(CF16:CF19) -> 500 | CG20: =IF(ISERROR(CH20/CF20),"",(CH20/CF20)) -> 24 | CH20: =SUM(CH16:CH19) -> 12000 | CI20: =SUM(CI16:CI19) -> 0 | CJ20: =IF(ISERROR(CK20/CI20),"",(CK20/CI20)) | CK20: =SUM(CK16:CK19) -> 0 | CL20: =SUM(CL16:CL19) -> 170 | CM20: =IF(ISERROR(CN20/CL20),"",(CN20/CL20)) -> 1298 | CN20: =SUM(CN16:CN19) -> 220660 | CO20: =SUM(CO16:CO19) -> 4850 | CP20: =IF(ISERROR(CQ20/CO20),"",(CQ20/CO20)) -> 160.52577 | CQ20: =SUM(CQ16:CQ19) -> 778550 | CR20: =SUM(CR16:CR19) -> 0 | CS20: =IF(ISERROR(CT20/CR20),"",(CT20/CR20)) | CT20: =SUM(CT16:CT19) -> 0 | CU20: =SUM(CH20,CK20,CN20,CQ20,CT20) -> 1011210 | CV20: =SUM(CV16:CV19) -> 0 | CW20: =SUM(CW16:CW19) -> 5000 | CX20: =SUM(CX16:CX19) -> 253421 | CY20: =CE20+CU20+CV20+CW20+CX20 -> 2792631 | DA20: =SUM(DA16:DA19) -> 0 | DC20: =SUM(DC16:DC19) -> 0 | DD20: =SUM(DD16:DD19) -> 15000 | DF20: =SUM(DF16:DF19) -> 212500 | DG20: =SUM(DG16:DG19) -> 0 | DI20: =SUM(DI16:DI19) -> 0 | DJ20: =SUM(DJ16:DJ19) -> 2400 | DL20: =SUM(DL16:DL19) -> 60000 | DM20: =SUM(DM16:DM19) -> 800 | DO20: =SUM(DO16:DO19) -> 288000 | DP20: =SUM(DP16:DP19) -> 0 | DR20: =SUM(DR16:DR19) -> 0 | DS20: =SUM(DS16:DS19) -> 0 | DT20: =SUM(DT16:DT19) -> 0 | DU20: =SUM(DU16:DU19) -> 0 | DV20: =SUM(DV16:DV19) -> 2000000 | DX20: =SUM(DX16:DX19) -> 795000 | DY20: =SUM(DY16:DY19) -> 2500000 | DZ20: =SUM(DZ16:DZ19) -> 0 | EB20: =SUM(EB16:EB19) -> 0 | EC20: =SUM(DC20,DF20,DI20,DL20,DO20,DR20,DU20,DX20,EB20) -> 1355500 | ED20: =SUM(ED16:ED19) -> 500 | EF20: =SUM(EF16:EF19) -> 12000 | EG20: =SUM(EG16:EG19) -> 0 | EI20: =SUM(EI16:EI19) -> 0 | EJ20: =SUM(EJ16:EJ19) -> 170 | EL20: =SUM(EL16:EL19) -> 220660 | EM20: =SUM(EM16:EM19) -> 4850 | EO20: =SUM(EO16:EO19) -> 778550 | EP20: =SUM(EP16:EP19) -> 0 | ER20: =SUM(ER16:ER19) -> 0 | ES20: =SUM(EF20,EI20,EL20,EO20,ER20) -> 1011210 | ET20: =SUM(ET16:ET19) -> 0 | EU20: =SUM(EU16:EU19) -> 5000 | EV20: =SUM(EV16:EV19) -> 236671 | EW20: =EC20+ES20+ET20+EU20+EV20 -> 2608381 | EY20: =SUM(EY16:EY19) -> 0 | FA20: =SUM(FA16:FA19) -> 0 | FB20: =SUM(FB16:FB19) -> 4500 | FD20: =SUM(FD16:FD19) -> 100000 | FE20: =SUM(FE16:FE19) -> 0 | FG20: =SUM(FG16:FG19) -> 0 | FH20: =SUM(FH16:FH19) -> 3560 | FJ20: =SUM(FJ16:FJ19) -> 89000 | FK20: =SUM(FK16:FK19) -> 800 | FM20: =SUM(FM16:FM19) -> 288000 | FN20: =SUM(FN16:FN19) -> 250 | FP20: =SUM(FP16:FP19) -> 165000 | FQ20: =SUM(FQ16:FQ19) -> 0 | FR20: =SUM(FR16:FR19) -> 0 | FS20: =SUM(FS16:FS19) -> 0 | FT20: =SUM(FT16:FT19) -> 1500000 | FV20: =SUM(FV16:FV19) -> 630000 | FW20: =SUM(FW16:FW19) -> 2300000 | FX20: =SUM(FX16:FX19) -> 0 | FZ20: =SUM(FZ16:FZ19) -> 0 | GA20: =SUM(FA20,FD20,FG20,FJ20,FM20,FP20,FS20,FV20,FZ20) -> 1272000 | GB20: =SUM(GB16:GB19) -> 500 | GD20: =SUM(GD16:GD19) -> 12000 | GE20: =SUM(GE16:GE19) -> 0 | GG20: =SUM(GG16:GG19) -> 0 | GH20: =SUM(GH16:GH19) -> 170 | GJ20: =SUM(GJ16:GJ19) -> 220660 | GK20: =SUM(GK16:GK19) -> 4850 | GM20: =SUM(GM16:GM19) -> 778550 | GN20: =SUM(GN16:GN19) -> 0 | GP20: =SUM(GP16:GP19) -> 0 | GQ20: =SUM(GD20,GG20,GJ20,GM20,GP20) -> 1011210 | GR20: =SUM(GR16:GR19) -> 0 | GS20: =SUM(GS16:GS19) -> 5000 | GT20: =SUM(GT16:GT19) -> 228321 | GU20: =GA20+GQ20+GR20+GS20+GT20 -> 2516531 | GW20: =SUM(GW16:GW19) -> 0 | GY20: =SUM(GY16:GY19) -> 0 | GZ20: =SUM(GZ16:GZ19) -> 3300 | HB20: =SUM(HB16:HB19) -> 70000 | HC20: =SUM(HC16:HC19) -> 0 | HE20: =SUM(HE16:HE19) -> 0 | HF20: =SUM(HF16:HF19) -> 2600 | HH20: =SUM(HH16:HH19) -> 65000 | HI20: =SUM(HI16:HI19) -> 800 | HK20: =SUM(HK16:HK19) -> 288000 | HL20: =SUM(HL16:HL19) -> 250 | HN20: =SUM(HN16:HN19) -> 165000 | HO20: =SUM(HO16:HO19) -> 0 | HP20: =SUM(HP16:HP19) -> 0 | HQ20: =SUM(HQ16:HQ19) -> 0 | HR20: =SUM(HR16:HR19) -> 2500000 | HT20: =SUM(HT16:HT19) -> 1060080 | HU20: =SUM(HU16:HU19) -> 2000000 | HV20: =SUM(HV16:HV19) -> 500 | HX20: =SUM(HX16:HX19) -> 125000 | HY20: =SUM(GY20,HB20,HE20,HH20,HK20,HN20,HQ20,HT20,HX20) -> 1773080 | HZ20: =SUM(HZ16:HZ19) -> 500 | IB20: =SUM(IB16:IB19) -> 12000 | IC20: =SUM(IC16:IC19) -> 0 | IE20: =SUM(IE16:IE19) -> 0 | IF20: =SUM(IF16:IF19) -> 170 | IH20: =SUM(IH16:IH19) -> 220660 | II20: =SUM(II16:II19) -> 4850 | IK20: =SUM(IK16:IK19) -> 778550 | IL20: =SUM(IL16:IL19) -> 0 | IN20: =SUM(IN16:IN19) -> 0 | IO20: =SUM(IB20,IE20,IH20,IK20,IN20) -> 1011210 | IP20: =SUM(IP16:IP19) -> 0 | IQ20: =SUM(IQ16:IQ19) -> 5000 | IR20: =SUM(IR16:IR19) -> 278429 | IS20: =HY20+IO20+IP20+IQ20+IR20 -> 3067719 | IU20: =SUM(IU16:IU19) -> 0 | IW20: =SUM(IW16:IW19) -> 0 | IX20: =SUM(IX16:IX19) -> 3300 | IZ20: =SUM(IZ16:IZ19) -> 70000 | JA20: =SUM(JA16:JA19) -> 0 | JC20: =SUM(JC16:JC19) -> 0 | JD20: =SUM(JD16:JD19) -> 3060 | JF20: =SUM(JF16:JF19) -> 76500 | JG20: =SUM(JG16:JG19) -> 800 | JI20: =SUM(JI16:JI19) -> 288000 | JJ20: =SUM(JJ16:JJ19) -> 250 | JL20: =SUM(JL16:JL19) -> 165000 | JM20: =SUM(JM16:JM19) -> 0 | JN20: =SUM(JN16:JN19) -> 0 | JO20: =SUM(JO16:JO19) -> 0 | JP20: =SUM(JP16:JP19) -> 2300000 | JR20: =SUM(JR16:JR19) -> 988400 | JS20: =SUM(JS16:JS19) -> 2000000 | JT20: =SUM(JT16:JT19) -> 300 | JV20: =SUM(JV16:JV19) -> 75000 | JW20: =SUM(IW20,IZ20,JC20,JF20,JI20,JL20,JO20,JR20,JV20) -> 1662900 | JX20: =SUM(JX16:JX19) -> 500 | JZ20: =SUM(JZ16:JZ19) -> 12000 | KA20: =SUM(KA16:KA19) -> 0 | KC20: =SUM(KC16:KC19) -> 0 | KD20: =SUM(KD16:KD19) -> 170 | KF20: =SUM(KF16:KF19) -> 220660 | KG20: =SUM(KG16:KG19) -> 4850 | KI20: =SUM(KI16:KI19) -> 778550 | KJ20: =SUM(KJ16:KJ19) -> 0 | KL20: =SUM(KL16:KL19) -> 0 | KM20: =SUM(JZ20,KC20,KF20,KI20,KL20) -> 1011210 | KN20: =SUM(KN16:KN19) -> 0 | KO20: =SUM(KO16:KO19) -> 5000 | KP20: =SUM(KP16:KP19) -> 267411 | KQ20: =JW20+KM20+KN20+KO20+KP20 -> 2946521
C21: 100 Mile | D21: District | E21: 50 | F21: =IF(ISERROR(G21/E21),"",(G21/E21)) -> 30 | G21: 1500 | H21: 2000 | I21: =IF(ISERROR(J21/H21),"",(J21/H21)) -> 30 | J21: 60000 | L21: =IF(ISERROR(M21/K21),"",(M21/K21)) | O21: =IF(ISERROR(P21/N21),"",(P21/N21)) | R21: =IF(ISERROR(S21/Q21),"",(S21/Q21)) | U21: =IF(ISERROR(V21/T21),"",(V21/T21)) | Z21: 700000 | AA21: =IF(ISERROR(AB21/Z21),"",(AB21/Z21)) -> 0.55 | AB21: 385000 | AE21: =IF(ISERROR(AF21/AD21),"",(AF21/AD21)) | AG21: =SUM(G21,J21,M21,P21,S21,V21,AB21,AF21) -> 446500 | AI21: =IF(ISERROR(AJ21/AH21),"",(AJ21/AH21)) | AL21: =IF(ISERROR(AM21/AK21),"",(AM21/AK21)) | AO21: =IF(ISERROR(AP21/AN21),"",(AP21/AN21)) | AR21: =IF(ISERROR(AS21/AQ21),"",(AS21/AQ21)) | AU21: =IF(ISERROR(AV21/AT21),"0",(AV21/AT21)) -> 0 | AW21: =SUM(AJ21,AM21,AP21,AS21,AV21) -> 0 | AY21: 5000 | AZ21: =SUM(G21,J21,M21,P21,S21,V21,AB21,AF21,AJ21,AM21,AP21,AV21,AS21,AX21)*0.1 -> 44650 | BA21: =AG21+AW21+AX21+AY21+AZ21 -> 496150 | BD21: =IF(ISERROR(BE21/BC21),"",(BE21/BC21)) | BF21: 2000 | BG21: =IF(ISERROR(BH21/BF21),"",(BH21/BF21)) -> 30 | BH21: 60000 | BI21: 4105 | BJ21: =IF(ISERROR(BK21/BI21),"",(BK21/BI21)) -> 30 | BK21: 123150 | BM21: =IF(ISERROR(BN21/BL21),"",(BN21/BL21)) | BP21: =IF(ISERROR(BQ21/BO21),"",(BQ21/BO21)) | BS21: =IF(ISERROR(BT21/BR21),"",(BT21/BR21)) | BY21: =IF(ISERROR(BZ21/BX21),"",(BZ21/BX21)) | CC21: =IF(ISERROR(CD21/CB21),"",(CD21/CB21)) | CE21: =SUM(BE21,BH21,BK21,BN21,BQ21,BT21,BW21,BZ21,CD21) -> 183150 | CG21: =IF(ISERROR(CH21/CF21),"",(CH21/CF21)) | CJ21: =IF(ISERROR(CK21/CI21),"",(CK21/CI21)) | CM21: =IF(ISERROR(CN21/CL21),"",(CN21/CL21)) | CP21: =IF(ISERROR(CQ21/CO21),"",(CQ21/CO21)) | CS21: =IF(ISERROR(CT21/CR21),"",(CT21/CR21)) | CU21: =SUM(CH21,CK21,CN21,CQ21,CT21) -> 0 | CW21: 5000 | CX21: =SUM(BE21,BH21,BK21,BN21,BQ21,BT21,BZ21,CD21,CH21,CK21,CN21,CQ21,CT21)*0.1 -> 18315 | CY21: =CE21+CU21+CV21+CW21+CX21 -> 206465 | DD21: 2000 | DF21: 60000 | DG21: 1700 | DI21: 51000 | EC21: =SUM(DC21,DF21,DI21,DL21,DO21,DR21,DU21,DX21,EB21) -> 111000 | ES21: =SUM(EF21,EI21,EL21,EO21,ER21) -> 0 | EU21: 5000 | EV21: =SUM(DC21,DF21,DI21,DL21,DO21,DR21,DX21,EB21,EF21,EI21,EL21,EO21,ER21)*0.1 -> 11100 | EW21: =EC21+ES21+ET21+EU21+EV21 -> 127100 | FB21: 2000 | FD21: 60000 | FE21: 757 | FG21: 22710 | GA21: =SUM(FA21,FD21,FG21,FJ21,FM21,FP21,FS21,FV21,FZ21) -> 82710 | GB21: 1000 | GD21: 30000 | GQ21: =SUM(GD21,GG21,GJ21,GM21,GP21) -> 30000 | GS21: 5000 | GT21: =SUM(FA21,FD21,FG21,FJ21,FM21,FP21,FV21,FZ21,GD21,GG21,GJ21,GM21,GP21)*0.1 -> 11271 | GU21: =GA21+GQ21+GR21+GS21+GT21 -> 128981 | GZ21: 2000 | HB21: 60000 | HY21: =SUM(GY21,HB21,HE21,HH21,HK21,HN21,HQ21,HT21,HX21) -> 60000 | HZ21: 1000 | IB21: 30000 | IO21: =SUM(IB21,IE21,IH21,IK21,IN21) -> 30000 | IQ21: 5000 | IR21: =SUM(GY21,HB21,HE21,HH21,HK21,HN21,HT21,HX21,IB21,IE21,IH21,IK21,IN21)*0.1 -> 9000 | IS21: =HY21+IO21+IP21+IQ21+IR21 -> 104000 | IX21: 2000 | IZ21: 60000 | JW21: =SUM(IW21,IZ21,JC21,JF21,JI21,JL21,JO21,JR21,JV21) -> 60000 | JX21: 1000 | JZ21: 30000 | KM21: =SUM(JZ21,KC21,KF21,KI21,KL21) -> 30000 | KO21: 5000 | KP21: =SUM(IW21,IZ21,JC21,JF21,JI21,JL21,JR21,JV21,JZ21,KC21,KF21,KI21,KL21)*0.1 -> 9000 | KQ21: =JW21+KM21+KN21+KO21+KP21 -> 104000
D22: BCTS | F22: =IF(ISERROR(G22/E22),"",(G22/E22)) | H22: 500 | I22: =IF(ISERROR(J22/H22),"",(J22/H22)) -> 20 | J22: 10000 | L22: =IF(ISERROR(M22/K22),"",(M22/K22)) | N22: 1074 | O22: =IF(ISERROR(P22/N22),"",(P22/N22)) -> 20.484171 | P22: 22000 | Q22: 531 | R22: =IF(ISERROR(S22/Q22),"",(S22/Q22)) -> 200 | S22: 106200 | U22: =IF(ISERROR(V22/T22),"",(V22/T22)) | Z22: 1368501 | AA22: =IF(ISERROR(AB22/Z22),"",(AB22/Z22)) -> 0.37972935 | AB22: 519660 | AC22: 800000 | AE22: =IF(ISERROR(AF22/AD22),"",(AF22/AD22)) | AG22: =SUM(G22,J22,M22,P22,S22,V22,AB22,AF22) -> 657860 | AI22: =IF(ISERROR(AJ22/AH22),"",(AJ22/AH22)) | AL22: =IF(ISERROR(AM22/AK22),"",(AM22/AK22)) | AO22: =IF(ISERROR(AP22/AN22),"",(AP22/AN22)) | AR22: =IF(ISERROR(AS22/AQ22),"",(AS22/AQ22)) | AU22: =IF(ISERROR(AV22/AT22),"0",(AV22/AT22)) -> 0 | AW22: =SUM(AJ22,AM22,AP22,AS22,AV22) -> 0 | AZ22: =SUM(G22,J22,M22,P22,S22,V22,AB22,AF22,AJ22,AM22,AP22,AV22,AS22,AX22)*0.1 -> 65786 | BA22: =AG22+AW22+AX22+AY22+AZ22 -> 723646 | BD22: =IF(ISERROR(BE22/BC22),"",(BE22/BC22)) | BF22: 500 | BG22: =IF(ISERROR(BH22/BF22),"",(BH22/BF22)) -> 20 | BH22: 10000 | BL22: 1210 | BM22: =IF(ISERROR(BN22/BL22),"",(BN22/BL22)) -> 20 | BN22: 24200 | BO22: 400 | BP22: =IF(ISERROR(BQ22/BO22),"",(BQ22/BO22)) -> 300 | BQ22: 120000 | BS22: =IF(ISERROR(BT22/BR22),"",(BT22/BR22)) | BX22: 1617000 | BY22: =IF(ISERROR(BZ22/BX22),"",(BZ22/BX22)) -> 0.38070501 | BZ22: 615600 | CA22: 2178000 | CC22: =IF(ISERROR(CD22/CB22),"",(CD22/CB22)) | CE22: =SUM(BE22,BH22,BK22,BN22,BQ22,BT22,BW22,BZ22,CD22) -> 769800 | CG22: =IF(ISERROR(CH22/CF22),"",(CH22/CF22)) | CJ22: =IF(ISERROR(CK22/CI22),"",(CK22/CI22)) | CM22: =IF(ISERROR(CN22/CL22),"",(CN22/CL22)) | CP22: =IF(ISERROR(CQ22/CO22),"",(CQ22/CO22)) | CS22: =IF(ISERROR(CT22/CR22),"",(CT22/CR22)) | CU22: =SUM(CH22,CK22,CN22,CQ22,CT22) -> 0 | CX22: =SUM(BE22,BH22,BK22,BN22,BQ22,BT22,BZ22,CD22,CH22,CK22,CN22,CQ22,CT22)*0.1 -> 76980 | CY22: =CE22+CU22+CV22+CW22+CX22 -> 846780 | DD22: 200 | DF22: 4000 | DJ22: 1350 | DL22: 27000 | DM22: 850 | DO22: 255000 | DV22: 887000 | DX22: 337000 | DY22: 480000 | EC22: =SUM(DC22,DF22,DI22,DL22,DO22,DR22,DU22,DX22,EB22) -> 623000 | ES22: =SUM(EF22,EI22,EL22,EO22,ER22) -> 0 | EV22: =SUM(DC22,DF22,DI22,DL22,DO22,DR22,DX22,EB22,EF22,EI22,EL22,EO22,ER22)*0.1 -> 62300 | EW22: =EC22+ES22+ET22+EU22+EV22 -> 685300 | FB22: 200 | FD22: 4000 | FH22: 2220 | FJ22: 44400 | FK22: 200 | FM22: 60000 | FT22: 2178000 | FV22: 828000 | FW22: 200000 | GA22: =SUM(FA22,FD22,FG22,FJ22,FM22,FP22,FS22,FV22,FZ22) -> 936400 | GQ22: =SUM(GD22,GG22,GJ22,GM22,GP22) -> 0 | GT22: =SUM(FA22,FD22,FG22,FJ22,FM22,FP22,FV22,FZ22,GD22,GG22,GJ22,GM22,GP22)*0.1 -> 93640 | GU22: =GA22+GQ22+GR22+GS22+GT22 -> 1030040 | GZ22: 1000 | HB22: 2000 | HF22: 600 | HH22: 12000 | HI22: 100 | HK22: 35000 | HR22: 480000 | HT22: 182000 | HU22: 160000 | HY22: =SUM(GY22,HB22,HE22,HH22,HK22,HN22,HQ22,HT22,HX22) -> 231000 | IO22: =SUM(IB22,IE22,IH22,IK22,IN22) -> 0 | IR22: =SUM(GY22,HB22,HE22,HH22,HK22,HN22,HT22,HX22,IB22,IE22,IH22,IK22,IN22)*0.1 -> 23100 | IS22: =HY22+IO22+IP22+IQ22+IR22 -> 254100 | IX22: 0 | IZ22: 0 | JD22: 1520 | JF22: 30400 | JG22: 70 | JI22: 25000 | JP22: 200000 | JR22: 76000 | JS22: 0 | JW22: =SUM(IW22,IZ22,JC22,JF22,JI22,JL22,JO22,JR22,JV22) -> 131400 | KM22: =SUM(JZ22,KC22,KF22,KI22,KL22) -> 0 | KP22: =SUM(IW22,IZ22,JC22,JF22,JI22,JL22,JR22,JV22,JZ22,KC22,KF22,KI22,KL22)*0.1 -> 13140 | KQ22: =JW22+KM22+KN22+KO22+KP22 -> 144540
D23: Recipient - WFM | BD23: =IF(ISERROR(BE23/BC23),"",(BE23/BC23)) | BG23: =IF(ISERROR(BH23/BF23),"",(BH23/BF23)) | BJ23: =IF(ISERROR(BK23/BI23),"",(BK23/BI23)) | BM23: =IF(ISERROR(BN23/BL23),"",(BN23/BL23)) | BP23: =IF(ISERROR(BQ23/BO23),"",(BQ23/BO23)) | BS23: =IF(ISERROR(BT23/BR23),"",(BT23/BR23)) | BY23: =IF(ISERROR(BZ23/BX23),"",(BZ23/BX23)) | CC23: =IF(ISERROR(CD23/CB23),"",(CD23/CB23)) | CE23: =SUM(BE23,BH23,BK23,BN23,BQ23,BT23,BW23,BZ23,CD23) -> 0 | CF23: 2000 | CG23: =IF(ISERROR(CH23/CF23),"",(CH23/CF23)) -> 24 | CH23: =(CF23*24) -> 48000 | CJ23: =IF(ISERROR(CK23/CI23),"",(CK23/CI23)) | CM23: =IF(ISERROR(CN23/CL23),"",(CN23/CL23)) | CO23: 1000 | CP23: =IF(ISERROR(CQ23/CO23),"",(CQ23/CO23)) -> 159 | CQ23: =(CO23*159) -> 159000 | CS23: =IF(ISERROR(CT23/CR23),"",(CT23/CR23)) | CU23: =SUM(CH23,CK23,CN23,CQ23,CT23) -> 207000 | CX23: =SUM(BE23,BH23,BK23,BN23,BQ23,BT23,BZ23,CD23,CH23,CK23,CN23,CQ23,CT23)*0.1 -> 20700 | CY23: =CE23+CU23+CV23+CW23+CX23 -> 227700 | EC23: =SUM(DC23,DF23,DI23,DL23,DO23,DR23,DU23,DX23,EB23) -> 0 | ED23: 2000 | EF23: =(ED23*24) -> 48000 | EM23: 1000 | EO23: =(EM23*159) -> 159000 | ES23: =SUM(EF23,EI23,EL23,EO23,ER23) -> 207000 | EV23: =SUM(DC23,DF23,DI23,DL23,DO23,DR23,DX23,EB23,EF23,EI23,EL23,EO23,ER23)*0.1 -> 20700 | EW23: =EC23+ES23+ET23+EU23+EV23 -> 227700 | GA23: =SUM(FA23,FD23,FG23,FJ23,FM23,FP23,FS23,FV23,FZ23) -> 0 | GB23: 2000 | GD23: =(GB23*24) -> 48000 | GK23: 1000 | GM23: =(GK23*159) -> 159000 | GQ23: =SUM(GD23,GG23,GJ23,GM23,GP23) -> 207000 | GT23: =SUM(FA23,FD23,FG23,FJ23,FM23,FP23,FV23,FZ23,GD23,GG23,GJ23,GM23,GP23)*0.1 -> 20700 | GU23: =GA23+GQ23+GR23+GS23+GT23 -> 227700 | HY23: =SUM(GY23,HB23,HE23,HH23,HK23,HN23,HQ23,HT23,HX23) -> 0 | HZ23: 2000 | IB23: =(HZ23*24) -> 48000 | II23: 1000 | IK23: =(II23*159) -> 159000 | IO23: =SUM(IB23,IE23,IH23,IK23,IN23) -> 207000 | IR23: =SUM(GY23,HB23,HE23,HH23,HK23,HN23,HT23,HX23,IB23,IE23,IH23,IK23,IN23)*0.1 -> 20700 | IS23: =HY23+IO23+IP23+IQ23+IR23 -> 227700 | JW23: =SUM(IW23,IZ23,JC23,JF23,JI23,JL23,JO23,JR23,JV23) -> 0 | JX23: 2000 | JZ23: =(JX23*24) -> 48000 | KG23: 1000 | KI23: =(KG23*159) -> 159000 | KM23: =SUM(JZ23,KC23,KF23,KI23,KL23) -> 207000 | KP23: =SUM(IW23,IZ23,JC23,JF23,JI23,JL23,JR23,JV23,JZ23,KC23,KF23,KI23,KL23)*0.1 -> 20700 | KQ23: =JW23+KM23+KN23+KO23+KP23 -> 227700
D24: 100 Mile CF | F24: =IF(ISERROR(G24/E24),"",(G24/E24)) | I24: =IF(ISERROR(J24/H24),"",(J24/H24)) | L24: =IF(ISERROR(M24/K24),"",(M24/K24)) | O24: =IF(ISERROR(P24/N24),"",(P24/N24)) | R24: =IF(ISERROR(S24/Q24),"",(S24/Q24)) | U24: =IF(ISERROR(V24/T24),"",(V24/T24)) | AA24: =IF(ISERROR(AB24/Z24),"",(AB24/Z24)) | AE24: =IF(ISERROR(AF24/AD24),"",(AF24/AD24)) | AG24: =SUM(G24,J24,M24,P24,S24,V24,AB24,AF24) -> 0 | AU24: =IF(ISERROR(AV24/AT24),"0",(AV24/AT24)) -> 0 | AW24: =SUM(AJ24,AM24,AP24,AS24,AV24) -> 0 | AZ24: =SUM(G24,J24,M24,P24,S24,V24,AB24,AF24,AJ24,AM24,AP24,AV24,AS24,AX24)*0.1 -> 0 | BA24: =AG24+AW24+AX24+AY24+AZ24 -> 0 | CE24: =SUM(BE24,BH24,BK24,BN24,BQ24,BT24,BW24,BZ24,CD24) -> 0 | CF24: 1400 | CH24: 65640 | CU24: =SUM(CH24,CK24,CN24,CQ24,CT24) -> 65640 | CX24: 6564 | CY24: =CE24+CU24+CV24+CW24+CX24 -> 72204 | CZ24: 1000 ha of fertilization & 400ha of spacing surveys/prescriptions. Delivery in following years TBD | EC24: =SUM(DC24,DF24,DI24,DL24,DO24,DR24,DU24,DX24,EB24) -> 0 | ES24: =SUM(EF24,EI24,EL24,EO24,ER24) -> 0 | EW24: =EC24+ES24+ET24+EU24+EV24 -> 0 | GA24: =SUM(FA24,FD24,FG24,FJ24,FM24,FP24,FS24,FV24,FZ24) -> 0 | GQ24: =SUM(GD24,GG24,GJ24,GM24,GP24) -> 0 | GU24: =GA24+GQ24+GR24+GS24+GT24 -> 0 | HY24: =SUM(GY24,HB24,HE24,HH24,HK24,HN24,HQ24,HT24,HX24) -> 0 | IO24: =SUM(IB24,IE24,IH24,IK24,IN24) -> 0 | IS24: =HY24+IO24+IP24+IQ24+IR24 -> 0 | JW24: =SUM(IW24,IZ24,JC24,JF24,JI24,JL24,JO24,JR24,JV24) -> 0 | KM24: =SUM(JZ24,KC24,KF24,KI24,KL24) -> 0 | KQ24: =JW24+KM24+KN24+KO24+KP24 -> 0
D25: TFL | F25: =IF(ISERROR(G25/E25),"",(G25/E25)) | I25: =IF(ISERROR(J25/H25),"",(J25/H25)) | L25: =IF(ISERROR(M25/K25),"",(M25/K25)) | O25: =IF(ISERROR(P25/N25),"",(P25/N25)) | R25: =IF(ISERROR(S25/Q25),"",(S25/Q25)) | U25: =IF(ISERROR(V25/T25),"",(V25/T25)) | AA25: =IF(ISERROR(AB25/Z25),"",(AB25/Z25)) | AE25: =IF(ISERROR(AF25/AD25),"",(AF25/AD25)) | AG25: =SUM(G25,J25,M25,P25,S25,V25,AB25,AF25) -> 0 | AI25: =IF(ISERROR(AJ25/AH25),"",(AJ25/AH25)) | AL25: =IF(ISERROR(AM25/AK25),"",(AM25/AK25)) | AO25: =IF(ISERROR(AP25/AN25),"",(AP25/AN25)) | AR25: =IF(ISERROR(AS25/AQ25),"",(AS25/AQ25)) | AU25: =IF(ISERROR(AV25/AT25),"0",(AV25/AT25)) -> 0 | AW25: =SUM(AJ25,AM25,AP25,AS25,AV25) -> 0 | AZ25: =SUM(G25,J25,M25,P25,S25,V25,AB25,AF25,AJ25,AM25,AP25,AV25,AS25,AX25)*0.1 -> 0 | BA25: =AG25+AW25+AX25+AY25+AZ25 -> 0 | BD25: =IF(ISERROR(BE25/BC25),"",(BE25/BC25)) | BG25: =IF(ISERROR(BH25/BF25),"",(BH25/BF25)) | BJ25: =IF(ISERROR(BK25/BI25),"",(BK25/BI25)) | BM25: =IF(ISERROR(BN25/BL25),"",(BN25/BL25)) | BP25: =IF(ISERROR(BQ25/BO25),"",(BQ25/BO25)) | BS25: =IF(ISERROR(BT25/BR25),"",(BT25/BR25)) | BY25: =IF(ISERROR(BZ25/BX25),"",(BZ25/BX25)) | CC25: =IF(ISERROR(CD25/CB25),"",(CD25/CB25)) | CE25: =SUM(BE25,BH25,BK25,BN25,BQ25,BT25,BW25,BZ25,CD25) -> 0 | CG25: =IF(ISERROR(CH25/CF25),"",(CH25/CF25)) | CJ25: =IF(ISERROR(CK25/CI25),"",(CK25/CI25)) | CM25: =IF(ISERROR(CN25/CL25),"",(CN25/CL25)) | CP25: =IF(ISERROR(CQ25/CO25),"",(CQ25/CO25)) | CS25: =IF(ISERROR(CT25/CR25),"",(CT25/CR25)) | CU25: =SUM(CH25,CK25,CN25,CQ25,CT25) -> 0 | CX25: =SUM(BE25,BH25,BK25,BN25,BQ25,BT25,BZ25,CD25,CH25,CK25,CN25,CQ25,CT25)*0.1 -> 0 | CY25: =CE25+CU25+CV25+CW25+CX25 -> 0 | EC25: =SUM(DC25,DF25,DI25,DL25,DO25,DR25,DU25,DX25,EB25) -> 0 | ES25: =SUM(EF25,EI25,EL25,EO25,ER25) -> 0 | EV25: =SUM(DC25,DF25,DI25,DL25,DO25,DR25,DX25,EB25,EF25,EI25,EL25,EO25,ER25)*0.1 -> 0 | EW25: =EC25+ES25+ET25+EU25+EV25 -> 0 | GA25: =SUM(FA25,FD25,FG25,FJ25,FM25,FP25,FS25,FV25,FZ25) -> 0 | GQ25: =SUM(GD25,GG25,GJ25,GM25,GP25) -> 0 | GT25: =SUM(FA25,FD25,FG25,FJ25,FM25,FP25,FV25,FZ25,GD25,GG25,GJ25,GM25,GP25)*0.1 -> 0 | GU25: =GA25+GQ25+GR25+GS25+GT25 -> 0 | HY25: =SUM(GY25,HB25,HE25,HH25,HK25,HN25,HQ25,HT25,HX25) -> 0 | IO25: =SUM(IB25,IE25,IH25,IK25,IN25) -> 0 | IR25: =SUM(GY25,HB25,HE25,HH25,HK25,HN25,HT25,HX25,IB25,IE25,IH25,IK25,IN25)*0.1 -> 0 | IS25: =HY25+IO25+IP25+IQ25+IR25 -> 0 | JW25: =SUM(IW25,IZ25,JC25,JF25,JI25,JL25,JO25,JR25,JV25) -> 0 | KM25: =SUM(JZ25,KC25,KF25,KI25,KL25) -> 0 | KP25: =SUM(IW25,IZ25,JC25,JF25,JI25,JL25,JR25,JV25,JZ25,KC25,KF25,KI25,KL25)*0.1 -> 0 | KQ25: =JW25+KM25+KN25+KO25+KP25 -> 0
C26: District Total | E26: =SUM(E21:E25) -> 50 | F26: =IF(ISERROR(G26/E26),"",(G26/E26)) -> 30 | G26: =SUM(G21:G25) -> 1500 | H26: =SUM(H21:H25) -> 2500 | I26: =IF(ISERROR(J26/H26),"",(J26/H26)) -> 28 | J26: =SUM(J21:J25) -> 70000 | K26: =SUM(K21:K25) -> 0 | L26: =IF(ISERROR(M26/K26),"",(M26/K26)) | M26: =SUM(M21:M25) -> 0 | N26: =SUM(N21:N25) -> 1074 | O26: =IF(ISERROR(P26/N26),"",(P26/N26)) -> 20.484171 | P26: =SUM(P21:P25) -> 22000 | Q26: =SUM(Q21:Q25) -> 531 | R26: =IF(ISERROR(S26/Q26),"",(S26/Q26)) -> 200 | S26: =SUM(S21:S25) -> 106200 | T26: =SUM(T21:T25) -> 0 | U26: =IF(ISERROR(V26/T26),"",(V26/T26)) | V26: =SUM(V21:V25) -> 0 | W26: =SUM(W21:W25) -> 0 | X26: =SUM(X21:X25) -> 0 | Y26: =SUM(Y21:Y25) -> 0 | Z26: =SUM(Z21:Z25) -> 2068501 | AA26: =IF(ISERROR(AB26/Z26),"",(AB26/Z26)) -> 0.43735053 | AB26: =SUM(AB21:AB25) -> 904660 | AC26: =SUM(AC21:AC25) -> 800000 | AD26: =SUM(AD21:AD25) -> 0 | AE26: =IF(ISERROR(AF26/AD26),"",(AF26/AD26)) | AF26: =SUM(AF21:AF25) -> 0 | AG26: =SUM(AG21:AG25) -> 1104360 | AH26: =SUM(AH21:AH25) -> 0 | AI26: =IF(ISERROR(AJ26/AH26),"",(AJ26/AH26)) | AJ26: =SUM(AJ21:AJ25) -> 0 | AK26: =SUM(AK21:AK25) -> 0 | AL26: =IF(ISERROR(AM26/AK26),"",(AM26/AK26)) | AM26: =SUM(AM21:AM25) -> 0 | AN26: =SUM(AN21:AN25) -> 0 | AO26: =IF(ISERROR(AP26/AN26),"",(AP26/AN26)) | AP26: =SUM(AP21:AP25) -> 0 | AQ26: =SUM(AQ21:AQ25) -> 0 | AR26: =IF(ISERROR(AS26/AQ26),"",(AS26/AQ26)) | AS26: =SUM(AS21:AS25) -> 0 | AT26: =SUM(AT21:AT25) -> 0 | AU26: =IF(ISERROR(AV26/AT26),"0",(AV26/AT26)) -> 0 | AV26: =SUM(AV21:AV25) -> 0 | AW26: =SUM(AW21:AW25) -> 0 | AX26: =SUM(AX21:AX25) -> 0 | AY26: =SUM(AY21:AY25) -> 5000 | AZ26: =SUM(AZ21:AZ25) -> 110436 | BA26: =AG26+AW26+AX26+AY26+AZ26 -> 1219796 | BC26: =SUM(BC21:BC25) -> 0 | BD26: =IF(ISERROR(BE26/BC26),"",(BE26/BC26)) | BE26: =SUM(BE21:BE25) -> 0 | BF26: =SUM(BF21:BF25) -> 2500 | BG26: =IF(ISERROR(BH26/BF26),"",(BH26/BF26)) -> 28 | BH26: =SUM(BH21:BH25) -> 70000 | BI26: =SUM(BI21:BI25) -> 4105 | BJ26: =IF(ISERROR(BK26/BI26),"",(BK26/BI26)) -> 30 | BK26: =SUM(BK21:BK25) -> 123150 | BL26: =SUM(BL21:BL25) -> 1210 | BM26: =IF(ISERROR(BN26/BL26),"",(BN26/BL26)) -> 20 | BN26: =SUM(BN21:BN25) -> 24200 | BO26: =SUM(BO21:BO25) -> 400 | BP26: =IF(ISERROR(BQ26/BO26),"",(BQ26/BO26)) -> 300 | BQ26: =SUM(BQ21:BQ25) -> 120000 | BR26: =SUM(BR21:BR25) -> 0 | BS26: =IF(ISERROR(BT26/BR26),"",(BT26/BR26)) | BT26: =SUM(BT21:BT25) -> 0 | BU26: =SUM(BU21:BU25) -> 0 | BV26: =SUM(BV21:BV25) -> 0 | BW26: =SUM(BW21:BW25) -> 0 | BX26: =SUM(BX21:BX25) -> 1617000 | BY26: =IF(ISERROR(BZ26/BX26),"",(BZ26/BX26)) -> 0.38070501 | BZ26: =SUM(BZ21:BZ25) -> 615600 | CA26: =SUM(CA21:CA25) -> 2178000 | CB26: =SUM(CB21:CB25) -> 0 | CC26: =IF(ISERROR(CD26/CB26),"",(CD26/CB26)) | CD26: =SUM(CD21:CD25) -> 0 | CE26: =SUM(BE26,BH26,BK26,BN26,BQ26,BT26,BW26,BZ26,CD26) -> 952950 | CF26: =SUM(CF21:CF25) -> 3400 | CG26: =IF(ISERROR(CH26/CF26),"",(CH26/CF26)) -> 33.423529 | CH26: =SUM(CH21:CH25) -> 113640 | CI26: =SUM(CI21:CI25) -> 0 | CJ26: =IF(ISERROR(CK26/CI26),"",(CK26/CI26)) | CK26: =SUM(CK21:CK25) -> 0 | CL26: =SUM(CL21:CL25) -> 0 | CM26: =IF(ISERROR(CN26/CL26),"",(CN26/CL26)) | CN26: =SUM(CN21:CN25) -> 0 | CO26: =SUM(CO21:CO25) -> 1000 | CP26: =IF(ISERROR(CQ26/CO26),"",(CQ26/CO26)) -> 159 | CQ26: =SUM(CQ21:CQ25) -> 159000 | CR26: =SUM(CR21:CR25) -> 0 | CS26: =IF(ISERROR(CT26/CR26),"",(CT26/CR26)) | CT26: =SUM(CT21:CT25) -> 0 | CU26: =SUM(CH26,CK26,CN26,CQ26,CT26) -> 272640 | CV26: =SUM(CV21:CV25) -> 0 | CW26: =SUM(CW21:CW25) -> 5000 | CX26: =SUM(CX21:CX25) -> 122559 | CY26: =CE26+CU26+CV26+CW26+CX26 -> 1353149 | DA26: =SUM(DA21:DA25) -> 0 | DC26: =SUM(DC21:DC25) -> 0 | DD26: =SUM(DD21:DD25) -> 2200 | DF26: =SUM(DF21:DF25) -> 64000 | DG26: =SUM(DG21:DG25) -> 1700 | DI26: =SUM(DI21:DI25) -> 51000 | DJ26: =SUM(DJ21:DJ25) -> 1350 | DL26: =SUM(DL21:DL25) -> 27000 | DM26: =SUM(DM21:DM25) -> 850 | DO26: =SUM(DO21:DO25) -> 255000 | DP26: =SUM(DP21:DP25) -> 0 | DR26: =SUM(DR21:DR25) -> 0 | DS26: =SUM(DS21:DS25) -> 0 | DT26: =SUM(DT21:DT25) -> 0 | DU26: =SUM(DU21:DU25) -> 0 | DV26: =SUM(DV21:DV25) -> 887000 | DX26: =SUM(DX21:DX25) -> 337000 | DY26: =SUM(DY21:DY25) -> 480000 | DZ26: =SUM(DZ21:DZ25) -> 0 | EB26: =SUM(EB21:EB25) -> 0 | EC26: =SUM(DC26,DF26,DI26,DL26,DO26,DR26,DU26,DX26,EB26) -> 734000 | ED26: =SUM(ED21:ED25) -> 2000 | EF26: =SUM(EF21:EF25) -> 48000 | EG26: =SUM(EG21:EG25) -> 0 | EI26: =SUM(EI21:EI25) -> 0 | EJ26: =SUM(EJ21:EJ25) -> 0 | EL26: =SUM(EL21:EL25) -> 0 | EM26: =SUM(EM21:EM25) -> 1000 | EO26: =SUM(EO21:EO25) -> 159000 | EP26: =SUM(EP21:EP25) -> 0 | ER26: =SUM(ER21:ER25) -> 0 | ES26: =SUM(EF26,EI26,EL26,EO26,ER26) -> 207000 | ET26: =SUM(ET21:ET25) -> 0 | EU26: =SUM(EU21:EU25) -> 5000 | EV26: =SUM(EV21:EV25) -> 94100 | EW26: =EC26+ES26+ET26+EU26+EV26 -> 1040100 | EY26: =SUM(EY21:EY25) -> 0 | FA26: =SUM(FA21:FA25) -> 0 | FB26: =SUM(FB21:FB25) -> 2200 | FD26: =SUM(FD21:FD25) -> 64000 | FE26: =SUM(FE21:FE25) -> 757 | FG26: =SUM(FG21:FG25) -> 22710 | FH26: =SUM(FH21:FH25) -> 2220 | FJ26: =SUM(FJ21:FJ25) -> 44400 | FK26: =SUM(FK21:FK25) -> 200 | FM26: =SUM(FM21:FM25) -> 60000 | FN26: =SUM(FN21:FN25) -> 0 | FP26: =SUM(FP21:FP25) -> 0 | FQ26: =SUM(FQ21:FQ25) -> 0 | FR26: =SUM(FR21:FR25) -> 0 | FS26: =SUM(FS21:FS25) -> 0 | FT26: =SUM(FT21:FT25) -> 2178000 | FV26: =SUM(FV21:FV25) -> 828000 | FW26: =SUM(FW21:FW25) -> 200000 | FX26: =SUM(FX21:FX25) -> 0 | FZ26: =SUM(FZ21:FZ25) -> 0 | GA26: =SUM(FA26,FD26,FG26,FJ26,FM26,FP26,FS26,FV26,FZ26) -> 1019110 | GB26: =SUM(GB21:GB25) -> 3000 | GD26: =SUM(GD21:GD25) -> 78000 | GE26: =SUM(GE21:GE25) -> 0 | GG26: =SUM(GG21:GG25) -> 0 | GH26: =SUM(GH21:GH25) -> 0 | GJ26: =SUM(GJ21:GJ25) -> 0 | GK26: =SUM(GK21:GK25) -> 1000 | GM26: =SUM(GM21:GM25) -> 159000 | GN26: =SUM(GN21:GN25) -> 0 | GP26: =SUM(GP21:GP25) -> 0 | GQ26: =SUM(GD26,GG26,GJ26,GM26,GP26) -> 237000 | GR26: =SUM(GR21:GR25) -> 0 | GS26: =SUM(GS21:GS25) -> 5000 | GT26: =SUM(GT21:GT25) -> 125611 | GU26: =GA26+GQ26+GR26+GS26+GT26 -> 1386721 | GW26: =SUM(GW21:GW25) -> 0 | GY26: =SUM(GY21:GY25) -> 0 | GZ26: =SUM(GZ21:GZ25) -> 3000 | HB26: =SUM(HB21:HB25) -> 62000 | HC26: =SUM(HC21:HC25) -> 0 | HE26: =SUM(HE21:HE25) -> 0 | HF26: =SUM(HF21:HF25) -> 600 | HH26: =SUM(HH21:HH25) -> 12000 | HI26: =SUM(HI21:HI25) -> 100 | HK26: =SUM(HK21:HK25) -> 35000 | HL26: =SUM(HL21:HL25) -> 0 | HN26: =SUM(HN21:HN25) -> 0 | HO26: =SUM(HO21:HO25) -> 0 | HP26: =SUM(HP21:HP25) -> 0 | HQ26: =SUM(HQ21:HQ25) -> 0 | HR26: =SUM(HR21:HR25) -> 480000 | HT26: =SUM(HT21:HT25) -> 182000 | HU26: =SUM(HU21:HU25) -> 160000 | HV26: =SUM(HV21:HV25) -> 0 | HX26: =SUM(HX21:HX25) -> 0 | HY26: =SUM(GY26,HB26,HE26,HH26,HK26,HN26,HQ26,HT26,HX26) -> 291000 | HZ26: =SUM(HZ21:HZ25) -> 3000 | IB26: =SUM(IB21:IB25) -> 78000 | IC26: =SUM(IC21:IC25) -> 0 | IE26: =SUM(IE21:IE25) -> 0 | IF26: =SUM(IF21:IF25) -> 0 | IH26: =SUM(IH21:IH25) -> 0 | II26: =SUM(II21:II25) -> 1000 | IK26: =SUM(IK21:IK25) -> 159000 | IL26: =SUM(IL21:IL25) -> 0 | IN26: =SUM(IN21:IN25) -> 0 | IO26: =SUM(IB26,IE26,IH26,IK26,IN26) -> 237000 | IP26: =SUM(IP21:IP25) -> 0 | IQ26: =SUM(IQ21:IQ25) -> 5000 | IR26: =SUM(IR21:IR25) -> 52800 | IS26: =HY26+IO26+IP26+IQ26+IR26 -> 585800 | IU26: =SUM(IU21:IU25) -> 0 | IW26: =SUM(IW21:IW25) -> 0 | IX26: =SUM(IX21:IX25) -> 2000 | IZ26: =SUM(IZ21:IZ25) -> 60000 | JA26: =SUM(JA21:JA25) -> 0 | JC26: =SUM(JC21:JC25) -> 0 | JD26: =SUM(JD21:JD25) -> 1520 | JF26: =SUM(JF21:JF25) -> 30400 | JG26: =SUM(JG21:JG25) -> 70 | JI26: =SUM(JI21:JI25) -> 25000 | JJ26: =SUM(JJ21:JJ25) -> 0 | JL26: =SUM(JL21:JL25) -> 0 | JM26: =SUM(JM21:JM25) -> 0 | JN26: =SUM(JN21:JN25) -> 0 | JO26: =SUM(JO21:JO25) -> 0 | JP26: =SUM(JP21:JP25) -> 200000 | JR26: =SUM(JR21:JR25) -> 76000 | JS26: =SUM(JS21:JS25) -> 0 | JT26: =SUM(JT21:JT25) -> 0 | JV26: =SUM(JV21:JV25) -> 0 | JW26: =SUM(IW26,IZ26,JC26,JF26,JI26,JL26,JO26,JR26,JV26) -> 191400 | JX26: =SUM(JX21:JX25) -> 3000 | JZ26: =SUM(JZ21:JZ25) -> 78000 | KA26: =SUM(KA21:KA25) -> 0 | KC26: =SUM(KC21:KC25) -> 0 | KD26: =SUM(KD21:KD25) -> 0 | KF26: =SUM(KF21:KF25) -> 0 | KG26: =SUM(KG21:KG25) -> 1000 | KI26: =SUM(KI21:KI25) -> 159000 | KJ26: =SUM(KJ21:KJ25) -> 0 | KL26: =SUM(KL21:KL25) -> 0 | KM26: =SUM(JZ26,KC26,KF26,KI26,KL26) -> 237000 | KN26: =SUM(KN21:KN25) -> 0 | KO26: =SUM(KO21:KO25) -> 5000 | KP26: =SUM(KP21:KP25) -> 42840 | KQ26: =JW26+KM26+KN26+KO26+KP26 -> 476240
B27: Region sub-total | D27: District | E27: =E7+E16+E21 -> 1550 | F27: =IF(ISERROR(G27/E27),"",(G27/E27)) -> 25.16129 | G27: =G7+G16+G21 -> 39000 | H27: =H7+H16+H21 -> 3800 | I27: =IF(ISERROR(J27/H27),"",(J27/H27)) -> 28.947368 | J27: =J7+J16+J21 -> 110000 | K27: =K7+K16+K21 -> 1500 | L27: =IF(ISERROR(M27/K27),"",(M27/K27)) -> 30 | M27: =M7+M16+M21 -> 45000 | N27: =N7+N16+N21 -> 0 | O27: =IF(ISERROR(P27/N27),"",(P27/N27)) | P27: =P7+P16+P21 -> 0 | Q27: =Q7+Q16+Q21 -> 400 | R27: =IF(ISERROR(S27/Q27),"",(S27/Q27)) -> 100 | S27: =S7+S16+S21 -> 40000 | T27: =T7+T16+T21 -> 0 | U27: =IF(ISERROR(V27/T27),"",(V27/T27)) | V27: =V7+V16+V21 -> 0 | W27: =W7+W16+W21 -> 0 | X27: =X7+X16+X21 -> 0 | Y27: =Y7+Y16+Y21 -> 0 | Z27: =Z7+Z16+Z21 -> 4950000 | AA27: =IF(ISERROR(AB27/Z27),"",(AB27/Z27)) -> 0.40141414 | AB27: =AB7+AB16+AB21 -> 1987000 | AC27: =AC7+AC16+AC21 -> 4500000 | AD27: =AD7+AD16+AD21 -> 0 | AE27: =IF(ISERROR(AF27/AD27),"",(AF27/AD27)) | AF27: =AF7+AF16+AF21 -> 0 | AG27: =AG7+AG16+AG21 -> 2221000 | AH27: =AH7+AH16+AH21 -> 0 | AI27: =IF(ISERROR(AJ27/AH27),"",(AJ27/AH27)) | AJ27: =AJ7+AJ16+AJ21 -> 0 | AK27: =AK7+AK16+AK21 -> 0 | AL27: =IF(ISERROR(AM27/AK27),"",(AM27/AK27)) | AM27: =AM7+AM16+AM21 -> 0 | AN27: =AN7+AN16+AN21 -> 0 | AO27: =IF(ISERROR(AP27/AN27),"",(AP27/AN27)) | AP27: =AP7+AP16+AP21 -> 0 | AQ27: =AQ7+AQ16+AQ21 -> 0 | AR27: =IF(ISERROR(AS27/AQ27),"",(AS27/AQ27)) | AS27: =AS7+AS16+AS21 -> 0 | AT27: =AT7+AT16+AT21 -> 0 | AU27: =IF(ISERROR(AV27/AT27),"0",(AV27/AT27)) -> 0 | AV27: =AV7+AV16+AV21 -> 0 | AW27: =AW7+AW16+AW21 -> 0 | AX27: =AX7+AX16+AX21 -> 0 | AY27: =AY7+AY16+AY21 -> 15000 | AZ27: =AZ7+AZ16+AZ21 -> 222100 | BA27: =AG27+AW27+AX27+AY27+AZ27 -> 2458100 | BC27: =BC7+BC16+BC21 -> 0 | BD27: =IF(ISERROR(BE27/BC27),"",(BE27/BC27)) | BE27: =BE7+BE16+BE21 -> 0 | BF27: =BF7+BF16+BF21 -> 3200 | BG27: =IF(ISERROR(BH27/BF27),"",(BH27/BF27)) -> 29.6875 | BH27: =BH7+BH16+BH21 -> 95000 | BI27: =BI7+BI16+BI21 -> 20105 | BJ27: =IF(ISERROR(BK27/BI27),"",(BK27/BI27)) -> 26.02089 | BK27: =BK7+BK16+BK21 -> 523150 | BL27: =BL7+BL16+BL21 -> 4800 | BM27: =IF(ISERROR(BN27/BL27),"",(BN27/BL27)) -> 18.75 | BN27: =BN7+BN16+BN21 -> 90000 | BO27: =BO7+BO16+BO21 -> 2200 | BP27: =IF(ISERROR(BQ27/BO27),"",(BQ27/BO27)) -> 200 | BQ27: =BQ7+BQ16+BQ21 -> 440000 | BR27: =BR7+BR16+BR21 -> 110 | BS27: =IF(ISERROR(BT27/BR27),"",(BT27/BR27)) -> 738 | BT27: =BT7+BT16+BT21 -> 81180 | BU27: =BU7+BU16+BU21 -> 0 | BV27: =BV7+BV16+BV21 -> 0 | BW27: =BW7+BW16+BW21 -> 0 | BX27: =BX7+BX16+BX21 -> 5532000 | BY27: =IF(ISERROR(BZ27/BX27),"",(BZ27/BX27)) -> 0.48806941 | BZ27: =BZ7+BZ16+BZ21 -> 2700000 | CA27: =CA7+CA16+CA21 -> 4000000 | CB27: =CB7+CB16+CB21 -> 0 | CC27: =IF(ISERROR(CD27/CB27),"",(CD27/CB27)) | CD27: =CD7+CD16+CD21 -> 0 | CE27: =SUM(BE27,BH27,BK27,BN27,BQ27,BT27,BW27,BZ27,CD27) -> 3929330 | CF27: =CF7+CF16+CF21 -> 0 | CG27: =IF(ISERROR(CH27/CF27),"",(CH27/CF27)) | CH27: =CH7+CH16+CH21 -> 0 | CI27: =CI7+CI16+CI21 -> 0 | CJ27: =IF(ISERROR(CK27/CI27),"",(CK27/CI27)) | CK27: =CK7+CK16+CK21 -> 0 | CL27: =CL7+CL16+CL21 -> 170 | CM27: =IF(ISERROR(CN27/CL27),"",(CN27/CL27)) -> 1298 | CN27: =CN7+CN16+CN21 -> 220660 | CO27: =CO7+CO16+CO21 -> 1850 | CP27: =IF(ISERROR(CQ27/CO27),"",(CQ27/CO27)) -> 163 | CQ27: =CQ7+CQ16+CQ21 -> 301550 | CR27: =CR7+CR16+CR21 -> 0 | CS27: =IF(ISERROR(CT27/CR27),"",(CT27/CR27)) | CT27: =CT7+CT16+CT21 -> 0 | CU27: =SUM(CH27,CK27,CN27,CQ27,CT27) -> 522210 | CV27: =CV7+CV16+CV21 -> 0 | CW27: =CW7+CW16+CW21 -> 15000 | CX27: =CX7+CX16+CX21 -> 445154 | CY27: =CE27+CU27+CV27+CW27+CX27 -> 4911694 | DA27: =DA7+DA16+DA21 -> 0 | DB27: =IF(ISERROR(DC27/DA27),"",(DC27/DA27)) | DC27: =DC7+DC16+DC21 -> 0 | DD27: =DD7+DD16+DD21 -> 19500 | DE27: =IF(ISERROR(DF27/DD27),"",(DF27/DD27)) -> 17.820513 | DF27: =DF7+DF16+DF21 -> 347500 | DG27: =DG7+DG16+DG21 -> 11700 | DH27: =IF(ISERROR(DI27/DG27),"",(DI27/DG27)) -> 30 | DI27: =DI7+DI16+DI21 -> 351000 | DJ27: =DJ7+DJ16+DJ21 -> 2300 | DK27: =IF(ISERROR(DL27/DJ27),"",(DL27/DJ27)) -> 15.217391 | DL27: =DL7+DL16+DL21 -> 35000 | DM27: =DM7+DM16+DM21 -> 500 | DN27: =IF(ISERROR(DO27/DM27),"",(DO27/DM27)) -> 102 | DO27: =DO7+DO16+DO21 -> 51000 | DP27: =DP7+DP16+DP21 -> 100 | DQ27: =IF(ISERROR(DR27/DP27),"",(DR27/DP27)) -> 762 | DR27: =DR7+DR16+DR21 -> 76200 | DS27: =DS7+DS16+DS21 -> 0 | DT27: =DT7+DT16+DT21 -> 0 | DU27: =DU7+DU16+DU21 -> 0 | DV27: =DV7+DV16+DV21 -> 4500000 | DW27: =IF(ISERROR(DX27/DV27),"",(DX27/DV27)) -> 0.54333333 | DX27: =DX7+DX16+DX21 -> 2445000 | DY27: =DY7+DY16+DY21 -> 5000000 | DZ27: =DZ7+DZ16+DZ21 -> 0 | EA27: =IF(ISERROR(EB27/DZ27),"",(EB27/DZ27)) | EB27: =EB7+EB16+EB21 -> 0 | EC27: =SUM(DC27,DF27,DI27,DL27,DO27,DR27,DU27,DX27,EB27) -> 3305700 | ED27: =ED7+ED16+ED21 -> 0 | EE27: =IF(ISERROR(EF27/ED27),"",(EF27/ED27)) | EF27: =EF7+EF16+EF21 -> 0 | EG27: =EG7+EG16+EG21 -> 0 | EH27: =IF(ISERROR(EI27/EG27),"",(EI27/EG27)) | EI27: =EI7+EI16+EI21 -> 0 | EJ27: =EJ7+EJ16+EJ21 -> 170 | EK27: =IF(ISERROR(EL27/EJ27),"",(EL27/EJ27)) -> 1298 | EL27: =EL7+EL16+EL21 -> 220660 | EM27: =EM7+EM16+EM21 -> 1850 | EN27: =IF(ISERROR(EO27/EM27),"",(EO27/EM27)) -> 163 | EO27: =EO7+EO16+EO21 -> 301550 | EP27: =EP7+EP16+EP21 -> 0 | EQ27: =IF(ISERROR(ER27/EP27),"",(ER27/EP27)) | ER27: =ER7+ER16+ER21 -> 0 | ES27: =SUM(EF27,EI27,EL27,EO27,ER27) -> 522210 | ET27: =ET7+ET16+ET21 -> 0 | EU27: =EU7+EU16+EU21 -> 15000 | EV27: =EV7+EV16+EV21 -> 382791 | EW27: =EC27+ES27+ET27+EU27+EV27 -> 4225701 | EY27: =EY7+EY16+EY21 -> 0 | EZ27: =IF(ISERROR(FA27/EY27),"",(FA27/EY27)) | FA27: =FA7+FA16+FA21 -> 0 | FB27: =FB7+FB16+FB21 -> 9000 | FC27: =IF(ISERROR(FD27/FB27),"",(FD27/FB27)) -> 26.111111 | FD27: =FD7+FD16+FD21 -> 235000 | FE27: =FE7+FE16+FE21 -> 5757 | FF27: =IF(ISERROR(FG27/FE27),"",(FG27/FE27)) -> 25.65746 | FG27: =FG7+FG16+FG21 -> 147710 | FH27: =FH7+FH16+FH21 -> 3460 | FI27: =IF(ISERROR(FJ27/FH27),"",(FJ27/FH27)) -> 18.49711 | FJ27: =FJ7+FJ16+FJ21 -> 64000 | FK27: =FK7+FK16+FK21 -> 500 | FL27: =IF(ISERROR(FM27/FK27),"",(FM27/FK27)) -> 250 | FM27: =FM7+FM16+FM21 -> 125000 | FN27: =FN7+FN16+FN21 -> 100 | FO27: =IF(ISERROR(FP27/FN27),"",(FP27/FN27)) -> 762 | FP27: =FP7+FP16+FP21 -> 76200 | FQ27: =FQ7+FQ16+FQ21 -> 0 | FR27: =FR7+FR16+FR21 -> 0 | FS27: =FS7+FS16+FS21 -> 0 | FT27: =FT7+FT16+FT21 -> 4000000 | FU27: =IF(ISERROR(FV27/FT27),"",(FV27/FT27)) -> 0.57 | FV27: =FV7+FV16+FV21 -> 2280000 | FW27: =FW7+FW16+FW21 -> 4800000 | FX27: =FX7+FX16+FX21 -> 0 | FY27: =IF(ISERROR(FZ27/FX27),"",(FZ27/FX27)) | FZ27: =FZ7+FZ16+FZ21 -> 0 | GA27: =SUM(FA27,FD27,FG27,FJ27,FM27,FP27,FS27,FV27,FZ27) -> 2927910 | GB27: =GB7+GB16+GB21 -> 1000 | GC27: =IF(ISERROR(GD27/GB27),"",(GD27/GB27)) -> 30 | GD27: =GD7+GD16+GD21 -> 30000 | GE27: =GE7+GE16+GE21 -> 0 | GF27: =IF(ISERROR(GG27/GE27),"",(GG27/GE27)) | GG27: =GG7+GG16+GG21 -> 0 | GH27: =GH7+GH16+GH21 -> 170 | GI27: =IF(ISERROR(GJ27/GH27),"",(GJ27/GH27)) -> 1298 | GJ27: =GJ7+GJ16+GJ21 -> 220660 | GK27: =GK7+GK16+GK21 -> 1850 | GL27: =IF(ISERROR(GM27/GK27),"",(GM27/GK27)) -> 163 | GM27: =GM7+GM16+GM21 -> 301550 | GN27: =GN7+GN16+GN21 -> 0 | GO27: =IF(ISERROR(GP27/GN27),"",(GP27/GN27)) | GP27: =GP7+GP16+GP21 -> 0 | GQ27: =SUM(GD27,GG27,GJ27,GM27,GP27) -> 552210 | GR27: =GR7+GR16+GR21 -> 0 | GS27: =GS7+GS16+GS21 -> 15000 | GT27: =GT7+GT16+GT21 -> 348012 | GU27: =GA27+GQ27+GR27+GS27+GT27 -> 3843132 | GW27: =GW7+GW16+GW21 -> 0 | GX27: =IF(ISERROR(GY27/GW27),"",(GY27/GW27)) | GY27: =GY7+GY16+GY21 -> 0 | GZ27: =GZ7+GZ16+GZ21 -> 7800 | HA27: =IF(ISERROR(HB27/GZ27),"",(HB27/GZ27)) -> 26.282051 | HB27: =HB7+HB16+HB21 -> 205000 | HC27: =HC7+HC16+HC21 -> 9000 | HD27: =IF(ISERROR(HE27/HC27),"",(HE27/HC27)) -> 30 | HE27: =HE7+HE16+HE21 -> 270000 | HF27: =HF7+HF16+HF21 -> 3000 | HG27: =IF(ISERROR(HH27/HF27),"",(HH27/HF27)) -> 15 | HH27: =HH7+HH16+HH21 -> 45000 | HI27: =HI7+HI16+HI21 -> 500 | HJ27: =IF(ISERROR(HK27/HI27),"",(HK27/HI27)) -> 250 | HK27: =HK7+HK16+HK21 -> 125000 | HL27: =HL7+HL16+HL21 -> 100 | HM27: =IF(ISERROR(HN27/HL27),"",(HN27/HL27)) -> 762 | HN27: =HN7+HN16+HN21 -> 76200 | HO27: =HO7+HO16+HO21 -> 0 | HP27: =HP7+HP16+HP21 -> 0 | HQ27: =HQ7+HQ16+HQ21 -> 0 | HR27: =HR7+HR16+HR21 -> 5000000 | HS27: =IF(ISERROR(HT27/HR27),"",(HT27/HR27)) -> 0.542016 | HT27: =HT7+HT16+HT21 -> 2710080 | HU27: =HU7+HU16+HU21 -> 4500000 | HV27: =HV7+HV16+HV21 -> 500 | HW27: =IF(ISERROR(HX27/HV27),"",(HX27/HV27)) -> 250 | HX27: =HX7+HX16+HX21 -> 125000 | HY27: =SUM(GY27,HB27,HE27,HH27,HK27,HN27,HQ27,HT27,HX27) -> 3556280 | HZ27: =HZ7+HZ16+HZ21 -> 1000 | IA27: =IF(ISERROR(IB27/HZ27),"",(IB27/HZ27)) -> 30 | IB27: =IB7+IB16+IB21 -> 30000 | IC27: =IC7+IC16+IC21 -> 0 | ID27: =IF(ISERROR(IE27/IC27),"",(IE27/IC27)) | IE27: =IE7+IE16+IE21 -> 0 | IF27: =IF7+IF16+IF21 -> 170 | IG27: =IF(ISERROR(IH27/IF27),"",(IH27/IF27)) -> 1298 | IH27: =IH7+IH16+IH21 -> 220660 | II27: =II7+II16+II21 -> 1850 | IJ27: =IF(ISERROR(IK27/II27),"",(IK27/II27)) -> 163 | IK27: =IK7+IK16+IK21 -> 301550 | IL27: =IL7+IL16+IL21 -> 0 | IM27: =IF(ISERROR(IN27/IL27),"",(IN27/IL27)) | IN27: =IN7+IN16+IN21 -> 0 | IO27: =SUM(IB27,IE27,IH27,IK27,IN27) -> 552210 | IP27: =IP7+IP16+IP21 -> 0 | IQ27: =IQ7+IQ16+IQ21 -> 15000 | IR27: =IR7+IR16+IR21 -> 410849 | IS27: =HY27+IO27+IP27+IQ27+IR27 -> 4534339 | IU27: =IU7+IU16+IU21 -> 0 | IV27: =IF(ISERROR(IW27/IU27),"",(IW27/IU27)) | IW27: =IW7+IW16+IW21 -> 0 | IX27: =IX7+IX16+IX21 -> 7800 | IY27: =IF(ISERROR(IZ27/IX27),"",(IZ27/IX27)) -> 26.282051 | IZ27: =IZ7+IZ16+IZ21 -> 205000 | JA27: =JA7+JA16+JA21 -> 9000 | JB27: =IF(ISERROR(JC27/JA27),"",(JC27/JA27)) -> 30 | JC27: =JC7+JC16+JC21 -> 270000 | JD27: =JD7+JD16+JD21 -> 3460 | JE27: =IF(ISERROR(JF27/JD27),"",(JF27/JD27)) -> 16.32948 | JF27: =JF7+JF16+JF21 -> 56500 | JG27: =JG7+JG16+JG21 -> 500 | JH27: =IF(ISERROR(JI27/JG27),"",(JI27/JG27)) -> 250 | JI27: =JI7+JI16+JI21 -> 125000 | JJ27: =JJ7+JJ16+JJ21 -> 100 | JK27: =IF(ISERROR(JL27/JJ27),"",(JL27/JJ27)) -> 762 | JL27: =JL7+JL16+JL21 -> 76200 | JM27: =JM7+JM16+JM21 -> 0 | JN27: =JN7+JN16+JN21 -> 0 | JO27: =JO7+JO16+JO21 -> 0 | JP27: =JP7+JP16+JP21 -> 4800000 | JQ27: =IF(ISERROR(JR27/JP27),"",(JR27/JP27)) -> 0.54966667 | JR27: =JR7+JR16+JR21 -> 2638400 | JS27: =JS7+JS16+JS21 -> 4500000 | JT27: =JT7+JT16+JT21 -> 300 | JU27: =IF(ISERROR(JV27/JT27),"",(JV27/JT27)) -> 250 | JV27: =JV7+JV16+JV21 -> 75000 | JW27: =SUM(IW27,IZ27,JC27,JF27,JI27,JL27,JO27,JR27,JV27) -> 3446100 | JX27: =JX7+JX16+JX21 -> 1000 | JY27: =IF(ISERROR(JZ27/JX27),"",(JZ27/JX27)) -> 30 | JZ27: =JZ7+JZ16+JZ21 -> 30000 | KA27: =KA7+KA16+KA21 -> 0 | KB27: =IF(ISERROR(KC27/KA27),"",(KC27/KA27)) | KC27: =KC7+KC16+KC21 -> 0 | KD27: =KD7+KD16+KD21 -> 170 | KE27: =IF(ISERROR(KF27/KD27),"",(KF27/KD27)) -> 1298 | KF27: =KF7+KF16+KF21 -> 220660 | KG27: =KG7+KG16+KG21 -> 1850 | KH27: =IF(ISERROR(KI27/KG27),"",(KI27/KG27)) -> 163 | KI27: =KI7+KI16+KI21 -> 301550 | KJ27: =KJ7+KJ16+KJ21 -> 0 | KK27: =IF(ISERROR(KL27/KJ27),"",(KL27/KJ27)) | KL27: =KL7+KL16+KL21 -> 0 | KM27: =SUM(JZ27,KC27,KF27,KI27,KL27) -> 552210 | KN27: =KN7+KN16+KN21 -> 0 | KO27: =KO7+KO16+KO21 -> 15000 | KP27: =KP7+KP16+KP21 -> 399831 | KQ27: =JW27+KM27+KN27+KO27+KP27 -> 4413141
B28: Region sub-total | D28: BCTS | E28: =E8+E17+E22 -> 0 | F28: =IF(ISERROR(G28/E28),"",(G28/E28)) | G28: =G8+G17+G22 -> 0 | H28: =H8+H17+H22 -> 6400 | I28: =IF(ISERROR(J28/H28),"",(J28/H28)) -> 19.453125 | J28: =J8+J17+J22 -> 124500 | K28: =K8+K17+K22 -> 0 | L28: =IF(ISERROR(M28/K28),"",(M28/K28)) | M28: =M8+M17+M22 -> 0 | N28: =N8+N17+N22 -> 2724 | O28: =IF(ISERROR(P28/N28),"",(P28/N28)) -> 22.246696 | P28: =P8+P17+P22 -> 60600 | Q28: =Q8+Q17+Q22 -> 2131 | R28: =IF(ISERROR(S28/Q28),"",(S28/Q28)) -> 180.85406 | S28: =S8+S17+S22 -> 385400 | T28: =T8+T17+T22 -> 0 | U28: =IF(ISERROR(V28/T28),"",(V28/T28)) | V28: =V8+V17+V22 -> 0 | W28: =W8+W17+W22 -> 0 | X28: =X8+X17+X22 -> 0 | Y28: =Y8+Y17+Y22 -> 0 | Z28: =Z8+Z17+Z22 -> 3915380 | AA28: =IF(ISERROR(AB28/Z28),"",(AB28/Z28)) -> 0.39548166 | AB28: =AB8+AB17+AB22 -> 1548461 | AC28: =AC8+AC17+AC22 -> 3400000 | AD28: =AD8+AD17+AD22 -> 0 | AE28: =IF(ISERROR(AF28/AD28),"",(AF28/AD28)) | AF28: =AF8+AF17+AF22 -> 0 | AG28: =AG8+AG17+AG22 -> 2118961 | AH28: =AH8+AH17+AH22 -> 0 | AI28: =IF(ISERROR(AJ28/AH28),"",(AJ28/AH28)) | AJ28: =AJ8+AJ17+AJ22 -> 0 | AK28: =AK8+AK17+AK22 -> 0 | AL28: =IF(ISERROR(AM28/AK28),"",(AM28/AK28)) | AM28: =AM8+AM17+AM22 -> 0 | AN28: =AN8+AN17+AN22 -> 0 | AO28: =IF(ISERROR(AP28/AN28),"",(AP28/AN28)) | AP28: =AP8+AP17+AP22 -> 0 | AQ28: =AQ8+AQ17+AQ22 -> 0 | AR28: =IF(ISERROR(AS28/AQ28),"",(AS28/AQ28)) | AS28: =AS8+AS17+AS22 -> 0 | AT28: =AT8+AT17+AT22 -> 0 | AU28: =IF(ISERROR(AV28/AT28),"0",(AV28/AT28)) -> 0 | AV28: =AV8+AV17+AV22 -> 0 | AW28: =AW8+AW17+AW22 -> 0 | AX28: =AX8+AX17+AX22 -> 0 | AY28: =AY8+AY17+AY22 -> 0 | AZ28: =AZ8+AZ17+AZ22 -> 211896.1 | BA28: =AG28+AW28+AX28+AY28+AZ28 -> 2330857.1 | BC28: =BC8+BC17+BC22 -> 0 | BD28: =IF(ISERROR(BE28/BC28),"",(BE28/BC28)) | BE28: =BE8+BE17+BE22 -> 0 | BF28: =BF8+BF17+BF22 -> 8000 | BG28: =IF(ISERROR(BH28/BF28),"",(BH28/BF28)) -> 18.125 | BH28: =BH8+BH17+BH22 -> 145000 | BI28: =BI8+BI17+BI22 -> 0 | BJ28: =IF(ISERROR(BK28/BI28),"",(BK28/BI28)) | BK28: =BK8+BK17+BK22 -> 0 | BL28: =BL8+BL17+BL22 -> 4659 | BM28: =IF(ISERROR(BN28/BL28),"",(BN28/BL28)) -> 15.520283 | BN28: =BN8+BN17+BN22 -> 72309 | BO28: =BO8+BO17+BO22 -> 2200 | BP28: =IF(ISERROR(BQ28/BO28),"",(BQ28/BO28)) -> 253.63636 | BQ28: =BQ8+BQ17+BQ22 -> 558000 | BR28: =BR8+BR17+BR22 -> 0 | BS28: =IF(ISERROR(BT28/BR28),"",(BT28/BR28)) | BT28: =BT8+BT17+BT22 -> 0 | BU28: =BU8+BU17+BU22 -> 0 | BV28: =BV8+BV17+BV22 -> 0 | BW28: =BW8+BW17+BW22 -> 0 | BX28: =BX8+BX17+BX22 -> 3857992 | BY28: =IF(ISERROR(BZ28/BX28),"",(BZ28/BX28)) -> 0.41917298 | BZ28: =BZ8+BZ17+BZ22 -> 1617166 | CA28: =CA8+CA17+CA22 -> 4178000 | CB28: =CB8+CB17+CB22 -> 0 | CC28: =IF(ISERROR(CD28/CB28),"",(CD28/CB28)) | CD28: =CD8+CD17+CD22 -> 0 | CE28: =SUM(BE28,BH28,BK28,BN28,BQ28,BT28,BW28,BZ28,CD28) -> 2392475 | CF28: =CF8+CF17+CF22 -> 0 | CG28: =IF(ISERROR(CH28/CF28),"",(CH28/CF28)) | CH28: =CH8+CH17+CH22 -> 0 | CI28: =CI8+CI17+CI22 -> 0 | CJ28: =IF(ISERROR(CK28/CI28),"",(CK28/CI28)) | CK28: =CK8+CK17+CK22 -> 0 | CL28: =CL8+CL17+CL22 -> 375 | CM28: =IF(ISERROR(CN28/CL28),"",(CN28/CL28)) -> 1298 | CN28: =CN8+CN17+CN22 -> 486750 | CO28: =CO8+CO17+CO22 -> 0 | CP28: =IF(ISERROR(CQ28/CO28),"",(CQ28/CO28)) | CQ28: =CQ8+CQ17+CQ22 -> 0 | CR28: =CR8+CR17+CR22 -> 0 | CS28: =IF(ISERROR(CT28/CR28),"",(CT28/CR28)) | CT28: =CT8+CT17+CT22 -> 0 | CU28: =SUM(CH28,CK28,CN28,CQ28,CT28) -> 486750 | CV28: =CV8+CV17+CV22 -> 0 | CW28: =CW8+CW17+CW22 -> 0 | CX28: =CX8+CX17+CX22 -> 287922.5 | CY28: =CE28+CU28+CV28+CW28+CX28 -> 3167147.5 | DA28: =DA8+DA17+DA22 -> 0 | DB28: =IF(ISERROR(DC28/DA28),"",(DC28/DA28)) | DC28: =DC8+DC17+DC22 -> 0 | DD28: =DD8+DD17+DD22 -> 5700 | DE28: =IF(ISERROR(DF28/DD28),"",(DF28/DD28)) -> 20 | DF28: =DF8+DF17+DF22 -> 114000 | DG28: =DG8+DG17+DG22 -> 0 | DH28: =IF(ISERROR(DI28/DG28),"",(DI28/DG28)) | DI28: =DI8+DI17+DI22 -> 0 | DJ28: =DJ8+DJ17+DJ22 -> 4150 | DK28: =IF(ISERROR(DL28/DJ28),"",(DL28/DJ28)) -> 17.951807 | DL28: =DL8+DL17+DL22 -> 74500 | DM28: =DM8+DM17+DM22 -> 2650 | DN28: =IF(ISERROR(DO28/DM28),"",(DO28/DM28)) -> 261.50943 | DO28: =DO8+DO17+DO22 -> 693000 | DP28: =DP8+DP17+DP22 -> 0 | DQ28: =IF(ISERROR(DR28/DP28),"",(DR28/DP28)) | DR28: =DR8+DR17+DR22 -> 0 | DS28: =DS8+DS17+DS22 -> 0 | DT28: =DT8+DT17+DT22 -> 0 | DU28: =DU8+DU17+DU22 -> 0 | DV28: =DV8+DV17+DV22 -> 2987000 | DW28: =IF(ISERROR(DX28/DV28),"",(DX28/DV28)) -> 0.41412789 | DX28: =DX8+DX17+DX22 -> 1237000 | DY28: =DY8+DY17+DY22 -> 2480000 | DZ28: =DZ8+DZ17+DZ22 -> 0 | EA28: =IF(ISERROR(EB28/DZ28),"",(EB28/DZ28)) | EB28: =EB8+EB17+EB22 -> 0 | EC28: =SUM(DC28,DF28,DI28,DL28,DO28,DR28,DU28,DX28,EB28) -> 2118500 | ED28: =ED8+ED17+ED22 -> 0 | EE28: =IF(ISERROR(EF28/ED28),"",(EF28/ED28)) | EF28: =EF8+EF17+EF22 -> 0 | EG28: =EG8+EG17+EG22 -> 0 | EH28: =IF(ISERROR(EI28/EG28),"",(EI28/EG28)) | EI28: =EI8+EI17+EI22 -> 0 | EJ28: =EJ8+EJ17+EJ22 -> 375 | EK28: =IF(ISERROR(EL28/EJ28),"",(EL28/EJ28)) -> 1298 | EL28: =EL8+EL17+EL22 -> 486750 | EM28: =EM8+EM17+EM22 -> 0 | EN28: =IF(ISERROR(EO28/EM28),"",(EO28/EM28)) | EO28: =EO8+EO17+EO22 -> 0 | EP28: =EP8+EP17+EP22 -> 0 | EQ28: =IF(ISERROR(ER28/EP28),"",(ER28/EP28)) | ER28: =ER8+ER17+ER22 -> 0 | ES28: =SUM(EF28,EI28,EL28,EO28,ER28) -> 486750 | ET28: =ET8+ET17+ET22 -> 0 | EU28: =EU8+EU17+EU22 -> 0 | EV28: =EV8+EV17+EV22 -> 260525 | EW28: =EC28+ES28+ET28+EU28+EV28 -> 2865775 | EY28: =EY8+EY17+EY22 -> 0 | EZ28: =IF(ISERROR(FA28/EY28),"",(FA28/EY28)) | FA28: =FA8+FA17+FA22 -> 0 | FB28: =FB8+FB17+FB22 -> 4700 | FC28: =IF(ISERROR(FD28/FB28),"",(FD28/FB28)) -> 20 | FD28: =FD8+FD17+FD22 -> 94000 | FE28: =FE8+FE17+FE22 -> 0 | FF28: =IF(ISERROR(FG28/FE28),"",(FG28/FE28)) | FG28: =FG8+FG17+FG22 -> 0 | FH28: =FH8+FH17+FH22 -> 4442 | FI28: =IF(ISERROR(FJ28/FH28),"",(FJ28/FH28)) -> 21.100855 | FJ28: =FJ8+FJ17+FJ22 -> 93730 | FK28: =FK8+FK17+FK22 -> 1750 | FL28: =IF(ISERROR(FM28/FK28),"",(FM28/FK28)) -> 263.14286 | FM28: =FM8+FM17+FM22 -> 460500 | FN28: =FN8+FN17+FN22 -> 250 | FO28: =IF(ISERROR(FP28/FN28),"",(FP28/FN28)) -> 660 | FP28: =FP8+FP17+FP22 -> 165000 | FQ28: =FQ8+FQ17+FQ22 -> 0 | FR28: =FR8+FR17+FR22 -> 0 | FS28: =FS8+FS17+FS22 -> 0 | FT28: =FT8+FT17+FT22 -> 4178000 | FU28: =IF(ISERROR(FV28/FT28),"",(FV28/FT28)) -> 0.40880804 | FV28: =FV8+FV17+FV22 -> 1708000 | FW28: =FW8+FW17+FW22 -> 2200000 | FX28: =FX8+FX17+FX22 -> 0 | FY28: =IF(ISERROR(FZ28/FX28),"",(FZ28/FX28)) | FZ28: =FZ8+FZ17+FZ22 -> 0 | GA28: =SUM(FA28,FD28,FG28,FJ28,FM28,FP28,FS28,FV28,FZ28) -> 2521230 | GB28: =GB8+GB17+GB22 -> 0 | GC28: =IF(ISERROR(GD28/GB28),"",(GD28/GB28)) | GD28: =GD8+GD17+GD22 -> 0 | GE28: =GE8+GE17+GE22 -> 0 | GF28: =IF(ISERROR(GG28/GE28),"",(GG28/GE28)) | GG28: =GG8+GG17+GG22 -> 0 | GH28: =GH8+GH17+GH22 -> 375 | GI28: =IF(ISERROR(GJ28/GH28),"",(GJ28/GH28)) -> 1298 | GJ28: =GJ8+GJ17+GJ22 -> 486750 | GK28: =GK8+GK17+GK22 -> 0 | GL28: =IF(ISERROR(GM28/GK28),"",(GM28/GK28)) | GM28: =GM8+GM17+GM22 -> 0 | GN28: =GN8+GN17+GN22 -> 0 | GO28: =IF(ISERROR(GP28/GN28),"",(GP28/GN28)) | GP28: =GP8+GP17+GP22 -> 0 | GQ28: =SUM(GD28,GG28,GJ28,GM28,GP28) -> 486750 | GR28: =GR8+GR17+GR22 -> 0 | GS28: =GS8+GS17+GS22 -> 0 | GT28: =GT8+GT17+GT22 -> 300798 | GU28: =GA28+GQ28+GR28+GS28+GT28 -> 3308778 | GW28: =GW8+GW17+GW22 -> 0 | GX28: =IF(ISERROR(GY28/GW28),"",(GY28/GW28)) | GY28: =GY8+GY17+GY22 -> 0 | GZ28: =GZ8+GZ17+GZ22 -> 5000 | HA28: =IF(ISERROR(HB28/GZ28),"",(HB28/GZ28)) -> 16.4 | HB28: =HB8+HB17+HB22 -> 82000 | HC28: =HC8+HC17+HC22 -> 0 | HD28: =IF(ISERROR(HE28/HC28),"",(HE28/HC28)) | HE28: =HE8+HE17+HE22 -> 0 | HF28: =HF8+HF17+HF22 -> 3200 | HG28: =IF(ISERROR(HH28/HF28),"",(HH28/HF28)) -> 20.9375 | HH28: =HH8+HH17+HH22 -> 67000 | HI28: =HI8+HI17+HI22 -> 1050 | HJ28: =IF(ISERROR(HK28/HI28),"",(HK28/HI28)) -> 330.47619 | HK28: =HK8+HK17+HK22 -> 347000 | HL28: =HL8+HL17+HL22 -> 250 | HM28: =IF(ISERROR(HN28/HL28),"",(HN28/HL28)) -> 660 | HN28: =HN8+HN17+HN22 -> 165000 | HO28: =HO8+HO17+HO22 -> 0 | HP28: =HP8+HP17+HP22 -> 0 | HQ28: =HQ8+HQ17+HQ22 -> 0 | HR28: =HR8+HR17+HR22 -> 2480000 | HS28: =IF(ISERROR(HT28/HR28),"",(HT28/HR28)) -> 0.42822581 | HT28: =HT8+HT17+HT22 -> 1062000 | HU28: =HU8+HU17+HU22 -> 2160000 | HV28: =HV8+HV17+HV22 -> 0 | HW28: =IF(ISERROR(HX28/HV28),"",(HX28/HV28)) | HX28: =HX8+HX17+HX22 -> 0 | HY28: =SUM(GY28,HB28,HE28,HH28,HK28,HN28,HQ28,HT28,HX28) -> 1723000 | HZ28: =HZ8+HZ17+HZ22 -> 0 | IA28: =IF(ISERROR(IB28/HZ28),"",(IB28/HZ28)) | IB28: =IB8+IB17+IB22 -> 0 | IC28: =IC8+IC17+IC22 -> 0 | ID28: =IF(ISERROR(IE28/IC28),"",(IE28/IC28)) | IE28: =IE8+IE17+IE22 -> 0 | IF28: =IF8+IF17+IF22 -> 375 | IG28: =IF(ISERROR(IH28/IF28),"",(IH28/IF28)) -> 1298 | IH28: =IH8+IH17+IH22 -> 486750 | II28: =II8+II17+II22 -> 0 | IJ28: =IF(ISERROR(IK28/II28),"",(IK28/II28)) | IK28: =IK8+IK17+IK22 -> 0 | IL28: =IL8+IL17+IL22 -> 0 | IM28: =IF(ISERROR(IN28/IL28),"",(IN28/IL28)) | IN28: =IN8+IN17+IN22 -> 0 | IO28: =SUM(IB28,IE28,IH28,IK28,IN28) -> 486750 | IP28: =IP8+IP17+IP22 -> 0 | IQ28: =IQ8+IQ17+IQ22 -> 0 | IR28: =IR8+IR17+IR22 -> 220975 | IS28: =HY28+IO28+IP28+IQ28+IR28 -> 2430725 | IU28: =IU8+IU17+IU22 -> 0 | IV28: =IF(ISERROR(IW28/IU28),"",(IW28/IU28)) | IW28: =IW8+IW17+IW22 -> 0 | IX28: =IX8+IX17+IX22 -> 4000 | IY28: =IF(ISERROR(IZ28/IX28),"",(IZ28/IX28)) -> 20 | IZ28: =IZ8+IZ17+IZ22 -> 80000 | JA28: =JA8+JA17+JA22 -> 0 | JB28: =IF(ISERROR(JC28/JA28),"",(JC28/JA28)) | JC28: =JC8+JC17+JC22 -> 0 | JD28: =JD8+JD17+JD22 -> 4120 | JE28: =IF(ISERROR(JF28/JD28),"",(JF28/JD28)) -> 20.728155 | JF28: =JF8+JF17+JF22 -> 85400 | JG28: =JG8+JG17+JG22 -> 1020 | JH28: =IF(ISERROR(JI28/JG28),"",(JI28/JG28)) -> 330.39216 | JI28: =JI8+JI17+JI22 -> 337000 | JJ28: =JJ8+JJ17+JJ22 -> 250 | JK28: =IF(ISERROR(JL28/JJ28),"",(JL28/JJ28)) -> 660 | JL28: =JL8+JL17+JL22 -> 165000 | JM28: =JM8+JM17+JM22 -> 0 | JN28: =JN8+JN17+JN22 -> 0 | JO28: =JO8+JO17+JO22 -> 0 | JP28: =JP8+JP17+JP22 -> 2200000 | JQ28: =IF(ISERROR(JR28/JP28),"",(JR28/JP28)) -> 0.43454545 | JR28: =JR8+JR17+JR22 -> 956000 | JS28: =JS8+JS17+JS22 -> 2000000 | JT28: =JT8+JT17+JT22 -> 0 | JU28: =IF(ISERROR(JV28/JT28),"",(JV28/JT28)) | JV28: =JV8+JV17+JV22 -> 0 | JW28: =SUM(IW28,IZ28,JC28,JF28,JI28,JL28,JO28,JR28,JV28) -> 1623400 | JX28: =JX8+JX17+JX22 -> 0 | JY28: =IF(ISERROR(JZ28/JX28),"",(JZ28/JX28)) | JZ28: =JZ8+JZ17+JZ22 -> 0 | KA28: =KA8+KA17+KA22 -> 0 | KB28: =IF(ISERROR(KC28/KA28),"",(KC28/KA28)) | KC28: =KC8+KC17+KC22 -> 0 | KD28: =KD8+KD17+KD22 -> 375 | KE28: =IF(ISERROR(KF28/KD28),"",(KF28/KD28)) -> 1298 | KF28: =KF8+KF17+KF22 -> 486750 | KG28: =KG8+KG17+KG22 -> 0 | KH28: =IF(ISERROR(KI28/KG28),"",(KI28/KG28)) | KI28: =KI8+KI17+KI22 -> 0 | KJ28: =KJ8+KJ17+KJ22 -> 0 | KK28: =IF(ISERROR(KL28/KJ28),"",(KL28/KJ28)) | KL28: =KL8+KL17+KL22 -> 0 | KM28: =SUM(JZ28,KC28,KF28,KI28,KL28) -> 486750 | KN28: =KN8+KN17+KN22 -> 0 | KO28: =KO8+KO17+KO22 -> 0 | KP28: =KP8+KP17+KP22 -> 211015 | KQ28: =JW28+KM28+KN28+KO28+KP28 -> 2321165
B29: Region sub-total | D29: Recipient | E29: =E9+E18+E24 -> 0 | F29: =IF(ISERROR(G29/E29),"",(G29/E29)) | G29: =G9+G18+G24 -> 0 | H29: =H9+H18+H24 -> 0 | I29: =IF(ISERROR(J29/H29),"",(J29/H29)) | J29: =J9+J18+J24 -> 0 | K29: =K9+K18+K24 -> 0 | L29: =IF(ISERROR(M29/K29),"",(M29/K29)) | M29: =M9+M18+M24 -> 0 | N29: =N9+N18+N24 -> 0 | O29: =IF(ISERROR(P29/N29),"",(P29/N29)) | P29: =P9+P18+P24 -> 0 | Q29: =Q9+Q18+Q24 -> 0 | R29: =IF(ISERROR(S29/Q29),"",(S29/Q29)) | S29: =S9+S18+S24 -> 0 | T29: =T9+T18+T24 -> 0 | U29: =IF(ISERROR(V29/T29),"",(V29/T29)) | V29: =V9+V18+V24 -> 0 | W29: =W9+W18+W24 -> 0 | X29: =X9+X18+X24 -> 0 | Y29: =Y9+Y18+Y24 -> 0 | Z29: =Z9+Z18+Z24 -> 0 | AA29: =IF(ISERROR(AB29/Z29),"",(AB29/Z29)) | AB29: =AB9+AB18+AB24 -> 0 | AC29: =AC9+AC18+AC24 -> 0 | AD29: =AD9+AD18+AD24 -> 0 | AE29: =IF(ISERROR(AF29/AD29),"",(AF29/AD29)) | AF29: =AF9+AF18+AF24 -> 0 | AG29: =AG9+AG18+AG24 -> 0 | AH29: =AH9+AH18+AH24 -> 0 | AI29: =IF(ISERROR(AJ29/AH29),"",(AJ29/AH29)) | AJ29: =AJ9+AJ18+AJ24 -> 0 | AK29: =AK9+AK18+AK24 -> 0 | AL29: =IF(ISERROR(AM29/AK29),"",(AM29/AK29)) | AM29: =AM9+AM18+AM24 -> 0 | AN29: =AN9+AN18+AN24 -> 0 | AO29: =IF(ISERROR(AP29/AN29),"",(AP29/AN29)) | AP29: =AP9+AP18+AP24 -> 0 | AQ29: =AQ9+AQ18+AQ24 -> 0 | AR29: =IF(ISERROR(AS29/AQ29),"",(AS29/AQ29)) | AS29: =AS9+AS18+AS24 -> 0 | AT29: =AT9+AT18+AT24 -> 0 | AU29: =IF(ISERROR(AV29/AT29),"0",(AV29/AT29)) -> 0 | AV29: =AV9+AV18+AV24 -> 0 | AW29: =AW9+AW18+AW24 -> 0 | AX29: =AX9+AX18+AX24 -> 0 | AY29: =AY9+AY18+AY24 -> 0 | AZ29: =AZ9+AZ18+AZ24 -> 0 | BA29: =AG29+AW29+AX29+AY29+AZ29 -> 0 | BC29: =BC9+BC10+BC18+BC23+BC24 -> 0 | BD29: =IF(ISERROR(BE29/BC29),"",(BE29/BC29)) | BE29: =BE9+BE10+BE18+BE23+BE24 -> 0 | BF29: =BF9+BF10+BF18+BF23 -> 0 | BG29: =IF(ISERROR(BH29/BF29),"",(BH29/BF29)) | BH29: =BH9+BH10+BH18+BH23 -> 0 | BI29: =BI9+BI10+BI18+BI23 -> 0 | BJ29: =IF(ISERROR(BK29/BI29),"",(BK29/BI29)) | BK29: =BK9+BK10+BK18+BK23 -> 0 | BL29: =BL9+BL10+BL18+BL23 -> 0 | BM29: =IF(ISERROR(BN29/BL29),"",(BN29/BL29)) | BN29: =BN9+BN10+BN18+BN23 -> 0 | BO29: =BO9+BO10+BO18+BO23 -> 0 | BP29: =IF(ISERROR(BQ29/BO29),"",(BQ29/BO29)) | BQ29: =BQ9+BQ10+BQ18+BQ23 -> 0 | BR29: =BR9+BR10+BR18+BR23 -> 0 | BS29: =IF(ISERROR(BT29/BR29),"",(BT29/BR29)) | BT29: =BT9+BT10+BT18+BT23 -> 0 | BU29: =BU9+BU10+BU18+BU23 -> 0 | BV29: =BV9+BV18+BV23 -> 0 | BW29: =BW9+BW10+BW18+BW23 -> 0 | BX29: =BX9+BX10+BX18+BX23 -> 0 | BY29: =IF(ISERROR(BZ29/BX29),"",(BZ29/BX29)) | BZ29: =BZ9+BZ10+BZ18+BZ23 -> 0 | CA29: =CA9+CA10+CA18+CA23 -> 0 | CB29: =CB9+CB10+CB18+CB23 -> 0 | CC29: =IF(ISERROR(CD29/CB29),"",(CD29/CB29)) | CD29: =CD9+CD10+CD18+CD23 -> 0 | CE29: =SUM(BE29,BH29,BK29,BN29,BQ29,BT29,BW29,BZ29,CD29) -> 0 | CF29: =CF9+CF10+CF18+CF23 -> 6900 | CG29: =IF(ISERROR(CH29/CF29),"",(CH29/CF29)) -> 35.304348 | CH29: =CH9+CH10+CH18+CH23 -> 243600 | CI29: =CI9+CI10+CI18+CI23 -> 0 | CJ29: =IF(ISERROR(CK29/CI29),"",(CK29/CI29)) | CK29: =CK9+CK10+CK18+CK23 -> 0 | CL29: =CL9+CL10+CL18+CL23 -> 375 | CM29: =IF(ISERROR(CN29/CL29),"",(CN29/CL29)) -> 1298 | CN29: =CN9+CN10+CN18+CN23 -> 486750 | CO29: =CO9+CO10+CO18+CO23 -> 2700 | CP29: =IF(ISERROR(CQ29/CO29),"",(CQ29/CO29)) -> 161.51852 | CQ29: =CQ9+CQ10+CQ18+CQ23 -> 436100 | CR29: =CR9+CR10+CR18+CR23 -> 0 | CS29: =IF(ISERROR(CT29/CR29),"",(CT29/CR29)) | CT29: =CT9+CT10+CT18+CT23 -> 0 | CU29: =SUM(CH29,CK29,CN29,CQ29,CT29) -> 1166450 | CV29: =CV9+CV10+CV18+CV23 -> 0 | CW29: =CW9+CW10+CW18+CW23 -> 0 | CX29: =CX9+CX10+CX18+CX23 -> 116645 | CY29: =CE29+CU29+CV29+CW29+CX29 -> 1283095 | DA29: =DA9+DA10+DA18+DA23+DA24 -> 0 | DB29: =IF(ISERROR(DC29/DA29),"",(DC29/DA29)) | DC29: =DC9+DC10+DC18+DC23+DC24 -> 0 | DD29: =DD9+DD10+DD18+DD23 -> 0 | DE29: =IF(ISERROR(DF29/DD29),"",(DF29/DD29)) | DF29: =DF9+DF10+DF18+DF23 -> 0 | DG29: =DG9+DG10+DG18+DG23 -> 0 | DH29: =IF(ISERROR(DI29/DG29),"",(DI29/DG29)) | DI29: =DI9+DI10+DI18+DI23 -> 0 | DJ29: =DJ9+DJ10+DJ18+DJ23 -> 0 | DK29: =IF(ISERROR(DL29/DJ29),"",(DL29/DJ29)) | DL29: =DL9+DL10+DL18+DL23 -> 0 | DM29: =DM9+DM10+DM18+DM23 -> 0 | DN29: =IF(ISERROR(DO29/DM29),"",(DO29/DM29)) | DO29: =DO9+DO10+DO18+DO23 -> 0 | DP29: =DP9+DP10+DP18+DP23 -> 0 | DQ29: =IF(ISERROR(DR29/DP29),"",(DR29/DP29)) | DR29: =DR9+DR10+DR18+DR23 -> 0 | DS29: =DS9+DS10+DS18+DS23 -> 0 | DT29: =DT9+DT18+DT23 -> 0 | DU29: =DU9+DU10+DU18+DU23 -> 0 | DV29: =DV9+DV10+DV18+DV23 -> 0 | DW29: =IF(ISERROR(DX29/DV29),"",(DX29/DV29)) | DX29: =DX9+DX10+DX18+DX23 -> 0 | DY29: =DY9+DY10+DY18+DY23 -> 0 | DZ29: =DZ9+DZ10+DZ18+DZ23 -> 0 | EA29: =IF(ISERROR(EB29/DZ29),"",(EB29/DZ29)) | EB29: =EB9+EB10+EB18+EB23 -> 0 | EC29: =SUM(DC29,DF29,DI29,DL29,DO29,DR29,DU29,DX29,EB29) -> 0 | ED29: =ED9+ED10+ED18+ED23 -> 6900 | EE29: =IF(ISERROR(EF29/ED29),"",(EF29/ED29)) -> 35.304348 | EF29: =EF9+EF10+EF18+EF23 -> 243600 | EG29: =EG9+EG10+EG18+EG23 -> 0 | EH29: =IF(ISERROR(EI29/EG29),"",(EI29/EG29)) | EI29: =EI9+EI10+EI18+EI23 -> 0 | EJ29: =EJ9+EJ10+EJ18+EJ23 -> 375 | EK29: =IF(ISERROR(EL29/EJ29),"",(EL29/EJ29)) -> 1298 | EL29: =EL9+EL10+EL18+EL23 -> 486750 | EM29: =EM9+EM10+EM18+EM23 -> 2700 | EN29: =IF(ISERROR(EO29/EM29),"",(EO29/EM29)) -> 161.51852 | EO29: =EO9+EO10+EO18+EO23 -> 436100 | EP29: =EP9+EP10+EP18+EP23 -> 0 | EQ29: =IF(ISERROR(ER29/EP29),"",(ER29/EP29)) | ER29: =ER9+ER10+ER18+ER23 -> 0 | ES29: =SUM(EF29,EI29,EL29,EO29,ER29) -> 1166450 | ET29: =ET9+ET10+ET18+ET23 -> 0 | EU29: =EU9+EU10+EU18+EU23 -> 0 | EV29: =EV9+EV10+EV18+EV23 -> 116645 | EW29: =EC29+ES29+ET29+EU29+EV29 -> 1283095 | EY29: =EY9+EY10+EY18+EY23+EY24 -> 0 | EZ29: =IF(ISERROR(FA29/EY29),"",(FA29/EY29)) | FA29: =FA9+FA10+FA18+FA23+FA24 -> 0 | FB29: =FB9+FB10+FB18+FB23 -> 0 | FC29: =IF(ISERROR(FD29/FB29),"",(FD29/FB29)) | FD29: =FD9+FD10+FD18+FD23 -> 0 | FE29: =FE9+FE10+FE18+FE23 -> 0 | FF29: =IF(ISERROR(FG29/FE29),"",(FG29/FE29)) | FG29: =FG9+FG10+FG18+FG23 -> 0 | FH29: =FH9+FH10+FH18+FH23 -> 0 | FI29: =IF(ISERROR(FJ29/FH29),"",(FJ29/FH29)) | FJ29: =FJ9+FJ10+FJ18+FJ23 -> 0 | FK29: =FK9+FK10+FK18+FK23 -> 0 | FL29: =IF(ISERROR(FM29/FK29),"",(FM29/FK29)) | FM29: =FM9+FM10+FM18+FM23 -> 0 | FN29: =FN9+FN10+FN18+FN23 -> 0 | FO29: =IF(ISERROR(FP29/FN29),"",(FP29/FN29)) | FP29: =FP9+FP10+FP18+FP23 -> 0 | FQ29: =FQ9+FQ10+FQ18+FQ23 -> 0 | FR29: =FR9+FR18+FR23 -> 0 | FS29: =FS9+FS10+FS18+FS23 -> 0 | FT29: =FT9+FT10+FT18+FT23 -> 0 | FU29: =IF(ISERROR(FV29/FT29),"",(FV29/FT29)) | FV29: =FV9+FV10+FV18+FV23 -> 0 | FW29: =FW9+FW10+FW18+FW23 -> 0 | FX29: =FX9+FX10+FX18+FX23 -> 0 | FY29: =IF(ISERROR(FZ29/FX29),"",(FZ29/FX29)) | FZ29: =FZ9+FZ10+FZ18+FZ23 -> 0 | GA29: =SUM(FA29,FD29,FG29,FJ29,FM29,FP29,FS29,FV29,FZ29) -> 0 | GB29: =GB9+GB10+GB18+GB23 -> 6900 | GC29: =IF(ISERROR(GD29/GB29),"",(GD29/GB29)) -> 35.304348 | GD29: =GD9+GD10+GD18+GD23 -> 243600 | GE29: =GE9+GE10+GE18+GE23 -> 0 | GF29: =IF(ISERROR(GG29/GE29),"",(GG29/GE29)) | GG29: =GG9+GG10+GG18+GG23 -> 0 | GH29: =GH9+GH10+GH18+GH23 -> 375 | GI29: =IF(ISERROR(GJ29/GH29),"",(GJ29/GH29)) -> 1298 | GJ29: =GJ9+GJ10+GJ18+GJ23 -> 486750 | GK29: =GK9+GK10+GK18+GK23 -> 2700 | GL29: =IF(ISERROR(GM29/GK29),"",(GM29/GK29)) -> 161.51852 | GM29: =GM9+GM10+GM18+GM23 -> 436100 | GN29: =GN9+GN10+GN18+GN23 -> 0 | GO29: =IF(ISERROR(GP29/GN29),"",(GP29/GN29)) | GP29: =GP9+GP10+GP18+GP23 -> 0 | GQ29: =SUM(GD29,GG29,GJ29,GM29,GP29) -> 1166450 | GR29: =GR9+GR10+GR18+GR23 -> 0 | GS29: =GS9+GS10+GS18+GS23 -> 0 | GT29: =GT9+GT10+GT18+GT23 -> 116645 | GU29: =GA29+GQ29+GR29+GS29+GT29 -> 1283095 | GW29: =GW9+GW10+GW18+GW23+GW24 -> 0 | GX29: =IF(ISERROR(GY29/GW29),"",(GY29/GW29)) | GY29: =GY9+GY10+GY18+GY23+GY24 -> 0 | GZ29: =GZ9+GZ10+GZ18+GZ23 -> 0 | HA29: =IF(ISERROR(HB29/GZ29),"",(HB29/GZ29)) | HB29: =HB9+HB10+HB18+HB23 -> 0 | HC29: =HC9+HC10+HC18+HC23 -> 0 | HD29: =IF(ISERROR(HE29/HC29),"",(HE29/HC29)) | HE29: =HE9+HE10+HE18+HE23 -> 0 | HF29: =HF9+HF10+HF18+HF23 -> 0 | HG29: =IF(ISERROR(HH29/HF29),"",(HH29/HF29)) | HH29: =HH9+HH10+HH18+HH23 -> 0 | HI29: =HI9+HI10+HI18+HI23 -> 0 | HJ29: =IF(ISERROR(HK29/HI29),"",(HK29/HI29)) | HK29: =HK9+HK10+HK18+HK23 -> 0 | HL29: =HL9+HL10+HL18+HL23 -> 0 | HM29: =IF(ISERROR(HN29/HL29),"",(HN29/HL29)) | HN29: =HN9+HN10+HN18+HN23 -> 0 | HO29: =HO9+HO10+HO18+HO23 -> 0 | HP29: =HP9+HP18+HP23 -> 0 | HQ29: =HQ9+HQ10+HQ18+HQ23 -> 0 | HR29: =HR9+HR10+HR18+HR23 -> 0 | HS29: =IF(ISERROR(HT29/HR29),"",(HT29/HR29)) | HT29: =HT9+HT10+HT18+HT23 -> 0 | HU29: =HU9+HU10+HU18+HU23 -> 0 | HV29: =HV9+HV10+HV18+HV23 -> 0 | HW29: =IF(ISERROR(HX29/HV29),"",(HX29/HV29)) | HX29: =HX9+HX10+HX18+HX23 -> 0 | HY29: =SUM(GY29,HB29,HE29,HH29,HK29,HN29,HQ29,HT29,HX29) -> 0 | HZ29: =HZ9+HZ10+HZ18+HZ23 -> 6900 | IA29: =IF(ISERROR(IB29/HZ29),"",(IB29/HZ29)) -> 35.304348 | IB29: =IB9+IB10+IB18+IB23 -> 243600 | IC29: =IC9+IC10+IC18+IC23 -> 0 | ID29: =IF(ISERROR(IE29/IC29),"",(IE29/IC29)) | IE29: =IE9+IE10+IE18+IE23 -> 0 | IF29: =IF9+IF10+IF18+IF23 -> 375 | IG29: =IF(ISERROR(IH29/IF29),"",(IH29/IF29)) -> 1298 | IH29: =IH9+IH10+IH18+IH23 -> 486750 | II29: =II9+II10+II18+II23 -> 2700 | IJ29: =IF(ISERROR(IK29/II29),"",(IK29/II29)) -> 161.51852 | IK29: =IK9+IK10+IK18+IK23 -> 436100 | IL29: =IL9+IL10+IL18+IL23 -> 0 | IM29: =IF(ISERROR(IN29/IL29),"",(IN29/IL29)) | IN29: =IN9+IN10+IN18+IN23 -> 0 | IO29: =SUM(IB29,IE29,IH29,IK29,IN29) -> 1166450 | IP29: =IP9+IP10+IP18+IP23 -> 0 | IQ29: =IQ9+IQ10+IQ18+IQ23 -> 0 | IR29: =IR9+IR10+IR18+IR23 -> 116645 | IS29: =HY29+IO29+IP29+IQ29+IR29 -> 1283095 | IU29: =IU9+IU10+IU18+IU23+IU24 -> 0 | IV29: =IF(ISERROR(IW29/IU29),"",(IW29/IU29)) | IW29: =IW9+IW10+IW18+IW23+IW24 -> 0 | IX29: =IX9+IX10+IX18+IX23 -> 0 | IY29: =IF(ISERROR(IZ29/IX29),"",(IZ29/IX29)) | IZ29: =IZ9+IZ10+IZ18+IZ23 -> 0 | JA29: =JA9+JA10+JA18+JA23 -> 0 | JB29: =IF(ISERROR(JC29/JA29),"",(JC29/JA29)) | JC29: =JC9+JC10+JC18+JC23 -> 0 | JD29: =JD9+JD10+JD18+JD23 -> 0 | JE29: =IF(ISERROR(JF29/JD29),"",(JF29/JD29)) | JF29: =JF9+JF10+JF18+JF23 -> 0 | JG29: =JG9+JG10+JG18+JG23 -> 0 | JH29: =IF(ISERROR(JI29/JG29),"",(JI29/JG29)) | JI29: =JI9+JI10+JI18+JI23 -> 0 | JJ29: =JJ9+JJ10+JJ18+JJ23 -> 0 | JK29: =IF(ISERROR(JL29/JJ29),"",(JL29/JJ29)) | JL29: =JL9+JL10+JL18+JL23 -> 0 | JM29: =JM9+JM10+JM18+JM23 -> 0 | JN29: =JN9+JN18+JN23 -> 0 | JO29: =JO9+JO10+JO18+JO23 -> 0 | JP29: =JP9+JP10+JP18+JP23 -> 0 | JQ29: =IF(ISERROR(JR29/JP29),"",(JR29/JP29)) | JR29: =JR9+JR10+JR18+JR23 -> 0 | JS29: =JS9+JS10+JS18+JS23 -> 0 | JT29: =JT9+JT10+JT18+JT23 -> 0 | JU29: =IF(ISERROR(JV29/JT29),"",(JV29/JT29)) | JV29: =JV9+JV10+JV18+JV23 -> 0 | JW29: =SUM(IW29,IZ29,JC29,JF29,JI29,JL29,JO29,JR29,JV29) -> 0 | JX29: =JX9+JX10+JX18+JX23 -> 6900 | JY29: =IF(ISERROR(JZ29/JX29),"",(JZ29/JX29)) -> 35.304348 | JZ29: =JZ9+JZ10+JZ18+JZ23 -> 243600 | KA29: =KA9+KA10+KA18+KA23 -> 0 | KB29: =IF(ISERROR(KC29/KA29),"",(KC29/KA29)) | KC29: =KC9+KC10+KC18+KC23 -> 0 | KD29: =KD9+KD10+KD18+KD23 -> 375 | KE29: =IF(ISERROR(KF29/KD29),"",(KF29/KD29)) -> 1298 | KF29: =KF9+KF10+KF18+KF23 -> 486750 | KG29: =KG9+KG10+KG18+KG23 -> 2700 | KH29: =IF(ISERROR(KI29/KG29),"",(KI29/KG29)) -> 161.51852 | KI29: =KI9+KI10+KI18+KI23 -> 436100 | KJ29: =KJ9+KJ10+KJ18+KJ23 -> 0 | KK29: =IF(ISERROR(KL29/KJ29),"",(KL29/KJ29)) | KL29: =KL9+KL10+KL18+KL23 -> 0 | KM29: =SUM(JZ29,KC29,KF29,KI29,KL29) -> 1166450 | KN29: =KN9+KN10+KN18+KN23 -> 0 | KO29: =KO9+KO10+KO18+KO23 -> 0 | KP29: =KP9+KP10+KP18+KP23 -> 116645 | KQ29: =JW29+KM29+KN29+KO29+KP29 -> 1283095
B30: Region sub-total | D30: WLA/CF | BC30: =BC11+BC12+BC13+BC24 -> 0 | BD30: =IF(ISERROR(BE30/BC30),"",(BE30/BC30)) | BE30: =BE11+BE12+BE13+BE24 -> 0 | BF30: =BF11+BF12+BF13+BF24 -> 268 | BG30: =IF(ISERROR(BH30/BF30),"",(BH30/BF30)) -> 72.052239 | BH30: =BH11+BH12+BH13+BH24 -> 19310 | BI30: =BI11+BI12+BI13+BI24 -> 0 | BJ30: =IF(ISERROR(BK30/BI30),"",(BK30/BI30)) | BK30: =BK11+BK12+BK13+BK24 -> 0 | BL30: =BL11+BL12+BL13+BL24 -> 0 | BM30: =IF(ISERROR(BN30/BL30),"",(BN30/BL30)) | BN30: =BN11+BN12+BN13+BN24 -> 0 | BO30: =BO11+BO12+BO13+BO24 -> 0 | BP30: =IF(ISERROR(BQ30/BO30),"",(BQ30/BO30)) | BQ30: =BQ11+BQ12+BQ13+BQ24 -> 0 | BR30: =BR11+BR12+BR13+BR24 -> 0 | BS30: =IF(ISERROR(BT30/BR30),"",(BT30/BR30)) | BT30: =BT11+BT12+BT13+BT24 -> 0 | BU30: =BU11+BU12+BU13+BU24 -> 0 | BV30: =BV10+BV19+BV24 -> 0 | BW30: =BW11+BW12+BW13+BW24 -> 0 | BX30: =BX11+BX12+BX13+BX24 -> 13600 | BY30: =IF(ISERROR(BZ30/BX30),"",(BZ30/BX30)) -> 0.99441176 | BZ30: =BZ11+BZ12+BZ13+BZ24 -> 13524 | CA30: =CA11+CA12+CA13+CA24 -> 172080 | CB30: =CB11+CB12+CB13+CB24 -> 0 | CC30: =IF(ISERROR(CD30/CB30),"",(CD30/CB30)) | CD30: =CD11+CD12+CD13+CD24 -> 0 | CE30: =SUM(BE30,BH30,BK30,BN30,BQ30,BT30,BW30,BZ30,CD30) -> 32834 | CF30: =CF11+CF12+CF13+CF24 -> 2892 | CG30: =IF(ISERROR(CH30/CF30),"",(CH30/CF30)) -> 36.487206 | CH30: =CH11+CH12+CH13+CH24 -> 105521 | CI30: =CI11+CI12+CI13+CI24 -> 0 | CJ30: =IF(ISERROR(CK30/CI30),"",(CK30/CI30)) | CK30: =CK11+CK12+CK13+CK24 -> 0 | CL30: =CL11+CL12+CL13+CL24 -> 450 | CM30: =IF(ISERROR(CN30/CL30),"",(CN30/CL30)) -> 1050 | CN30: =CN11+CN12+CN13+CN24 -> 472500 | CO30: =CO11+CO12+CO13+CO24 -> 0 | CP30: =IF(ISERROR(CQ30/CO30),"",(CQ30/CO30)) | CQ30: =CQ11+CQ12+CQ13+CQ24 -> 0 | CR30: =CR11+CR12+CR13+CR24 -> 0 | CS30: =IF(ISERROR(CT30/CR30),"",(CT30/CR30)) | CT30: =CT11+CT12+CT13+CT24 -> 0 | CU30: =SUM(CH30,CK30,CN30,CQ30,CT30) -> 578021 | CV30: =CV11+CV12+CV13+CV24 -> 0 | CW30: =CW11+CW12+CW13+CW24 -> 0 | CX30: =CX11+CX12+CX13+CX24 -> 61085.2 | CY30: =CE30+CU30+CV30+CW30+CX30 -> 671940.2 | DA30: =DA11+DA12+DA13+DA24 -> 0 | DB30: =IF(ISERROR(DC30/DA30),"",(DC30/DA30)) | DC30: =DC11+DC12+DC13+DC24 -> 0 | DD30: =DD11+DD12+DD13+DD24 -> 0 | DE30: =IF(ISERROR(DF30/DD30),"",(DF30/DD30)) | DF30: =DF11+DF12+DF13+DF24 -> 0 | DG30: =DG11+DG12+DG13+DG24 -> 0 | DH30: =IF(ISERROR(DI30/DG30),"",(DI30/DG30)) | DI30: =DI11+DI12+DI13+DI24 -> 0 | DJ30: =DJ11+DJ12+DJ13+DJ24 -> 0 | DK30: =IF(ISERROR(DL30/DJ30),"",(DL30/DJ30)) | DL30: =DL11+DL12+DL13+DL24 -> 0 | DM30: =DM11+DM12+DM13+DM24 -> 50 | DN30: =IF(ISERROR(DO30/DM30),"",(DO30/DM30)) -> 1208.4 | DO30: =DO11+DO12+DO13+DO24 -> 60420 | DP30: =DP11+DP12+DP13+DP24 -> 0 | DQ30: =IF(ISERROR(DR30/DP30),"",(DR30/DP30)) | DR30: =DR11+DR12+DR13+DR24 -> 0 | DS30: =DS11+DS12+DS13+DS24 -> 0 | DT30: =DT10+DT19+DT24 -> 0 | DU30: =DU11+DU12+DU13+DU24 -> 0 | DV30: =DV11+DV12+DV13+DV24 -> 0 | DW30: =IF(ISERROR(DX30/DV30),"",(DX30/DV30)) | DX30: =DX11+DX12+DX13+DX24 -> 0 | DY30: =DY11+DY12+DY13+DY24 -> 0 | DZ30: =DZ11+DZ12+DZ13+DZ24 -> 0 | EA30: =IF(ISERROR(EB30/DZ30),"",(EB30/DZ30)) | EB30: =EB11+EB12+EB13+EB24 -> 0 | EC30: =SUM(DC30,DF30,DI30,DL30,DO30,DR30,DU30,DX30,EB30) -> 60420 | ED30: =ED11+ED12+ED13+ED24 -> 300 | EE30: =IF(ISERROR(EF30/ED30),"",(EF30/ED30)) -> 15 | EF30: =EF11+EF12+EF13+EF24 -> 4500 | EG30: =EG11+EG12+EG13+EG24 -> 0 | EH30: =IF(ISERROR(EI30/EG30),"",(EI30/EG30)) | EI30: =EI11+EI12+EI13+EI24 -> 0 | EJ30: =EJ11+EJ12+EJ13+EJ24 -> 300 | EK30: =IF(ISERROR(EL30/EJ30),"",(EL30/EJ30)) -> 1000 | EL30: =EL11+EL12+EL13+EL24 -> 300000 | EM30: =EM11+EM12+EM13+EM24 -> 0 | EN30: =IF(ISERROR(EO30/EM30),"",(EO30/EM30)) | EO30: =EO11+EO12+EO13+EO24 -> 0 | EP30: =EP11+EP12+EP13+EP24 -> 0 | EQ30: =IF(ISERROR(ER30/EP30),"",(ER30/EP30)) | ER30: =ER11+ER12+ER13+ER24 -> 0 | ES30: =SUM(EF30,EI30,EL30,EO30,ER30) -> 304500 | ET30: =ET11+ET12+ET13+ET24 -> 0 | EU30: =EU11+EU12+EU13+EU24 -> 0 | EV30: =EV11+EV12+EV13+EV24 -> 36492 | EW30: =EC30+ES30+ET30+EU30+EV30 -> 401412 | EY30: =EY11+EY12+EY13+EY24 -> 0 | EZ30: =IF(ISERROR(FA30/EY30),"",(FA30/EY30)) | FA30: =FA11+FA12+FA13+FA24 -> 0 | FB30: =FB11+FB12+FB13+FB24 -> 0 | FC30: =IF(ISERROR(FD30/FB30),"",(FD30/FB30)) | FD30: =FD11+FD12+FD13+FD24 -> 0 | FE30: =FE11+FE12+FE13+FE24 -> 0 | FF30: =IF(ISERROR(FG30/FE30),"",(FG30/FE30)) | FG30: =FG11+FG12+FG13+FG24 -> 0 | FH30: =FH11+FH12+FH13+FH24 -> 0 | FI30: =IF(ISERROR(FJ30/FH30),"",(FJ30/FH30)) | FJ30: =FJ11+FJ12+FJ13+FJ24 -> 0 | FK30: =FK11+FK12+FK13+FK24 -> 0 | FL30: =IF(ISERROR(FM30/FK30),"",(FM30/FK30)) | FM30: =FM11+FM12+FM13+FM24 -> 0 | FN30: =FN11+FN12+FN13+FN24 -> 143 | FO30: =IF(ISERROR(FP30/FN30),"",(FP30/FN30)) -> 888.07692 | FP30: =FP11+FP12+FP13+FP24 -> 126995 | FQ30: =FQ11+FQ12+FQ13+FQ24 -> 0 | FR30: =FR10+FR19+FR24 -> 0 | FS30: =FS11+FS12+FS13+FS24 -> 0 | FT30: =FT11+FT12+FT13+FT24 -> 172080 | FU30: =IF(ISERROR(FV30/FT30),"",(FV30/FT30)) -> 0.68399582 | FV30: =FV11+FV12+FV13+FV24 -> 117702 | FW30: =FW11+FW12+FW13+FW24 -> 0 | FX30: =FX11+FX12+FX13+FX24 -> 0 | FY30: =IF(ISERROR(FZ30/FX30),"",(FZ30/FX30)) | FZ30: =FZ11+FZ12+FZ13+FZ24 -> 0 | GA30: =SUM(FA30,FD30,FG30,FJ30,FM30,FP30,FS30,FV30,FZ30) -> 244697 | GB30: =GB11+GB12+GB13+GB24 -> 300 | GC30: =IF(ISERROR(GD30/GB30),"",(GD30/GB30)) -> 15 | GD30: =GD11+GD12+GD13+GD24 -> 4500 | GE30: =GE11+GE12+GE13+GE24 -> 0 | GF30: =IF(ISERROR(GG30/GE30),"",(GG30/GE30)) | GG30: =GG11+GG12+GG13+GG24 -> 0 | GH30: =GH11+GH12+GH13+GH24 -> 300 | GI30: =IF(ISERROR(GJ30/GH30),"",(GJ30/GH30)) -> 1000 | GJ30: =GJ11+GJ12+GJ13+GJ24 -> 300000 | GK30: =GK11+GK12+GK13+GK24 -> 0 | GL30: =IF(ISERROR(GM30/GK30),"",(GM30/GK30)) | GM30: =GM11+GM12+GM13+GM24 -> 0 | GN30: =GN11+GN12+GN13+GN24 -> 0 | GO30: =IF(ISERROR(GP30/GN30),"",(GP30/GN30)) | GP30: =GP11+GP12+GP13+GP24 -> 0 | GQ30: =SUM(GD30,GG30,GJ30,GM30,GP30) -> 304500 | GR30: =GR11+GR12+GR13+GR24 -> 0 | GS30: =GS11+GS12+GS13+GS24 -> 0 | GT30: =GT11+GT12+GT13+GT24 -> 54919.7 | GU30: =GA30+GQ30+GR30+GS30+GT30 -> 604116.7 | GW30: =GW11+GW12+GW13+GW24 -> 0 | GX30: =IF(ISERROR(GY30/GW30),"",(GY30/GW30)) | GY30: =GY11+GY12+GY13+GY24 -> 0 | GZ30: =GZ11+GZ12+GZ13+GZ24 -> 0 | HA30: =IF(ISERROR(HB30/GZ30),"",(HB30/GZ30)) | HB30: =HB11+HB12+HB13+HB24 -> 0 | HC30: =HC11+HC12+HC13+HC24 -> 0 | HD30: =IF(ISERROR(HE30/HC30),"",(HE30/HC30)) | HE30: =HE11+HE12+HE13+HE24 -> 0 | HF30: =HF11+HF12+HF13+HF24 -> 0 | HG30: =IF(ISERROR(HH30/HF30),"",(HH30/HF30)) | HH30: =HH11+HH12+HH13+HH24 -> 0 | HI30: =HI11+HI12+HI13+HI24 -> 0 | HJ30: =IF(ISERROR(HK30/HI30),"",(HK30/HI30)) | HK30: =HK11+HK12+HK13+HK24 -> 0 | HL30: =HL11+HL12+HL13+HL24 -> 0 | HM30: =IF(ISERROR(HN30/HL30),"",(HN30/HL30)) | HN30: =HN11+HN12+HN13+HN24 -> 0 | HO30: =HO11+HO12+HO13+HO24 -> 0 | HP30: =HP10+HP19+HP24 -> 0 | HQ30: =HQ11+HQ12+HQ13+HQ24 -> 0 | HR30: =HR11+HR12+HR13+HR24 -> 0 | HS30: =IF(ISERROR(HT30/HR30),"",(HT30/HR30)) | HT30: =HT11+HT12+HT13+HT24 -> 0 | HU30: =HU11+HU12+HU13+HU24 -> 0 | HV30: =HV11+HV12+HV13+HV24 -> 0 | HW30: =IF(ISERROR(HX30/HV30),"",(HX30/HV30)) | HX30: =HX11+HX12+HX13+HX24 -> 0 | HY30: =SUM(GY30,HB30,HE30,HH30,HK30,HN30,HQ30,HT30,HX30) -> 0 | HZ30: =HZ11+HZ12+HZ13+HZ24 -> 300 | IA30: =IF(ISERROR(IB30/HZ30),"",(IB30/HZ30)) -> 15 | IB30: =IB11+IB12+IB13+IB24 -> 4500 | IC30: =IC11+IC12+IC13+IC24 -> 0 | ID30: =IF(ISERROR(IE30/IC30),"",(IE30/IC30)) | IE30: =IE11+IE12+IE13+IE24 -> 0 | IF30: =IF11+IF12+IF13+IF24 -> 300 | IG30: =IF(ISERROR(IH30/IF30),"",(IH30/IF30)) -> 1000 | IH30: =IH11+IH12+IH13+IH24 -> 300000 | II30: =II11+II12+II13+II24 -> 0 | IJ30: =IF(ISERROR(IK30/II30),"",(IK30/II30)) | IK30: =IK11+IK12+IK13+IK24 -> 0 | IL30: =IL11+IL12+IL13+IL24 -> 0 | IM30: =IF(ISERROR(IN30/IL30),"",(IN30/IL30)) | IN30: =IN11+IN12+IN13+IN24 -> 0 | IO30: =SUM(IB30,IE30,IH30,IK30,IN30) -> 304500 | IP30: =IP11+IP12+IP13+IP24 -> 0 | IQ30: =IQ11+IQ12+IQ13+IQ24 -> 0 | IR30: =IR11+IR12+IR13+IR24 -> 30450 | IS30: =HY30+IO30+IP30+IQ30+IR30 -> 334950 | IU30: =IU11+IU12+IU13+IU24 -> 0 | IV30: =IF(ISERROR(IW30/IU30),"",(IW30/IU30)) | IW30: =IW11+IW12+IW13+IW24 -> 0 | IX30: =IX11+IX12+IX13+IX24 -> 0 | IY30: =IF(ISERROR(IZ30/IX30),"",(IZ30/IX30)) | IZ30: =IZ11+IZ12+IZ13+IZ24 -> 0 | JA30: =JA11+JA12+JA13+JA24 -> 0 | JB30: =IF(ISERROR(JC30/JA30),"",(JC30/JA30)) | JC30: =JC11+JC12+JC13+JC24 -> 0 | JD30: =JD11+JD12+JD13+JD24 -> 0 | JE30: =IF(ISERROR(JF30/JD30),"",(JF30/JD30)) | JF30: =JF11+JF12+JF13+JF24 -> 0 | JG30: =JG11+JG12+JG13+JG24 -> 0 | JH30: =IF(ISERROR(JI30/JG30),"",(JI30/JG30)) | JI30: =JI11+JI12+JI13+JI24 -> 0 | JJ30: =JJ11+JJ12+JJ13+JJ24 -> 0 | JK30: =IF(ISERROR(JL30/JJ30),"",(JL30/JJ30)) | JL30: =JL11+JL12+JL13+JL24 -> 0 | JM30: =JM11+JM12+JM13+JM24 -> 0 | JN30: =JN10+JN19+JN24 -> 0 | JO30: =JO11+JO12+JO13+JO24 -> 0 | JP30: =JP11+JP12+JP13+JP24 -> 0 | JQ30: =IF(ISERROR(JR30/JP30),"",(JR30/JP30)) | JR30: =JR11+JR12+JR13+JR24 -> 0 | JS30: =JS11+JS12+JS13+JS24 -> 0 | JT30: =JT11+JT12+JT13+JT24 -> 0 | JU30: =IF(ISERROR(JV30/JT30),"",(JV30/JT30)) | JV30: =JV11+JV12+JV13+JV24 -> 0 | JW30: =SUM(IW30,IZ30,JC30,JF30,JI30,JL30,JO30,JR30,JV30) -> 0 | JX30: =JX11+JX12+JX13+JX24 -> 300 | JY30: =IF(ISERROR(JZ30/JX30),"",(JZ30/JX30)) -> 15 | JZ30: =JZ11+JZ12+JZ13+JZ24 -> 4500 | KA30: =KA11+KA12+KA13+KA24 -> 0 | KB30: =IF(ISERROR(KC30/KA30),"",(KC30/KA30)) | KC30: =KC11+KC12+KC13+KC24 -> 0 | KD30: =KD11+KD12+KD13+KD24 -> 300 | KE30: =IF(ISERROR(KF30/KD30),"",(KF30/KD30)) -> 1000 | KF30: =KF11+KF12+KF13+KF24 -> 300000 | KG30: =KG11+KG12+KG13+KG24 -> 0 | KH30: =IF(ISERROR(KI30/KG30),"",(KI30/KG30)) | KI30: =KI11+KI12+KI13+KI24 -> 0 | KJ30: =KJ11+KJ12+KJ13+KJ24 -> 0 | KK30: =IF(ISERROR(KL30/KJ30),"",(KL30/KJ30)) | KL30: =KL11+KL12+KL13+KL24 -> 0 | KM30: =SUM(JZ30,KC30,KF30,KI30,KL30) -> 304500 | KN30: =KN11+KN12+KN13+KN24 -> 0 | KO30: =KO11+KO12+KO13+KO24 -> 0 | KP30: =KP11+KP12+KP13+KP24 -> 30450 | KQ30: =JW30+KM30+KN30+KO30+KP30 -> 334950
B31: Region sub-total | D31: TFL | E31: =E14+E19+E25 -> 0 | F31: =IF(ISERROR(G31/E31),"",(G31/E31)) | G31: =G14+G19+G25 -> 0 | H31: =H14+H19+H25 -> 0 | I31: =IF(ISERROR(J31/H31),"",(J31/H31)) | J31: =J14+J19+J25 -> 0 | K31: =K14+K19+K25 -> 0 | L31: =IF(ISERROR(M31/K31),"",(M31/K31)) | M31: =M14+M19+M25 -> 0 | N31: =N14+N19+N25 -> 0 | O31: =IF(ISERROR(P31/N31),"",(P31/N31)) | P31: =P14+P19+P25 -> 0 | Q31: =Q14+Q19+Q25 -> 0 | R31: =IF(ISERROR(S31/Q31),"",(S31/Q31)) | S31: =S14+S19+S25 -> 0 | T31: =T14+T19+T25 -> 0 | U31: =IF(ISERROR(V31/T31),"",(V31/T31)) | V31: =V14+V19+V25 -> 0 | W31: =W14+W19+W25 -> 0 | X31: =X14+X19+X25 -> 0 | Y31: =Y14+Y19+Y25 -> 0 | Z31: =Z14+Z19+Z25 -> 0 | AA31: =IF(ISERROR(AB31/Z31),"",(AB31/Z31)) | AB31: =AB14+AB19+AB25 -> 0 | AC31: =AC14+AC19+AC25 -> 0 | AD31: =AD14+AD19+AD25 -> 0 | AE31: =IF(ISERROR(AF31/AD31),"",(AF31/AD31)) | AF31: =AF14+AF19+AF25 -> 0 | AG31: =AG14+AG19+AG25 -> 0 | AH31: =AH14+AH19+AH25 -> 0 | AI31: =IF(ISERROR(AJ31/AH31),"",(AJ31/AH31)) | AJ31: =AJ14+AJ19+AJ25 -> 0 | AK31: =AK14+AK19+AK25 -> 0 | AL31: =IF(ISERROR(AM31/AK31),"",(AM31/AK31)) | AM31: =AM14+AM19+AM25 -> 0 | AN31: =AN14+AN19+AN25 -> 0 | AO31: =IF(ISERROR(AP31/AN31),"",(AP31/AN31)) | AP31: =AP14+AP19+AP25 -> 0 | AQ31: =AQ14+AQ19+AQ25 -> 0 | AR31: =IF(ISERROR(AS31/AQ31),"",(AS31/AQ31)) | AS31: =AS14+AS19+AS25 -> 0 | AT31: =AT14+AT19+AT25 -> 0 | AU31: =IF(ISERROR(AV31/AT31),"0",(AV31/AT31)) -> 0 | AV31: =AV14+AV19+AV25 -> 0 | AW31: =AW14+AW19+AW25 -> 0 | AX31: =AX14+AX19+AX25 -> 0 | AY31: =AY14+AY19+AY25 -> 0 | AZ31: =AZ14+AZ19+AZ25 -> 0 | BA31: =AG31+AW31+AX31+AY31+AZ31 -> 0 | BC31: =BC14+BC19+BC25 -> 0 | BD31: =IF(ISERROR(BE31/BC31),"",(BE31/BC31)) | BE31: =BE14+BE19+BE25 -> 0 | BF31: =BF14+BF19+BF25 -> 0 | BG31: =IF(ISERROR(BH31/BF31),"",(BH31/BF31)) | BH31: =BH14+BH19+BH25 -> 0 | BI31: =BI14+BI19+BI25 -> 0 | BJ31: =IF(ISERROR(BK31/BI31),"",(BK31/BI31)) | BK31: =BK14+BK19+BK25 -> 0 | BL31: =BL14+BL19+BL25 -> 0 | BM31: =IF(ISERROR(BN31/BL31),"",(BN31/BL31)) | BN31: =BN14+BN19+BN25 -> 0 | BO31: =BO14+BO19+BO25 -> 0 | BP31: =IF(ISERROR(BQ31/BO31),"",(BQ31/BO31)) | BQ31: =BQ14+BQ19+BQ25 -> 0 | BR31: =BR14+BR19+BR25 -> 0 | BS31: =IF(ISERROR(BT31/BR31),"",(BT31/BR31)) | BT31: =BT14+BT19+BT25 -> 0 | BU31: =BU14+BU19+BU25 -> 0 | BV31: =BV14+BV19+BV25 -> 0 | BW31: =BW14+BW19+BW25 -> 0 | BX31: =BX14+BX19+BX25 -> 0 | BY31: =IF(ISERROR(BZ31/BX31),"",(BZ31/BX31)) | BZ31: =BZ14+BZ19+BZ25 -> 0 | CA31: =CA14+CA19+CA25 -> 0 | CB31: =CB14+CB19+CB25 -> 0 | CC31: =IF(ISERROR(CD31/CB31),"",(CD31/CB31)) | CD31: =CD14+CD19+CD25 -> 0 | CE31: =SUM(BE31,BH31,BK31,BN31,BQ31,BT31,BW31,BZ31,CD31) -> 0 | CF31: =CF14+CF19+CF25 -> 500 | CG31: =IF(ISERROR(CH31/CF31),"",(CH31/CF31)) -> 24 | CH31: =CH14+CH19+CH25 -> 12000 | CI31: =CI14+CI19+CI25 -> 0 | CJ31: =IF(ISERROR(CK31/CI31),"",(CK31/CI31)) | CK31: =CK14+CK19+CK25 -> 0 | CL31: =CL14+CL19+CL25 -> 0 | CM31: =IF(ISERROR(CN31/CL31),"",(CN31/CL31)) | CN31: =CN14+CN19+CN25 -> 0 | CO31: =CO14+CO19+CO25 -> 3000 | CP31: =IF(ISERROR(CQ31/CO31),"",(CQ31/CO31)) -> 159 | CQ31: =CQ14+CQ19+CQ25 -> 477000 | CR31: =CR14+CR19+CR25 -> 0 | CS31: =IF(ISERROR(CT31/CR31),"",(CT31/CR31)) | CT31: =CT14+CT19+CT25 -> 0 | CU31: =SUM(CH31,CK31,CN31,CQ31,CT31) -> 489000 | CV31: =CV14+CV19+CV25 -> 0 | CW31: =CW14+CW19+CW25 -> 0 | CX31: =CX14+CX19+CX25 -> 48900 | CY31: =CE31+CU31+CV31+CW31+CX31 -> 537900 | DA31: =DA14+DA19+DA25 -> 0 | DB31: =IF(ISERROR(DC31/DA31),"",(DC31/DA31)) | DC31: =DC14+DC19+DC25 -> 0 | DD31: =DD14+DD19+DD25 -> 0 | DE31: =IF(ISERROR(DF31/DD31),"",(DF31/DD31)) | DF31: =DF14+DF19+DF25 -> 0 | DG31: =DG14+DG19+DG25 -> 0 | DH31: =IF(ISERROR(DI31/DG31),"",(DI31/DG31)) | DI31: =DI14+DI19+DI25 -> 0 | DJ31: =DJ14+DJ19+DJ25 -> 0 | DK31: =IF(ISERROR(DL31/DJ31),"",(DL31/DJ31)) | DL31: =DL14+DL19+DL25 -> 0 | DM31: =DM14+DM19+DM25 -> 0 | DN31: =IF(ISERROR(DO31/DM31),"",(DO31/DM31)) | DO31: =DO14+DO19+DO25 -> 0 | DP31: =DP14+DP19+DP25 -> 0 | DQ31: =IF(ISERROR(DR31/DP31),"",(DR31/DP31)) | DR31: =DR14+DR19+DR25 -> 0 | DS31: =DS14+DS19+DS25 -> 0 | DT31: =DT14+DT19+DT25 -> 0 | DU31: =DU14+DU19+DU25 -> 0 | DV31: =DV14+DV19+DV25 -> 0 | DW31: =IF(ISERROR(DX31/DV31),"",(DX31/DV31)) | DX31: =DX14+DX19+DX25 -> 0 | DY31: =DY14+DY19+DY25 -> 0 | DZ31: =DZ14+DZ19+DZ25 -> 0 | EA31: =IF(ISERROR(EB31/DZ31),"",(EB31/DZ31)) | EB31: =EB14+EB19+EB25 -> 0 | EC31: =SUM(DC31,DF31,DI31,DL31,DO31,DR31,DU31,DX31,EB31) -> 0 | ED31: =ED14+ED19+ED25 -> 500 | EE31: =IF(ISERROR(EF31/ED31),"",(EF31/ED31)) -> 24 | EF31: =EF14+EF19+EF25 -> 12000 | EG31: =EG14+EG19+EG25 -> 0 | EH31: =IF(ISERROR(EI31/EG31),"",(EI31/EG31)) | EI31: =EI14+EI19+EI25 -> 0 | EJ31: =EJ14+EJ19+EJ25 -> 0 | EK31: =IF(ISERROR(EL31/EJ31),"",(EL31/EJ31)) | EL31: =EL14+EL19+EL25 -> 0 | EM31: =EM14+EM19+EM25 -> 3000 | EN31: =IF(ISERROR(EO31/EM31),"",(EO31/EM31)) -> 159 | EO31: =EO14+EO19+EO25 -> 477000 | EP31: =EP14+EP19+EP25 -> 0 | EQ31: =IF(ISERROR(ER31/EP31),"",(ER31/EP31)) | ER31: =ER14+ER19+ER25 -> 0 | ES31: =SUM(EF31,EI31,EL31,EO31,ER31) -> 489000 | ET31: =ET14+ET19+ET25 -> 0 | EU31: =EU14+EU19+EU25 -> 0 | EV31: =EV14+EV19+EV25 -> 48900 | EW31: =EC31+ES31+ET31+EU31+EV31 -> 537900 | EY31: =EY14+EY19+EY25 -> 0 | EZ31: =IF(ISERROR(FA31/EY31),"",(FA31/EY31)) | FA31: =FA14+FA19+FA25 -> 0 | FB31: =FB14+FB19+FB25 -> 0 | FC31: =IF(ISERROR(FD31/FB31),"",(FD31/FB31)) | FD31: =FD14+FD19+FD25 -> 0 | FE31: =FE14+FE19+FE25 -> 0 | FF31: =IF(ISERROR(FG31/FE31),"",(FG31/FE31)) | FG31: =FG14+FG19+FG25 -> 0 | FH31: =FH14+FH19+FH25 -> 0 | FI31: =IF(ISERROR(FJ31/FH31),"",(FJ31/FH31)) | FJ31: =FJ14+FJ19+FJ25 -> 0 | FK31: =FK14+FK19+FK25 -> 0 | FL31: =IF(ISERROR(FM31/FK31),"",(FM31/FK31)) | FM31: =FM14+FM19+FM25 -> 0 | FN31: =FN14+FN19+FN25 -> 0 | FO31: =IF(ISERROR(FP31/FN31),"",(FP31/FN31)) | FP31: =FP14+FP19+FP25 -> 0 | FQ31: =FQ14+FQ19+FQ25 -> 0 | FR31: =FR14+FR19+FR25 -> 0 | FS31: =FS14+FS19+FS25 -> 0 | FT31: =FT14+FT19+FT25 -> 0 | FU31: =IF(ISERROR(FV31/FT31),"",(FV31/FT31)) | FV31: =FV14+FV19+FV25 -> 0 | FW31: =FW14+FW19+FW25 -> 0 | FX31: =FX14+FX19+FX25 -> 0 | FY31: =IF(ISERROR(FZ31/FX31),"",(FZ31/FX31)) | FZ31: =FZ14+FZ19+FZ25 -> 0 | GA31: =SUM(FA31,FD31,FG31,FJ31,FM31,FP31,FS31,FV31,FZ31) -> 0 | GB31: =GB14+GB19+GB25 -> 500 | GC31: =IF(ISERROR(GD31/GB31),"",(GD31/GB31)) -> 24 | GD31: =GD14+GD19+GD25 -> 12000 | GE31: =GE14+GE19+GE25 -> 0 | GF31: =IF(ISERROR(GG31/GE31),"",(GG31/GE31)) | GG31: =GG14+GG19+GG25 -> 0 | GH31: =GH14+GH19+GH25 -> 0 | GI31: =IF(ISERROR(GJ31/GH31),"",(GJ31/GH31)) | GJ31: =GJ14+GJ19+GJ25 -> 0 | GK31: =GK14+GK19+GK25 -> 3000 | GL31: =IF(ISERROR(GM31/GK31),"",(GM31/GK31)) -> 159 | GM31: =GM14+GM19+GM25 -> 477000 | GN31: =GN14+GN19+GN25 -> 0 | GO31: =IF(ISERROR(GP31/GN31),"",(GP31/GN31)) | GP31: =GP14+GP19+GP25 -> 0 | GQ31: =SUM(GD31,GG31,GJ31,GM31,GP31) -> 489000 | GR31: =GR14+GR19+GR25 -> 0 | GS31: =GS14+GS19+GS25 -> 0 | GT31: =GT14+GT19+GT25 -> 48900 | GU31: =GA31+GQ31+GR31+GS31+GT31 -> 537900 | GW31: =GW14+GW19+GW25 -> 0 | GX31: =IF(ISERROR(GY31/GW31),"",(GY31/GW31)) | GY31: =GY14+GY19+GY25 -> 0 | GZ31: =GZ14+GZ19+GZ25 -> 0 | HA31: =IF(ISERROR(HB31/GZ31),"",(HB31/GZ31)) | HB31: =HB14+HB19+HB25 -> 0 | HC31: =HC14+HC19+HC25 -> 0 | HD31: =IF(ISERROR(HE31/HC31),"",(HE31/HC31)) | HE31: =HE14+HE19+HE25 -> 0 | HF31: =HF14+HF19+HF25 -> 0 | HG31: =IF(ISERROR(HH31/HF31),"",(HH31/HF31)) | HH31: =HH14+HH19+HH25 -> 0 | HI31: =HI14+HI19+HI25 -> 0 | HJ31: =IF(ISERROR(HK31/HI31),"",(HK31/HI31)) | HK31: =HK14+HK19+HK25 -> 0 | HL31: =HL14+HL19+HL25 -> 0 | HM31: =IF(ISERROR(HN31/HL31),"",(HN31/HL31)) | HN31: =HN14+HN19+HN25 -> 0 | HO31: =HO14+HO19+HO25 -> 0 | HP31: =HP14+HP19+HP25 -> 0 | HQ31: =HQ14+HQ19+HQ25 -> 0 | HR31: =HR14+HR19+HR25 -> 0 | HS31: =IF(ISERROR(HT31/HR31),"",(HT31/HR31)) | HT31: =HT14+HT19+HT25 -> 0 | HU31: =HU14+HU19+HU25 -> 0 | HV31: =HV14+HV19+HV25 -> 0 | HW31: =IF(ISERROR(HX31/HV31),"",(HX31/HV31)) | HX31: =HX14+HX19+HX25 -> 0 | HY31: =SUM(GY31,HB31,HE31,HH31,HK31,HN31,HQ31,HT31,HX31) -> 0 | HZ31: =HZ14+HZ19+HZ25 -> 500 | IA31: =IF(ISERROR(IB31/HZ31),"",(IB31/HZ31)) -> 24 | IB31: =IB14+IB19+IB25 -> 12000 | IC31: =IC14+IC19+IC25 -> 0 | ID31: =IF(ISERROR(IE31/IC31),"",(IE31/IC31)) | IE31: =IE14+IE19+IE25 -> 0 | IF31: =IF14+IF19+IF25 -> 0 | IG31: =IF(ISERROR(IH31/IF31),"",(IH31/IF31)) | IH31: =IH14+IH19+IH25 -> 0 | II31: =II14+II19+II25 -> 3000 | IJ31: =IF(ISERROR(IK31/II31),"",(IK31/II31)) -> 159 | IK31: =IK14+IK19+IK25 -> 477000 | IL31: =IL14+IL19+IL25 -> 0 | IM31: =IF(ISERROR(IN31/IL31),"",(IN31/IL31)) | IN31: =IN14+IN19+IN25 -> 0 | IO31: =SUM(IB31,IE31,IH31,IK31,IN31) -> 489000 | IP31: =IP14+IP19+IP25 -> 0 | IQ31: =IQ14+IQ19+IQ25 -> 0 | IR31: =IR14+IR19+IR25 -> 48900 | IS31: =HY31+IO31+IP31+IQ31+IR31 -> 537900 | IU31: =IU14+IU19+IU25 -> 0 | IV31: =IF(ISERROR(IW31/IU31),"",(IW31/IU31)) | IW31: =IW14+IW19+IW25 -> 0 | IX31: =IX14+IX19+IX25 -> 0 | IY31: =IF(ISERROR(IZ31/IX31),"",(IZ31/IX31)) | IZ31: =IZ14+IZ19+IZ25 -> 0 | JA31: =JA14+JA19+JA25 -> 0 | JB31: =IF(ISERROR(JC31/JA31),"",(JC31/JA31)) | JC31: =JC14+JC19+JC25 -> 0 | JD31: =JD14+JD19+JD25 -> 0 | JE31: =IF(ISERROR(JF31/JD31),"",(JF31/JD31)) | JF31: =JF14+JF19+JF25 -> 0 | JG31: =JG14+JG19+JG25 -> 0 | JH31: =IF(ISERROR(JI31/JG31),"",(JI31/JG31)) | JI31: =JI14+JI19+JI25 -> 0 | JJ31: =JJ14+JJ19+JJ25 -> 0 | JK31: =IF(ISERROR(JL31/JJ31),"",(JL31/JJ31)) | JL31: =JL14+JL19+JL25 -> 0 | JM31: =JM14+JM19+JM25 -> 0 | JN31: =JN14+JN19+JN25 -> 0 | JO31: =JO14+JO19+JO25 -> 0 | JP31: =JP14+JP19+JP25 -> 0 | JQ31: =IF(ISERROR(JR31/JP31),"",(JR31/JP31)) | JR31: =JR14+JR19+JR25 -> 0 | JS31: =JS14+JS19+JS25 -> 0 | JT31: =JT14+JT19+JT25 -> 0 | JU31: =IF(ISERROR(JV31/JT31),"",(JV31/JT31)) | JV31: =JV14+JV19+JV25 -> 0 | JW31: =SUM(IW31,IZ31,JC31,JF31,JI31,JL31,JO31,JR31,JV31) -> 0 | JX31: =JX14+JX19+JX25 -> 500 | JY31: =IF(ISERROR(JZ31/JX31),"",(JZ31/JX31)) -> 24 | JZ31: =JZ14+JZ19+JZ25 -> 12000 | KA31: =KA14+KA19+KA25 -> 0 | KB31: =IF(ISERROR(KC31/KA31),"",(KC31/KA31)) | KC31: =KC14+KC19+KC25 -> 0 | KD31: =KD14+KD19+KD25 -> 0 | KE31: =IF(ISERROR(KF31/KD31),"",(KF31/KD31)) | KF31: =KF14+KF19+KF25 -> 0 | KG31: =KG14+KG19+KG25 -> 3000 | KH31: =IF(ISERROR(KI31/KG31),"",(KI31/KG31)) -> 159 | KI31: =KI14+KI19+KI25 -> 477000 | KJ31: =KJ14+KJ19+KJ25 -> 0 | KK31: =IF(ISERROR(KL31/KJ31),"",(KL31/KJ31)) | KL31: =KL14+KL19+KL25 -> 0 | KM31: =SUM(JZ31,KC31,KF31,KI31,KL31) -> 489000 | KN31: =KN14+KN19+KN25 -> 0 | KO31: =KO14+KO19+KO25 -> 0 | KP31: =KP14+KP19+KP25 -> 48900 | KQ31: =JW31+KM31+KN31+KO31+KP31 -> 537900
B32: Total Region | E32: =SUM(E15+E20+E26+E6) -> 1550 | F32: =IF(ISERROR(G32/E32),"",(G32/E32)) -> 25.16129 | G32: =SUM(G15+G20+G26+G6) -> 39000 | H32: =SUM(H15+H20+H26+H6) -> 10200 | I32: =IF(ISERROR(J32/H32),"",(J32/H32)) -> 22.990196 | J32: =SUM(J15+J20+J26+J6) -> 234500 | K32: =SUM(K15+K20+K26+K6) -> 1500 | L32: =IF(ISERROR(M32/K32),"",(M32/K32)) -> 30 | M32: =SUM(M15+M20+M26+M6) -> 45000 | N32: =SUM(N15+N20+N26+N6) -> 2724 | O32: =IF(ISERROR(P32/N32),"",(P32/N32)) -> 22.246696 | P32: =SUM(P15+P20+P26+P6) -> 60600 | Q32: =SUM(Q15+Q20+Q26+Q6) -> 2531 | R32: =IF(ISERROR(S32/Q32),"",(S32/Q32)) -> 168.07586 | S32: =SUM(S15+S20+S26+S6) -> 425400 | T32: =SUM(T15+T20+T26+T6) -> 0 | U32: =IF(ISERROR(V32/T32),"",(V32/T32)) | V32: =SUM(V15+V20+V26+V6) -> 0 | W32: =SUM(W15+W20+W26+W6) -> 0 | X32: =SUM(X15+X20+X26+X6) -> 0 | Y32: =SUM(Y15+Y20+Y26+Y6) -> 0 | Z32: =SUM(Z15+Z20+Z26+Z6) -> 8865380 | AA32: =IF(ISERROR(AB32/Z32),"",(AB32/Z32)) -> 0.39879407 | AB32: =SUM(AB15+AB20+AB26+AB6) -> 3535461 | AC32: =SUM(AC15+AC20+AC26+AC6) -> 7900000 | AD32: =SUM(AD15+AD20+AD26+AD6) -> 0 | AE32: =IF(ISERROR(AF32/AD32),"",(AF32/AD32)) | AF32: =SUM(AF15+AF20+AF26+AF6) -> 0 | AG32: =SUM(AG6+AG15+AG20+AG26) -> 4339961 | AH32: =SUM(AH15+AH20+AH26+AH6) -> 0 | AI32: =IF(ISERROR(AJ32/AH32),"",(AJ32/AH32)) | AJ32: =SUM(AJ15+AJ20+AJ26+AJ6) -> 0 | AK32: =SUM(AK15+AK20+AK26+AK6) -> 0 | AL32: =IF(ISERROR(AM32/AK32),"",(AM32/AK32)) | AM32: =SUM(AM15+AM20+AM26+AM6) -> 0 | AN32: =SUM(AN15+AN20+AN26+AN6) -> 0 | AO32: =IF(ISERROR(AP32/AN32),"",(AP32/AN32)) | AP32: =SUM(AP15+AP20+AP26+AP6) -> 0 | AQ32: =SUM(AQ15+AQ20+AQ26+AQ6) -> 0 | AR32: =IF(ISERROR(AS32/AQ32),"",(AS32/AQ32)) | AS32: =SUM(AS15+AS20+AS26+AS6) -> 0 | AT32: =SUM(AT15+AT20+AT26+AT6) -> 0 | AU32: =IF(ISERROR(AV32/AT32),"0",(AV32/AT32)) -> 0 | AV32: =SUM(AV15+AV20+AV26+AV6) -> 0 | AW32: =SUM(AW6+AW15+AW20+AW26+AW6) -> 0 | AX32: =SUM(AX15+AX20+AX26+AX6) -> 0 | AY32: =SUM(AY15+AY20+AY26+AY6) -> 15000 | AZ32: =SUM(AZ15+AZ20+AZ26+AZ6) -> 473996.1 | BA32: =AG32+AW32+AX32+AY32+AZ32 -> 4828957.1 | BC32: =SUM(BC15+BC20+BC26+BC6) -> 0 | BD32: =IF(ISERROR(BE32/BC32),"",(BE32/BC32)) | BE32: =SUM(BE15+BE20+BE26+BE6) -> 0 | BF32: =SUM(BF15+BF20+BF26+BF6) -> 11468 | BG32: =IF(ISERROR(BH32/BF32),"",(BH32/BF32)) -> 22.611615 | BH32: =SUM(BH15+BH20+BH26+BH6) -> 259310 | BI32: =SUM(BI15+BI20+BI26+BI6) -> 20105 | BJ32: =IF(ISERROR(BK32/BI32),"",(BK32/BI32)) -> 26.02089 | BK32: =SUM(BK15+BK20+BK26+BK6) -> 523150 | BL32: =SUM(BL15+BL20+BL26+BL6) -> 9459 | BM32: =IF(ISERROR(BN32/BL32),"",(BN32/BL32)) -> 17.159213 | BN32: =SUM(BN15+BN20+BN26+BN6) -> 162309 | BO32: =SUM(BO15+BO20+BO26+BO6) -> 4400 | BP32: =IF(ISERROR(BQ32/BO32),"",(BQ32/BO32)) -> 226.81818 | BQ32: =SUM(BQ15+BQ20+BQ26+BQ6) -> 998000 | BR32: =SUM(BR15+BR20+BR26+BR6) -> 110 | BS32: =IF(ISERROR(BT32/BR32),"",(BT32/BR32)) -> 738 | BT32: =SUM(BT15+BT20+BT26+BT6) -> 81180 | BU32: =SUM(BU15+BU20+BU26+BU6) -> 0 | BV32: =SUM(BV15+BV20+BV26+BV6) -> 0 | BW32: =SUM(BW15+BW20+BW26+BW6) -> 0 | BX32: =SUM(BX15+BX20+BX26+BX6) -> 9403592 | BY32: =IF(ISERROR(BZ32/BX32),"",(BZ32/BX32)) -> 0.46053572 | BZ32: =SUM(BZ15+BZ20+BZ26+BZ6) -> 4330690 | CA32: =SUM(CA15+CA20+CA26+CA6) -> 8350080 | CB32: =SUM(CB15+CB20+CB26+CB6) -> 0 | CC32: =IF(ISERROR(CD32/CB32),"",(CD32/CB32)) | CD32: =SUM(CD15+CD20+CD26+CD6) -> 0 | CE32: =SUM(BE32,BH32,BK32,BN32,BQ32,BT32,BW32,BZ32,CD32) -> 6354639 | CF32: =SUM(CF15+CF20+CF26+CF6) -> 10292 | CG32: =IF(ISERROR(CH32/CF32),"",(CH32/CF32)) -> 35.087544 | CH32: =SUM(CH15+CH20+CH26+CH6) -> 361121 | CI32: =SUM(CI15+CI20+CI26+CI6) -> 0 | CJ32: =IF(ISERROR(CK32/CI32),"",(CK32/CI32)) | CK32: =SUM(CK15+CK20+CK26+CK6) -> 0 | CL32: =SUM(CL15+CL20+CL26+CL6) -> 1370 | CM32: =IF(ISERROR(CN32/CL32),"",(CN32/CL32)) -> 1216.5401 | CN32: =SUM(CN15+CN20+CN26+CN6) -> 1666660 | CO32: =SUM(CO15+CO20+CO26+CO6) -> 7550 | CP32: =IF(ISERROR(CQ32/CO32),"",(CQ32/CO32)) -> 160.88079 | CQ32: =SUM(CQ15+CQ20+CQ26+CQ6) -> 1214650 | CR32: =SUM(CR15+CR20+CR26+CR6) -> 0 | CS32: =IF(ISERROR(CT32/CR32),"",(CT32/CR32)) | CT32: =SUM(CT15+CT20+CT26+CT6) -> 0 | CU32: =SUM(CH32,CK32,CN32,CQ32,CT32) -> 3242431 | CV32: =SUM(CV15+CV20+CV26+CV6) -> 0 | CW32: =SUM(CW15+CW20+CW26+CW6) -> 15000 | CX32: =SUM(CX15+CX20+CX26+CX6) -> 979706.7 | CY32: =CE32+CU32+CV32+CW32+CX32 -> 10591777 | DA32: =SUM(DA15+DA20+DA26+DA6) -> 0 | DC32: =SUM(DC15+DC20+DC26+DC6) -> 0 | DD32: =SUM(DD15+DD20+DD26+DD6) -> 25200 | DF32: =SUM(DF15+DF20+DF26+DF6) -> 461500 | DG32: =SUM(DG15+DG20+DG26+DG6) -> 11700 | DI32: =SUM(DI15+DI20+DI26+DI6) -> 351000 | DJ32: =SUM(DJ15+DJ20+DJ26+DJ6) -> 6450 | DL32: =SUM(DL15+DL20+DL26+DL6) -> 109500 | DM32: =SUM(DM15+DM20+DM26+DM6) -> 3200 | DO32: =SUM(DO15+DO20+DO26+DO6) -> 804420 | DP32: =SUM(DP15+DP20+DP26+DP6) -> 100 | DR32: =SUM(DR15+DR20+DR26+DR6) -> 76200 | DS32: =SUM(DS15+DS20+DS26+DS6) -> 0 | DT32: =SUM(DT15+DT20+DT26+DT6) -> 0 | DU32: =SUM(DU15+DU20+DU26+DU6) -> 0 | DV32: =SUM(DV15+DV20+DV26+DV6) -> 7487000 | DX32: =SUM(DX15+DX20+DX26+DX6) -> 3682000 | DY32: =SUM(DY15+DY20+DY26+DY6) -> 7480000 | DZ32: =SUM(DZ15+DZ20+DZ26+DZ6) -> 0 | EB32: =SUM(EB15+EB20+EB26+EB6) -> 0 | EC32: =SUM(DC32,DF32,DI32,DL32,DO32,DR32,DU32,DX32,EB32) -> 5484620 | ED32: =SUM(ED15+ED20+ED26+ED6) -> 7700 | EF32: =SUM(EF15+EF20+EF26+EF6) -> 260100 | EG32: =SUM(EG15+EG20+EG26+EG6) -> 0 | EI32: =SUM(EI15+EI20+EI26+EI6) -> 0 | EJ32: =SUM(EJ15+EJ20+EJ26+EJ6) -> 1220 | EL32: =SUM(EL15+EL20+EL26+EL6) -> 1494160 | EM32: =SUM(EM15+EM20+EM26+EM6) -> 7550 | EO32: =SUM(EO15+EO20+EO26+EO6) -> 1214650 | EP32: =SUM(EP15+EP20+EP26+EP6) -> 0 | ER32: =SUM(ER15+ER20+ER26+ER6) -> 0 | ES32: =SUM(EF32,EI32,EL32,EO32,ER32) -> 2968910 | ET32: =SUM(ET15+ET20+ET26+ET6) -> 0 | EU32: =SUM(EU15+EU20+EU26+EU6) -> 15000 | EV32: =SUM(EV15+EV20+EV26+EV6) -> 865353 | EW32: =EC32+ES32+ET32+EU32+EV32 -> 9333883 | EY32: =SUM(EY15+EY20+EY26+EY6) -> 0 | FA32: =SUM(FA15+FA20+FA26+FA6) -> 0 | FB32: =SUM(FB15+FB20+FB26+FB6) -> 13700 | FD32: =SUM(FD15+FD20+FD26+FD6) -> 329000 | FE32: =SUM(FE15+FE20+FE26+FE6) -> 5757 | FG32: =SUM(FG15+FG20+FG26+FG6) -> 147710 | FH32: =SUM(FH15+FH20+FH26+FH6) -> 7902 | FJ32: =SUM(FJ15+FJ20+FJ26+FJ6) -> 157730 | FK32: =SUM(FK15+FK20+FK26+FK6) -> 2250 | FM32: =SUM(FM15+FM20+FM26+FM6) -> 585500 | FN32: =SUM(FN15+FN20+FN26+FN6) -> 493 | FP32: =SUM(FP15+FP20+FP26+FP6) -> 368195 | FQ32: =SUM(FQ15+FQ20+FQ26+FQ6) -> 0 | FR32: =SUM(FR15+FR20+FR26+FR6) -> 0 | FS32: =SUM(FS15+FS20+FS26+FS6) -> 0 | FT32: =SUM(FT15+FT20+FT26+FT6) -> 8350080 | FV32: =SUM(FV15+FV20+FV26+FV6) -> 4105702 | FW32: =SUM(FW15+FW20+FW26+FW6) -> 7000000 | FX32: =SUM(FX15+FX20+FX26+FX6) -> 0 | FZ32: =SUM(FZ15+FZ20+FZ26+FZ6) -> 0 | GA32: =SUM(FA32,FD32,FG32,FJ32,FM32,FP32,FS32,FV32,FZ32) -> 5693837 | GB32: =SUM(GB15+GB20+GB26+GB6) -> 8700 | GD32: =SUM(GD15+GD20+GD26+GD6) -> 290100 | GE32: =SUM(GE15+GE20+GE26+GE6) -> 0 | GG32: =SUM(GG15+GG20+GG26+GG6) -> 0 | GH32: =SUM(GH15+GH20+GH26+GH6) -> 1220 | GJ32: =SUM(GJ15+GJ20+GJ26+GJ6) -> 1494160 | GK32: =SUM(GK15+GK20+GK26+GK6) -> 7550 | GM32: =SUM(GM15+GM20+GM26+GM6) -> 1214650 | GN32: =SUM(GN15+GN20+GN26+GN6) -> 0 | GP32: =SUM(GP15+GP20+GP26+GP6) -> 0 | GQ32: =SUM(GD32,GG32,GJ32,GM32,GP32) -> 2998910 | GR32: =SUM(GR15+GR20+GR26+GR6) -> 0 | GS32: =SUM(GS15+GS20+GS26+GS6) -> 15000 | GT32: =SUM(GT15+GT20+GT26+GT6) -> 889274.7 | GU32: =GA32+GQ32+GR32+GS32+GT32 -> 9597021.7 | GW32: =SUM(GW15+GW20+GW26+GW6) -> 0 | GY32: =SUM(GY15+GY20+GY26+GY6) -> 0 | GZ32: =SUM(GZ15+GZ20+GZ26+GZ6) -> 12800 | HB32: =SUM(HB15+HB20+HB26+HB6) -> 287000 | HC32: =SUM(HC15+HC20+HC26+HC6) -> 9000 | HE32: =SUM(HE15+HE20+HE26+HE6) -> 270000 | HF32: =SUM(HF15+HF20+HF26+HF6) -> 6200 | HH32: =SUM(HH15+HH20+HH26+HH6) -> 112000 | HI32: =SUM(HI15+HI20+HI26+HI6) -> 1550 | HK32: =SUM(HK15+HK20+HK26+HK6) -> 472000 | HL32: =SUM(HL15+HL20+HL26+HL6) -> 350 | HN32: =SUM(HN15+HN20+HN26+HN6) -> 241200 | HO32: =SUM(HO15+HO20+HO26+HO6) -> 0 | HP32: =SUM(HP15+HP20+HP26+HP6) -> 0 | HQ32: =SUM(HQ15+HQ20+HQ26+HQ6) -> 0 | HR32: =SUM(HR15+HR20+HR26+HR6) -> 7480000 | HT32: =SUM(HT15+HT20+HT26+HT6) -> 3772080 | HU32: =SUM(HU15+HU20+HU26+HU6) -> 6660000 | HV32: =SUM(HV15+HV20+HV26+HV6) -> 500 | HX32: =SUM(HX15+HX20+HX26+HX6) -> 125000 | HY32: =SUM(GY32,HB32,HE32,HH32,HK32,HN32,HQ32,HT32,HX32) -> 5279280 | HZ32: =SUM(HZ15+HZ20+HZ26+HZ6) -> 8700 | IB32: =SUM(IB15+IB20+IB26+IB6) -> 290100 | IC32: =SUM(IC15+IC20+IC26+IC6) -> 0 | IE32: =SUM(IE15+IE20+IE26+IE6) -> 0 | IF32: =SUM(IF15+IF20+IF26+IF6) -> 1220 | IH32: =SUM(IH15+IH20+IH26+IH6) -> 1494160 | II32: =SUM(II15+II20+II26+II6) -> 7550 | IK32: =SUM(IK15+IK20+IK26+IK6) -> 1214650 | IL32: =SUM(IL15+IL20+IL26+IL6) -> 0 | IN32: =SUM(IN15+IN20+IN26+IN6) -> 0 | IO32: =SUM(IB32,IE32,IH32,IK32,IN32) -> 2998910 | IP32: =SUM(IP15+IP20+IP26+IP6) -> 0 | IQ32: =SUM(IQ15+IQ20+IQ26+IQ6) -> 15000 | IR32: =SUM(IR15+IR20+IR26+IR6) -> 847819 | IS32: =HY32+IO32+IP32+IQ32+IR32 -> 9141009 | IU32: =SUM(IU15+IU20+IU26+IU6) -> 0 | IW32: =SUM(IW15+IW20+IW26+IW6) -> 0 | IX32: =SUM(IX15+IX20+IX26+IX6) -> 11800 | IZ32: =SUM(IZ15+IZ20+IZ26+IZ6) -> 285000 | JA32: =SUM(JA15+JA20+JA26+JA6) -> 9000 | JC32: =SUM(JC15+JC20+JC26+JC6) -> 270000 | JD32: =SUM(JD15+JD20+JD26+JD6) -> 7580 | JF32: =SUM(JF15+JF20+JF26+JF6) -> 141900 | JG32: =SUM(JG15+JG20+JG26+JG6) -> 1520 | JI32: =SUM(JI15+JI20+JI26+JI6) -> 462000 | JJ32: =SUM(JJ15+JJ20+JJ26+JJ6) -> 350 | JL32: =SUM(JL15+JL20+JL26+JL6) -> 241200 | JM32: =SUM(JM15+JM20+JM26+JM6) -> 0 | JN32: =SUM(JN15+JN20+JN26+JN6) -> 0 | JO32: =SUM(JO15+JO20+JO26+JO6) -> 0 | JP32: =SUM(JP15+JP20+JP26+JP6) -> 7000000 | JR32: =SUM(JR15+JR20+JR26+JR6) -> 3594400 | JS32: =SUM(JS15+JS20+JS26+JS6) -> 6500000 | JT32: =SUM(JT15+JT20+JT26+JT6) -> 300 | JV32: =SUM(JV15+JV20+JV26+JV6) -> 75000 | JW32: =SUM(IW32,IZ32,JC32,JF32,JI32,JL32,JO32,JR32,JV32) -> 5069500 | JX32: =SUM(JX15+JX20+JX26+JX6) -> 8700 | JZ32: =SUM(JZ15+JZ20+JZ26+JZ6) -> 290100 | KA32: =SUM(KA15+KA20+KA26+KA6) -> 0 | KC32: =SUM(KC15+KC20+KC26+KC6) -> 0 | KD32: =SUM(KD15+KD20+KD26+KD6) -> 1220 | KF32: =SUM(KF15+KF20+KF26+KF6) -> 1494160 | KG32: =SUM(KG15+KG20+KG26+KG6) -> 7550 | KI32: =SUM(KI15+KI20+KI26+KI6) -> 1214650 | KJ32: =SUM(KJ15+KJ20+KJ26+KJ6) -> 0 | KL32: =SUM(KL15+KL20+KL26+KL6) -> 0 | KM32: =SUM(JZ32,KC32,KF32,KI32,KL32) -> 2998910 | KN32: =SUM(KN15+KN20+KN26+KN6) -> 0 | KO32: =SUM(KO15+KO20+KO26+KO6) -> 15000 | KP32: =SUM(KP15+KP20+KP26+KP6) -> 826841 | KQ32: =JW32+KM32+KN32+KO32+KP32 -> 8910251
B33: TOR | F33: =IF(ISERROR(G33/E33),"",(G33/E33)) | I33: =IF(ISERROR(J33/H33),"",(J33/H33)) | L33: =IF(ISERROR(M33/K33),"",(M33/K33)) | O33: =IF(ISERROR(P33/N33),"",(P33/N33)) | R33: =IF(ISERROR(S33/Q33),"",(S33/Q33)) | U33: =IF(ISERROR(V33/T33),"",(V33/T33)) | AA33: =IF(ISERROR(AB33/Z33),"",(AB33/Z33)) | AE33: =IF(ISERROR(AF33/AD33),"",(AF33/AD33)) | AG33: =SUM(G33,J33,M33,P33,S33,V33,AB33,AF33) -> 0 | AI33: =IF(ISERROR(AJ33/AH33),"",(AJ33/AH33)) | AL33: =IF(ISERROR(AM33/AK33),"",(AM33/AK33)) | AO33: =IF(ISERROR(AP33/AN33),"",(AP33/AN33)) | AR33: =IF(ISERROR(AS33/AQ33),"",(AS33/AQ33)) | AU33: =IF(ISERROR(AV33/AT33),"0",(AV33/AT33)) -> 0 | AW33: =SUM(AJ33,AM33,AP33,AS33,AV33) -> 0 | AZ33: 104000 | BA33: =AG33+AW33+AX33+AY33+AZ33 -> 104000 | BD33: =IF(ISERROR(BE33/BC33),"",(BE33/BC33)) | BG33: =IF(ISERROR(BH33/BF33),"",(BH33/BF33)) | BJ33: =IF(ISERROR(BK33/BI33),"",(BK33/BI33)) | BM33: =IF(ISERROR(BN33/BL33),"",(BN33/BL33)) | BP33: =IF(ISERROR(BQ33/BO33),"",(BQ33/BO33)) | BS33: =IF(ISERROR(BT33/BR33),"",(BT33/BR33)) | BY33: =IF(ISERROR(BZ33/BX33),"",(BZ33/BX33)) | CC33: =IF(ISERROR(CD33/CB33),"",(CD33/CB33)) | CE33: =SUM(BE33,BH33,BK33,BN33,BQ33,BT33,BW33,BZ33,CD33) -> 0 | CG33: =IF(ISERROR(CH33/CF33),"",(CH33/CF33)) | CJ33: =IF(ISERROR(CK33/CI33),"",(CK33/CI33)) | CM33: =IF(ISERROR(CN33/CL33),"",(CN33/CL33)) | CP33: =IF(ISERROR(CQ33/CO33),"",(CQ33/CO33)) | CS33: =IF(ISERROR(CT33/CR33),"",(CT33/CR33)) | CU33: =SUM(CH33,CK33,CN33,CQ33,CT33) -> 0 | CX33: 146000 | CY33: =CE33+CU33+CV33+CW33+CX33 -> 146000 | EC33: =SUM(DC33,DF33,DI33,DL33,DO33,DR33,DU33,DX33,EB33) -> 0 | ES33: =SUM(EF33,EI33,EL33,EO33,ER33) -> 0 | EW33: =EC33+ES33+ET33+EU33+EV33 -> 0 | GA33: =SUM(FA33,FD33,FG33,FJ33,FM33,FP33,FS33,FV33,FZ33) -> 0 | GQ33: =SUM(GD33,GG33,GJ33,GM33,GP33) -> 0 | GU33: =GA33+GQ33+GR33+GS33+GT33 -> 0 | HY33: =SUM(GY33,HB33,HE33,HH33,HK33,HN33,HQ33,HT33,HX33) -> 0 | IO33: =SUM(IB33,IE33,IH33,IK33,IN33) -> 0 | IS33: =HY33+IO33+IP33+IQ33+IR33 -> 0 | JW33: =SUM(IW33,IZ33,JC33,JF33,JI33,JL33,JO33,JR33,JV33) -> 0 | KM33: =SUM(JZ33,KC33,KF33,KI33,KL33) -> 0 | KQ33: =JW33+KM33+KN33+KO33+KP33 -> 0
C34: Thompson Rivers | D34: District | E34: 400 | F34: =IF(ISERROR(G34/E34),"",(G34/E34)) -> 18.75 | G34: 7500 | H34: 1500 | I34: =IF(ISERROR(J34/H34),"",(J34/H34)) -> 36 | J34: 54000 | K34: 30 | L34: =IF(ISERROR(M34/K34),"",(M34/K34)) -> 40 | M34: 1200 | N34: 100 | O34: =IF(ISERROR(P34/N34),"",(P34/N34)) -> 26.75 | P34: 2675 | Q34: 25 | R34: =IF(ISERROR(S34/Q34),"",(S34/Q34)) -> 749 | S34: 18725 | U34: =IF(ISERROR(V34/T34),"",(V34/T34)) | Z34: 175538 | AA34: =IF(ISERROR(AB34/Z34),"",(AB34/Z34)) -> 0.53499527 | AB34: 93912 | AC34: 80000 | AD34: 25 | AE34: =IF(ISERROR(AF34/AD34),"",(AF34/AD34)) -> 749 | AF34: 18725 | AG34: =SUM(G34,J34,M34,P34,S34,V34,AB34,AF34) -> 196737 | AU34: =IF(ISERROR(AV34/AT34),"0",(AV34/AT34)) -> 0 | AW34: =SUM(AJ34,AM34,AP34,AS34,AV34) -> 0 | AX34: 10000 | AY34: 13000 | AZ34: =SUM(G34,J34,M34,P34,S34,V34,AB34,AF34,AJ34,AM34,AP34,AV34,AS34,AX34)*0.1 -> 20673.7 | BA34: =AG34+AW34+AX34+AY34+AZ34 -> 240410.7 | BD34: =IF(ISERROR(BE34/BC34),"",(BE34/BC34)) | BF34: 200 | BG34: =IF(ISERROR(BH34/BF34),"",(BH34/BF34)) -> 55 | BH34: 11000 | BI34: 127.2 | BJ34: =IF(ISERROR(BK34/BI34),"",(BK34/BI34)) -> 29.95283 | BK34: 3810 | BL34: 750 | BM34: =IF(ISERROR(BN34/BL34),"",(BN34/BL34)) -> 30 | BN34: 22500 | BO34: 100 | BP34: =IF(ISERROR(BQ34/BO34),"",(BQ34/BO34)) -> 1000 | BQ34: 100000 | BR34: 100 | BS34: =IF(ISERROR(BT34/BR34),"",(BT34/BR34)) -> 400 | BT34: 40000 | BX34: 80000 | BY34: =IF(ISERROR(BZ34/BX34),"",(BZ34/BX34)) -> 0.57 | BZ34: 45600 | CA34: 150000 | CB34: 50 | CC34: =IF(ISERROR(CD34/CB34),"",(CD34/CB34)) -> 900 | CD34: 45000 | CE34: =SUM(BE34,BH34,BK34,BN34,BQ34,BT34,BW34,BZ34,CD34) -> 267910 | CF34: 300 | CG34: =IF(ISERROR(CH34/CF34),"",(CH34/CF34)) -> 30 | CH34: 9000 | CJ34: =IF(ISERROR(CK34/CI34),"",(CK34/CI34)) | CL34: 100 | CM34: =IF(ISERROR(CN34/CL34),"",(CN34/CL34)) -> 1500 | CN34: 150000 | CO34: 989 | CP34: 200 | CQ34: 197800 | CU34: =SUM(CH34,CK34,CN34,CQ34,CT34) -> 356800 | CV34: 20000 | CW34: 5000 | CX34: =SUM(BE34,BH34,BK34,BN34,BQ34,BT34,BZ34,CD34,CH34,CK34,CN34,CQ34,CT34)*0.1 -> 62471 | CY34: =CE34+CU34+CV34+CW34+CX34 -> 712181 | DD34: 200 | DF34: 11000 | DG34: 333 | DI34: 9990 | DJ34: 1500 | DL34: 44390 | DM34: 50 | DO34: 50000 | DP34: 162 | DR34: 64800 | DV34: 150000 | DX34: 102000 | DY34: 150000 | EC34: =SUM(DC34,DF34,DI34,DL34,DO34,DR34,DU34,DX34,EB34) -> 282180 | ED34: 300 | EF34: 9000 | EJ34: 200 | EL34: 300000 | EM34: 500 | EO34: 110000 | EP34: 50 | ER34: 50000 | ES34: =SUM(EF34,EI34,EL34,EO34,ER34) -> 469000 | ET34: 20000 | EU34: 5000 | EV34: =SUM(DC34,DF34,DI34,DL34,DO34,DR34,DX34,EB34,EF34,EI34,EL34,EO34,ER34)*0.1 -> 75118 | EW34: =EC34+ES34+ET34+EU34+EV34 -> 851298 | FB34: 200 | FD34: 11000 | FE34: 30 | FG34: 780 | FH34: 1500 | FJ34: 45000 | FK34: 50 | FM34: 50000 | FN34: 200 | FP34: 80000 | FT34: 150000 | FV34: 102000 | FW34: 150000 | GA34: =SUM(FA34,FD34,FG34,FJ34,FM34,FP34,FS34,FV34,FZ34) -> 288780 | GB34: 300 | GD34: 9000 | GH34: 200 | GJ34: 300000 | GK34: 500 | GM34: 110000 | GN34: 50 | GP34: 50000 | GQ34: =SUM(GD34,GG34,GJ34,GM34,GP34) -> 469000 | GR34: 20000 | GS34: 5000 | GT34: =SUM(FA34,FD34,FG34,FJ34,FM34,FP34,FV34,FZ34,GD34,GG34,GJ34,GM34,GP34)*0.1 -> 75778 | GU34: =GA34+GQ34+GR34+GS34+GT34 -> 858558 | GZ34: 200 | HB34: 11000 | HC34: 40 | HE34: 1200 | HF34: 1500 | HH34: 45000 | HI34: 50 | HK34: 50000 | HL34: 100 | HN34: 40000 | HR34: 150000 | HT34: 102000 | HU34: 150000 | HY34: =SUM(GY34,HB34,HE34,HH34,HK34,HN34,HQ34,HT34,HX34) -> 249200 | HZ34: 300 | IB34: 9000 | IF34: 200 | IH34: 300000 | II34: 500 | IK34: 110000 | IL34: 50 | IN34: 50000 | IO34: =SUM(IB34,IE34,IH34,IK34,IN34) -> 469000 | IP34: 20000 | IQ34: 5000 | IR34: =SUM(GY34,HB34,HE34,HH34,HK34,HN34,HT34,HX34,IB34,IE34,IH34,IK34,IN34)*0.1 -> 71820 | IS34: =HY34+IO34+IP34+IQ34+IR34 -> 815020 | IX34: 200 | IZ34: 11000 | JA34: 30 | JC34: 780 | JD34: 1500 | JF34: 45000 | JG34: 50 | JI34: 50000 | JJ34: 100 | JL34: 40000 | JP34: 150000 | JR34: 102000 | JS34: 150000 | JW34: =SUM(IW34,IZ34,JC34,JF34,JI34,JL34,JO34,JR34,JV34) -> 248780 | JX34: 300 | JZ34: 9000 | KD34: 200 | KF34: 300000 | KG34: 500 | KI34: 110000 | KJ34: 50 | KL34: 50000 | KM34: =SUM(JZ34,KC34,KF34,KI34,KL34) -> 469000 | KN34: 20000 | KO34: 5000 | KP34: =SUM(IW34,IZ34,JC34,JF34,JI34,JL34,JR34,JV34,JZ34,KC34,KF34,KI34,KL34)*0.1 -> 71778 | KQ34: =JW34+KM34+KN34+KO34+KP34 -> 814558
D35: BCTS | F35: =IF(ISERROR(G35/E35),"",(G35/E35)) | H35: 700 | I35: =IF(ISERROR(J35/H35),"",(J35/H35)) -> 22.142857 | J35: 15500 | L35: =IF(ISERROR(M35/K35),"",(M35/K35)) | N35: 826 | O35: =IF(ISERROR(P35/N35),"",(P35/N35)) -> 19.975787 | P35: 16500 | Q35: 842 | R35: =IF(ISERROR(S35/Q35),"",(S35/Q35)) -> 350.35629 | S35: 295000 | U35: =IF(ISERROR(V35/T35),"",(V35/T35)) | Z35: 2845000 | AA35: =IF(ISERROR(AB35/Z35),"",(AB35/Z35)) -> 0.27065026 | AB35: 770000 | AC35: 2006560 | AE35: =IF(ISERROR(AF35/AD35),"",(AF35/AD35)) | AG35: =SUM(G35,J35,M35,P35,S35,V35,AB35,AF35) -> 1097000 | AI35: =IF(ISERROR(AJ35/AH35),"",(AJ35/AH35)) | AL35: =IF(ISERROR(AM35/AK35),"",(AM35/AK35)) | AO35: =IF(ISERROR(AP35/AN35),"",(AP35/AN35)) | AR35: =IF(ISERROR(AS35/AQ35),"",(AS35/AQ35)) | AU35: =IF(ISERROR(AV35/AT35),"0",(AV35/AT35)) -> 0 | AW35: =SUM(AJ35,AM35,AP35,AS35,AV35) -> 0 | AZ35: =SUM(G35,J35,M35,P35,S35,V35,AB35,AF35,AJ35,AM35,AP35,AV35,AS35,AX35)*0.1 -> 109700 | BA35: =AG35+AW35+AX35+AY35+AZ35 -> 1206700 | BD35: =IF(ISERROR(BE35/BC35),"",(BE35/BC35)) | BF35: 400 | BG35: =IF(ISERROR(BH35/BF35),"",(BH35/BF35)) -> 17.5 | BH35: 7000 | BJ35: =IF(ISERROR(BK35/BI35),"",(BK35/BI35)) | BL35: 1510 | BM35: =IF(ISERROR(BN35/BL35),"",(BN35/BL35)) -> 20 | BN35: 30200 | BO35: 810 | BP35: =IF(ISERROR(BQ35/BO35),"",(BQ35/BO35)) -> 350.61728 | BQ35: 284000 | BS35: =IF(ISERROR(BT35/BR35),"",(BT35/BR35)) | BX35: 1516200 | BY35: =IF(ISERROR(BZ35/BX35),"",(BZ35/BX35)) -> 0.30009234 | BZ35: 455000 | CA35: 850000 | CC35: =IF(ISERROR(CD35/CB35),"",(CD35/CB35)) | CE35: =SUM(BE35,BH35,BK35,BN35,BQ35,BT35,BW35,BZ35,CD35) -> 776200 | CG35: =IF(ISERROR(CH35/CF35),"",(CH35/CF35)) | CJ35: =IF(ISERROR(CK35/CI35),"",(CK35/CI35)) | CM35: =IF(ISERROR(CN35/CL35),"",(CN35/CL35)) | CP35: =IF(ISERROR(CQ35/CO35),"",(CQ35/CO35)) | CS35: =IF(ISERROR(CT35/CR35),"",(CT35/CR35)) | CU35: =SUM(CH35,CK35,CN35,CQ35,CT35) -> 0 | CX35: =SUM(BE35,BH35,BK35,BN35,BQ35,BT35,BZ35,CD35,CH35,CK35,CN35,CQ35,CT35)*0.1 -> 77620 | CY35: =CE35+CU35+CV35+CW35+CX35 -> 853820 | DD35: 200 | DF35: 3500 | DJ35: 1699 | DL35: 34000 | DM35: 480 | DO35: 168000 | DV35: 1576560 | DX35: 490500 | DY35: 300000 | EC35: =SUM(DC35,DF35,DI35,DL35,DO35,DR35,DU35,DX35,EB35) -> 696000 | ES35: =SUM(EF35,EI35,EL35,EO35,ER35) -> 0 | EV35: =SUM(DC35,DF35,DI35,DL35,DO35,DR35,DX35,EB35,EF35,EI35,EL35,EO35,ER35)*0.1 -> 69600 | EW35: =EC35+ES35+ET35+EU35+EV35 -> 765600 | FB35: 181 | FD35: 4000 | FH35: 1100 | FJ35: 22000 | FK35: 160 | FM35: 60000 | FT35: 850000 | FV35: 255000 | FW35: 160000 | GA35: =SUM(FA35,FD35,FG35,FJ35,FM35,FP35,FS35,FV35,FZ35) -> 341000 | GQ35: =SUM(GD35,GG35,GJ35,GM35,GP35) -> 0 | GT35: =SUM(FA35,FD35,FG35,FJ35,FM35,FP35,FV35,FZ35,GD35,GG35,GJ35,GM35,GP35)*0.1 -> 34100 | GU35: =GA35+GQ35+GR35+GS35+GT35 -> 375100 | GZ35: 0 | HB35: 0 | HF35: 810 | HH35: 16200 | HI35: 90 | HK35: 32000 | HR35: 300000 | HT35: 90000 | HU35: 80000 | HY35: =SUM(GY35,HB35,HE35,HH35,HK35,HN35,HQ35,HT35,HX35) -> 138200 | IO35: =SUM(IB35,IE35,IH35,IK35,IN35) -> 0 | IR35: =SUM(GY35,HB35,HE35,HH35,HK35,HN35,HT35,HX35,IB35,IE35,IH35,IK35,IN35)*0.1 -> 13820 | IS35: =HY35+IO35+IP35+IQ35+IR35 -> 152020 | IX35: 0 | IZ35: 0 | JD35: 480 | JF35: 10000 | JG35: 50 | JI35: 18000 | JP35: 160000 | JR35: 50000 | JS35: 60000 | JW35: =SUM(IW35,IZ35,JC35,JF35,JI35,JL35,JO35,JR35,JV35) -> 78000 | KM35: =SUM(JZ35,KC35,KF35,KI35,KL35) -> 0 | KP35: =SUM(IW35,IZ35,JC35,JF35,JI35,JL35,JR35,JV35,JZ35,KC35,KF35,KI35,KL35)*0.1 -> 7800 | KQ35: =JW35+KM35+KN35+KO35+KP35 -> 85800
D36: WL | F36: =IF(ISERROR(G36/E36),"",(G36/E36)) | I36: =IF(ISERROR(J36/H36),"",(J36/H36)) | L36: =IF(ISERROR(M36/K36),"",(M36/K36)) | O36: =IF(ISERROR(P36/N36),"",(P36/N36)) | R36: =IF(ISERROR(S36/Q36),"",(S36/Q36)) | U36: =IF(ISERROR(V36/T36),"",(V36/T36)) | AA36: =IF(ISERROR(AB36/Z36),"",(AB36/Z36)) | AE36: =IF(ISERROR(AF36/AD36),"",(AF36/AD36)) | AG36: =SUM(G36,J36,M36,P36,S36,V36,AB36,AF36) -> 0 | AI36: =IF(ISERROR(AJ36/AH36),"",(AJ36/AH36)) | AL36: =IF(ISERROR(AM36/AK36),"",(AM36/AK36)) | AO36: =IF(ISERROR(AP36/AN36),"",(AP36/AN36)) | AR36: =IF(ISERROR(AS36/AQ36),"",(AS36/AQ36)) | AU36: =IF(ISERROR(AV36/AT36),"0",(AV36/AT36)) -> 0 | AW36: =SUM(AJ36,AM36,AP36,AS36,AV36) -> 0 | AZ36: =SUM(G36,J36,M36,P36,S36,V36,AB36,AF36,AJ36,AM36,AP36,AV36,AS36,AX36)*0.1 -> 0 | BA36: =AG36+AW36+AX36+AY36+AZ36 -> 0 | BL36: 25.1 | BN36: 5522 | BU36: 25.1 | BW36: 35140 | CE36: =SUM(BE36,BH36,BK36,BN36,BQ36,BT36,BW36,BZ36,CD36) -> 40662 | CF36: 40.3 | CH36: 8060 | CL36: 40.3 | CN36: 56420 | CU36: =SUM(CH36,CK36,CN36,CQ36,CT36) -> 64480 | CX36: =SUM(BE36,BH36,BK36,BN36,BQ36,BT36,BZ36,CD36,CH36,CK36,CN36,CQ36,CT36)*0.1 -> 7000.2 | CY36: =CE36+CU36+CV36+CW36+CX36 -> 112142.2 | EC36: =SUM(DC36,DF36,DI36,DL36,DO36,DR36,DU36,DX36,EB36) -> 0 | ES36: =SUM(EF36,EI36,EL36,EO36,ER36) -> 0 | EV36: =SUM(DC36,DF36,DI36,DL36,DO36,DR36,DX36,EB36,EF36,EI36,EL36,EO36,ER36)*0.1 -> 0 | EW36: =EC36+ES36+ET36+EU36+EV36 -> 0 | GA36: =SUM(FA36,FD36,FG36,FJ36,FM36,FP36,FS36,FV36,FZ36) -> 0 | GQ36: =SUM(GD36,GG36,GJ36,GM36,GP36) -> 0 | GT36: =SUM(FA36,FD36,FG36,FJ36,FM36,FP36,FV36,FZ36,GD36,GG36,GJ36,GM36,GP36)*0.1 -> 0 | GU36: =GA36+GQ36+GR36+GS36+GT36 -> 0 | HY36: =SUM(GY36,HB36,HE36,HH36,HK36,HN36,HQ36,HT36,HX36) -> 0 | IO36: =SUM(IB36,IE36,IH36,IK36,IN36) -> 0 | IR36: =SUM(GY36,HB36,HE36,HH36,HK36,HN36,HT36,HX36,IB36,IE36,IH36,IK36,IN36)*0.1 -> 0 | IS36: =HY36+IO36+IP36+IQ36+IR36 -> 0 | JW36: =SUM(IW36,IZ36,JC36,JF36,JI36,JL36,JO36,JR36,JV36) -> 0 | KM36: =SUM(JZ36,KC36,KF36,KI36,KL36) -> 0 | KP36: =SUM(IW36,IZ36,JC36,JF36,JI36,JL36,JR36,JV36,JZ36,KC36,KF36,KI36,KL36)*0.1 -> 0 | KQ36: =JW36+KM36+KN36+KO36+KP36 -> 0
D37: Logan Lake CF | CE37: =SUM(BE37,BH37,BK37,BN37,BQ37,BT37,BW37,BZ37,CD37) -> 0 | CL37: 100 | CN37: 110000 | CU37: =SUM(CH37,CK37,CN37,CQ37,CT37) -> 110000 | CX37: =SUM(BE37,BH37,BK37,BN37,BQ37,BT37,BZ37,CD37,CH37,CK37,CN37,CQ37,CT37)*0.1 -> 11000 | CY37: =CE37+CU37+CV37+CW37+CX37 -> 121000 | EC37: =SUM(DC37,DF37,DI37,DL37,DO37,DR37,DU37,DX37,EB37) -> 0 | EJ37: 100 | EL37: 110000 | ES37: =SUM(EF37,EI37,EL37,EO37,ER37) -> 110000 | EV37: =SUM(DC37,DF37,DI37,DL37,DO37,DR37,DX37,EB37,EF37,EI37,EL37,EO37,ER37)*0.1 -> 11000 | EW37: =EC37+ES37+ET37+EU37+EV37 -> 121000 | GA37: =SUM(FA37,FD37,FG37,FJ37,FM37,FP37,FS37,FV37,FZ37) -> 0 | GQ37: =SUM(GD37,GG37,GJ37,GM37,GP37) -> 0 | GT37: =SUM(FA37,FD37,FG37,FJ37,FM37,FP37,FV37,FZ37,GD37,GG37,GJ37,GM37,GP37)*0.1 -> 0 | GU37: =GA37+GQ37+GR37+GS37+GT37 -> 0 | HY37: =SUM(GY37,HB37,HE37,HH37,HK37,HN37,HQ37,HT37,HX37) -> 0 | IO37: =SUM(IB37,IE37,IH37,IK37,IN37) -> 0 | IR37: =SUM(GY37,HB37,HE37,HH37,HK37,HN37,HT37,HX37,IB37,IE37,IH37,IK37,IN37)*0.1 -> 0 | IS37: =HY37+IO37+IP37+IQ37+IR37 -> 0 | JW37: =SUM(IW37,IZ37,JC37,JF37,JI37,JL37,JO37,JR37,JV37) -> 0 | KM37: =SUM(JZ37,KC37,KF37,KI37,KL37) -> 0 | KP37: =SUM(IW37,IZ37,JC37,JF37,JI37,JL37,JR37,JV37,JZ37,KC37,KF37,KI37,KL37)*0.1 -> 0 | KQ37: =JW37+KM37+KN37+KO37+KP37 -> 0
D38: LNTCF | BD38: =IF(ISERROR(BE38/BC38),"",(BE38/BC38)) | BG38: =IF(ISERROR(BH38/BF38),"",(BH38/BF38)) | BJ38: =IF(ISERROR(BK38/BI38),"",(BK38/BI38)) | BM38: =IF(ISERROR(BN38/BL38),"",(BN38/BL38)) | BP38: =IF(ISERROR(BQ38/BO38),"",(BQ38/BO38)) | BS38: =IF(ISERROR(BT38/BR38),"",(BT38/BR38)) | BY38: =IF(ISERROR(BZ38/BX38),"",(BZ38/BX38)) | CC38: =IF(ISERROR(CD38/CB38),"",(CD38/CB38)) | CE38: =SUM(BE38,BH38,BK38,BN38,BQ38,BT38,BW38,BZ38,CD38) -> 0 | CF38: =8254+250 -> 8504 | CG38: =IF(ISERROR(CH38/CF38),"",(CH38/CF38)) -> 2.939793 | CH38: =20000+5000 -> 25000 | CI38: 21.3 | CJ38: =IF(ISERROR(CK38/CI38),"",(CK38/CI38)) -> 1000 | CK38: 21300 | CM38: =IF(ISERROR(CN38/CL38),"",(CN38/CL38)) | CP38: =IF(ISERROR(CQ38/CO38),"",(CQ38/CO38)) | CS38: =IF(ISERROR(CT38/CR38),"",(CT38/CR38)) | CU38: =SUM(CH38,CK38,CN38,CQ38,CT38) -> 46300 | CX38: =SUM(BE38,BH38,BK38,BN38,BQ38,BT38,BZ38,CD38,CH38,CK38,CN38,CQ38,CT38)*0.1 -> 4630 | CY38: =CE38+CU38+CV38+CW38+CX38 -> 50930 | EC38: =SUM(DC38,DF38,DI38,DL38,DO38,DR38,DU38,DX38,EB38) -> 0 | EM38: 150 | EO38: 36000 | ES38: =SUM(EF38,EI38,EL38,EO38,ER38) -> 36000 | EV38: =SUM(DC38,DF38,DI38,DL38,DO38,DR38,DX38,EB38,EF38,EI38,EL38,EO38,ER38)*0.1 -> 3600 | EW38: =EC38+ES38+ET38+EU38+EV38 -> 39600 | GA38: =SUM(FA38,FD38,FG38,FJ38,FM38,FP38,FS38,FV38,FZ38) -> 0 | GQ38: =SUM(GD38,GG38,GJ38,GM38,GP38) -> 0 | GT38: =SUM(FA38,FD38,FG38,FJ38,FM38,FP38,FV38,FZ38,GD38,GG38,GJ38,GM38,GP38)*0.1 -> 0 | GU38: =GA38+GQ38+GR38+GS38+GT38 -> 0 | HY38: =SUM(GY38,HB38,HE38,HH38,HK38,HN38,HQ38,HT38,HX38) -> 0 | IO38: =SUM(IB38,IE38,IH38,IK38,IN38) -> 0 | IR38: =SUM(GY38,HB38,HE38,HH38,HK38,HN38,HT38,HX38,IB38,IE38,IH38,IK38,IN38)*0.1 -> 0 | IS38: =HY38+IO38+IP38+IQ38+IR38 -> 0 | JW38: =SUM(IW38,IZ38,JC38,JF38,JI38,JL38,JO38,JR38,JV38) -> 0 | KM38: =SUM(JZ38,KC38,KF38,KI38,KL38) -> 0 | KP38: =SUM(IW38,IZ38,JC38,JF38,JI38,JL38,JR38,JV38,JZ38,KC38,KF38,KI38,KL38)*0.1 -> 0 | KQ38: =JW38+KM38+KN38+KO38+KP38 -> 0
D39: TFL 18 | F39: =IF(ISERROR(G39/E39),"",(G39/E39)) | I39: =IF(ISERROR(J39/H39),"",(J39/H39)) | L39: =IF(ISERROR(M39/K39),"",(M39/K39)) | O39: =IF(ISERROR(P39/N39),"",(P39/N39)) | R39: =IF(ISERROR(S39/Q39),"",(S39/Q39)) | U39: =IF(ISERROR(V39/T39),"",(V39/T39)) | AA39: =IF(ISERROR(AB39/Z39),"",(AB39/Z39)) | AE39: =IF(ISERROR(AF39/AD39),"",(AF39/AD39)) | AG39: =SUM(G39,J39,M39,P39,S39,V39,AB39,AF39) -> 0 | AI39: =IF(ISERROR(AJ39/AH39),"",(AJ39/AH39)) | AL39: =IF(ISERROR(AM39/AK39),"",(AM39/AK39)) | AO39: =IF(ISERROR(AP39/AN39),"",(AP39/AN39)) | AR39: =IF(ISERROR(AS39/AQ39),"",(AS39/AQ39)) | AU39: =IF(ISERROR(AV39/AT39),"0",(AV39/AT39)) -> 0 | AW39: =SUM(AJ39,AM39,AP39,AS39,AV39) -> 0 | AZ39: =SUM(G39,J39,M39,P39,S39,V39,AB39,AF39,AJ39,AM39,AP39,AV39,AS39,AX39)*0.1 -> 0 | BA39: =AG39+AW39+AX39+AY39+AZ39 -> 0 | BD39: =IF(ISERROR(BE39/BC39),"",(BE39/BC39)) | BG39: =IF(ISERROR(BH39/BF39),"",(BH39/BF39)) | BJ39: =IF(ISERROR(BK39/BI39),"",(BK39/BI39)) | BL39: 500 | BM39: =IF(ISERROR(BN39/BL39),"",(BN39/BL39)) -> 35 | BN39: 17500 | BP39: =IF(ISERROR(BQ39/BO39),"",(BQ39/BO39)) | BS39: =IF(ISERROR(BT39/BR39),"",(BT39/BR39)) | BY39: =IF(ISERROR(BZ39/BX39),"",(BZ39/BX39)) | CC39: =IF(ISERROR(CD39/CB39),"",(CD39/CB39)) | CE39: =SUM(BE39,BH39,BK39,BN39,BQ39,BT39,BW39,BZ39,CD39) -> 17500 | CG39: =IF(ISERROR(CH39/CF39),"",(CH39/CF39)) | CJ39: =IF(ISERROR(CK39/CI39),"",(CK39/CI39)) | CM39: =IF(ISERROR(CN39/CL39),"",(CN39/CL39)) | CP39: =IF(ISERROR(CQ39/CO39),"",(CQ39/CO39)) | CS39: =IF(ISERROR(CT39/CR39),"",(CT39/CR39)) | CU39: =SUM(CH39,CK39,CN39,CQ39,CT39) -> 0 | CX39: =SUM(BE39,BH39,BK39,BN39,BQ39,BT39,BZ39,CD39,CH39,CK39,CN39,CQ39,CT39)*0.1 -> 1750 | CY39: =CE39+CU39+CV39+CW39+CX39 -> 19250 | DJ39: 124.1 | DL39: 4343 | DP39: 40.6 | DR39: 32480 | EC39: =SUM(DC39,DF39,DI39,DL39,DO39,DR39,DU39,DX39,EB39) -> 36823 | ES39: =SUM(EF39,EI39,EL39,EO39,ER39) -> 0 | EV39: =SUM(DC39,DF39,DI39,DL39,DO39,DR39,DX39,EB39,EF39,EI39,EL39,EO39,ER39)*0.1 -> 3682.3 | EW39: =EC39+ES39+ET39+EU39+EV39 -> 40505.3 | GA39: =SUM(FA39,FD39,FG39,FJ39,FM39,FP39,FS39,FV39,FZ39) -> 0 | GQ39: =SUM(GD39,GG39,GJ39,GM39,GP39) -> 0 | GT39: =SUM(FA39,FD39,FG39,FJ39,FM39,FP39,FV39,FZ39,GD39,GG39,GJ39,GM39,GP39)*0.1 -> 0 | GU39: =GA39+GQ39+GR39+GS39+GT39 -> 0 | HF39: 12 | HH39: 420 | HY39: =SUM(GY39,HB39,HE39,HH39,HK39,HN39,HQ39,HT39,HX39) -> 420 | IO39: =SUM(IB39,IE39,IH39,IK39,IN39) -> 0 | IR39: =SUM(GY39,HB39,HE39,HH39,HK39,HN39,HT39,HX39,IB39,IE39,IH39,IK39,IN39)*0.1 -> 42 | IS39: =HY39+IO39+IP39+IQ39+IR39 -> 462 | JD39: 49.2 | JF39: 1722 | JW39: =SUM(IW39,IZ39,JC39,JF39,JI39,JL39,JO39,JR39,JV39) -> 1722 | KM39: =SUM(JZ39,KC39,KF39,KI39,KL39) -> 0 | KP39: =SUM(IW39,IZ39,JC39,JF39,JI39,JL39,JR39,JV39,JZ39,KC39,KF39,KI39,KL39)*0.1 -> 172.2 | KQ39: =JW39+KM39+KN39+KO39+KP39 -> 1894.2
D40: TFL 33 | F40: =IF(ISERROR(G40/E40),"",(G40/E40)) | I40: =IF(ISERROR(J40/H40),"",(J40/H40)) | L40: =IF(ISERROR(M40/K40),"",(M40/K40)) | O40: =IF(ISERROR(P40/N40),"",(P40/N40)) | R40: =IF(ISERROR(S40/Q40),"",(S40/Q40)) | U40: =IF(ISERROR(V40/T40),"",(V40/T40)) | AA40: =IF(ISERROR(AB40/Z40),"",(AB40/Z40)) | AE40: =IF(ISERROR(AF40/AD40),"",(AF40/AD40)) | AG40: =SUM(G40,J40,M40,P40,S40,V40,AB40,AF40) -> 0 | AI40: =IF(ISERROR(AJ40/AH40),"",(AJ40/AH40)) | AL40: =IF(ISERROR(AM40/AK40),"",(AM40/AK40)) | AO40: =IF(ISERROR(AP40/AN40),"",(AP40/AN40)) | AR40: =IF(ISERROR(AS40/AQ40),"",(AS40/AQ40)) | AU40: =IF(ISERROR(AV40/AT40),"0",(AV40/AT40)) -> 0 | AW40: =SUM(AJ40,AM40,AP40,AS40,AV40) -> 0 | AZ40: =SUM(G40,J40,M40,P40,S40,V40,AB40,AF40,AJ40,AM40,AP40,AV40,AS40,AX40)*0.1 -> 0 | BA40: =AG40+AW40+AX40+AY40+AZ40 -> 0 | BD40: =IF(ISERROR(BE40/BC40),"",(BE40/BC40)) | BG40: =IF(ISERROR(BH40/BF40),"",(BH40/BF40)) | BJ40: =IF(ISERROR(BK40/BI40),"",(BK40/BI40)) | BM40: =IF(ISERROR(BN40/BL40),"",(BN40/BL40)) | BP40: =IF(ISERROR(BQ40/BO40),"",(BQ40/BO40)) | BS40: =IF(ISERROR(BT40/BR40),"",(BT40/BR40)) | BY40: =IF(ISERROR(BZ40/BX40),"",(BZ40/BX40)) | CC40: =IF(ISERROR(CD40/CB40),"",(CD40/CB40)) | CE40: =SUM(BE40,BH40,BK40,BN40,BQ40,BT40,BW40,BZ40,CD40) -> 0 | CG40: =IF(ISERROR(CH40/CF40),"",(CH40/CF40)) | CJ40: =IF(ISERROR(CK40/CI40),"",(CK40/CI40)) | CM40: =IF(ISERROR(CN40/CL40),"",(CN40/CL40)) | CP40: =IF(ISERROR(CQ40/CO40),"",(CQ40/CO40)) | CS40: =IF(ISERROR(CT40/CR40),"",(CT40/CR40)) | CU40: =SUM(CH40,CK40,CN40,CQ40,CT40) -> 0 | CX40: =SUM(BE40,BH40,BK40,BN40,BQ40,BT40,BZ40,CD40,CH40,CK40,CN40,CQ40,CT40)*0.1 -> 0 | CY40: =CE40+CU40+CV40+CW40+CX40 -> 0 | EC40: =SUM(DC40,DF40,DI40,DL40,DO40,DR40,DU40,DX40,EB40) -> 0 | ES40: =SUM(EF40,EI40,EL40,EO40,ER40) -> 0 | EV40: =SUM(DC40,DF40,DI40,DL40,DO40,DR40,DX40,EB40,EF40,EI40,EL40,EO40,ER40)*0.1 -> 0 | EW40: =EC40+ES40+ET40+EU40+EV40 -> 0 | GA40: =SUM(FA40,FD40,FG40,FJ40,FM40,FP40,FS40,FV40,FZ40) -> 0 | GQ40: =SUM(GD40,GG40,GJ40,GM40,GP40) -> 0 | GT40: =SUM(FA40,FD40,FG40,FJ40,FM40,FP40,FV40,FZ40,GD40,GG40,GJ40,GM40,GP40)*0.1 -> 0 | GU40: =GA40+GQ40+GR40+GS40+GT40 -> 0 | HY40: =SUM(GY40,HB40,HE40,HH40,HK40,HN40,HQ40,HT40,HX40) -> 0 | IO40: =SUM(IB40,IE40,IH40,IK40,IN40) -> 0 | IR40: =SUM(GY40,HB40,HE40,HH40,HK40,HN40,HT40,HX40,IB40,IE40,IH40,IK40,IN40)*0.1 -> 0 | IS40: =HY40+IO40+IP40+IQ40+IR40 -> 0 | JW40: =SUM(IW40,IZ40,JC40,JF40,JI40,JL40,JO40,JR40,JV40) -> 0 | KM40: =SUM(JZ40,KC40,KF40,KI40,KL40) -> 0 | KP40: =SUM(IW40,IZ40,JC40,JF40,JI40,JL40,JR40,JV40,JZ40,KC40,KF40,KI40,KL40)*0.1 -> 0 | KQ40: =JW40+KM40+KN40+KO40+KP40 -> 0
D41: TFL 35 | E41: 0 | F41: =IF(ISERROR(G41/E41),"",(G41/E41)) | G41: 0 | H41: 0 | I41: =IF(ISERROR(J41/H41),"",(J41/H41)) | J41: 0 | L41: =IF(ISERROR(M41/K41),"",(M41/K41)) | O41: =IF(ISERROR(P41/N41),"",(P41/N41)) | Q41: 28 | R41: =IF(ISERROR(S41/Q41),"",(S41/Q41)) -> 650 | S41: 18200 | U41: =IF(ISERROR(V41/T41),"",(V41/T41)) | AA41: =IF(ISERROR(AB41/Z41),"",(AB41/Z41)) | AC41: 145000 | AD41: 91 | AE41: =IF(ISERROR(AF41/AD41),"",(AF41/AD41)) -> 1000 | AF41: 91000 | AG41: =SUM(G41,J41,M41,P41,S41,V41,AB41,AF41) -> 109200 | AU41: =IF(ISERROR(AV41/AT41),"0",(AV41/AT41)) -> 0 | AW41: =SUM(AJ41,AM41,AP41,AS41,AV41) -> 0 | AZ41: =SUM(G41,J41,M41,P41,S41,V41,AB41,AF41,AJ41,AM41,AP41,AV41,AS41,AX41)*0.1 -> 10920 | BA41: =AG41+AW41+AX41+AY41+AZ41 -> 120120 | BD41: =IF(ISERROR(BE41/BC41),"",(BE41/BC41)) | BG41: =IF(ISERROR(BH41/BF41),"",(BH41/BF41)) | BJ41: =IF(ISERROR(BK41/BI41),"",(BK41/BI41)) | BM41: =IF(ISERROR(BN41/BL41),"",(BN41/BL41)) | BP41: =IF(ISERROR(BQ41/BO41),"",(BQ41/BO41)) | BS41: =IF(ISERROR(BT41/BR41),"",(BT41/BR41)) | BY41: =IF(ISERROR(BZ41/BX41),"",(BZ41/BX41)) | BZ41: 25000 | CA41: 140000 | CC41: =IF(ISERROR(CD41/CB41),"",(CD41/CB41)) | CE41: =SUM(BE41,BH41,BK41,BN41,BQ41,BT41,BW41,BZ41,CD41) -> 25000 | CG41: =IF(ISERROR(CH41/CF41),"",(CH41/CF41)) | CJ41: =IF(ISERROR(CK41/CI41),"",(CK41/CI41)) | CM41: =IF(ISERROR(CN41/CL41),"",(CN41/CL41)) | CO41: 500 | CP41: =IF(ISERROR(CQ41/CO41),"",(CQ41/CO41)) -> 220 | CQ41: 110000 | CS41: =IF(ISERROR(CT41/CR41),"",(CT41/CR41)) | CU41: =SUM(CH41,CK41,CN41,CQ41,CT41) -> 110000 | CW41: 10000 | CX41: =SUM(BE41,BH41,BK41,BN41,BQ41,BT41,BZ41,CD41,CH41,CK41,CN41,CQ41,CT41)*0.1 -> 13500 | CY41: =CE41+CU41+CV41+CW41+CX41 -> 158500 | CZ41: Nursery costs in Planting | DV41: 140000 | DX41: 57400 | EC41: =SUM(DC41,DF41,DI41,DL41,DO41,DR41,DU41,DX41,EB41) -> 57400 | ED41: 315 | EF41: 10080 | EM41: 500 | EO41: 110000 | ES41: =SUM(EF41,EI41,EL41,EO41,ER41) -> 120080 | EV41: =SUM(DC41,DF41,DI41,DL41,DO41,DR41,DX41,EB41,EF41,EI41,EL41,EO41,ER41)*0.1 -> 17748 | EW41: =EC41+ES41+ET41+EU41+EV41 -> 195228 | FH41: 410 | FJ41: 13120 | FN41: 50 | FP41: 38100 | FQ41: 25 | FS41: 27050 | GA41: =SUM(FA41,FD41,FG41,FJ41,FM41,FP41,FS41,FV41,FZ41) -> 78270 | GK41: 500 | GM41: 110000 | GQ41: =SUM(GD41,GG41,GJ41,GM41,GP41) -> 110000 | GT41: =SUM(FA41,FD41,FG41,FJ41,FM41,FP41,FV41,FZ41,GD41,GG41,GJ41,GM41,GP41)*0.1 -> 16122 | GU41: =GA41+GQ41+GR41+GS41+GT41 -> 204392 | HL41: 50 | HN41: 38100 | HY41: =SUM(GY41,HB41,HE41,HH41,HK41,HN41,HQ41,HT41,HX41) -> 38100 | II41: 500 | IK41: 110000 | IO41: =SUM(IB41,IE41,IH41,IK41,IN41) -> 110000 | IR41: =SUM(GY41,HB41,HE41,HH41,HK41,HN41,HT41,HX41,IB41,IE41,IH41,IK41,IN41)*0.1 -> 14810 | IS41: =HY41+IO41+IP41+IQ41+IR41 -> 162910 | JJ41: 50 | JL41: 38100 | JW41: =SUM(IW41,IZ41,JC41,JF41,JI41,JL41,JO41,JR41,JV41) -> 38100 | KG41: 500 | KI41: 110000 | KM41: =SUM(JZ41,KC41,KF41,KI41,KL41) -> 110000 | KP41: =SUM(IW41,IZ41,JC41,JF41,JI41,JL41,JR41,JV41,JZ41,KC41,KF41,KI41,KL41)*0.1 -> 14810 | KQ41: =JW41+KM41+KN41+KO41+KP41 -> 162910
C42: District Total | E42: =SUM(E34:E41) -> 400 | F42: =IF(ISERROR(G42/E42),"",(G42/E42)) -> 18.75 | G42: =SUM(G34:G41) -> 7500 | H42: =SUM(H34:H41) -> 2200 | I42: =IF(ISERROR(J42/H42),"",(J42/H42)) -> 31.590909 | J42: =SUM(J34:J41) -> 69500 | K42: =SUM(K34:K41) -> 30 | L42: =IF(ISERROR(M42/K42),"",(M42/K42)) -> 40 | M42: =SUM(M34:M41) -> 1200 | N42: =SUM(N34:N41) -> 926 | O42: =IF(ISERROR(P42/N42),"",(P42/N42)) -> 20.707343 | P42: =SUM(P34:P41) -> 19175 | Q42: =SUM(Q34:Q41) -> 895 | R42: =IF(ISERROR(S42/Q42),"",(S42/Q42)) -> 370.86592 | S42: =SUM(S34:S41) -> 331925 | T42: =SUM(T34:T41) -> 0 | U42: =IF(ISERROR(V42/T42),"",(V42/T42)) | V42: =SUM(V34:V41) -> 0 | W42: =SUM(W34:W41) -> 0 | X42: =SUM(X34:X41) -> 0 | Y42: =SUM(Y34:Y41) -> 0 | Z42: =SUM(Z34:Z41) -> 3020538 | AA42: =IF(ISERROR(AB42/Z42),"",(AB42/Z42)) -> 0.28601262 | AB42: =SUM(AB34:AB41) -> 863912 | AC42: =SUM(AC34:AC41) -> 2231560 | AD42: =SUM(AD34:AD41) -> 116 | AE42: =IF(ISERROR(AF42/AD42),"",(AF42/AD42)) -> 945.90517 | AF42: =SUM(AF34:AF41) -> 109725 | AG42: =SUM(G42,J42,M42,P42,S42,V42,AB42,AF42) -> 1402937 | AH42: =SUM(AH34:AH41) -> 0 | AI42: =IF(ISERROR(AJ42/AH42),"",(AJ42/AH42)) | AJ42: =SUM(AJ34:AJ41) -> 0 | AK42: =SUM(AK34:AK41) -> 0 | AL42: =IF(ISERROR(AM42/AK42),"",(AM42/AK42)) | AM42: =SUM(AM34:AM41) -> 0 | AN42: =SUM(AN34:AN41) -> 0 | AO42: =IF(ISERROR(AP42/AN42),"",(AP42/AN42)) | AP42: =SUM(AP34:AP41) -> 0 | AQ42: =SUM(AQ34:AQ41) -> 0 | AR42: =IF(ISERROR(AS42/AQ42),"",(AS42/AQ42)) | AS42: =SUM(AS34:AS41) -> 0 | AT42: =SUM(AT34:AT41) -> 0 | AU42: =IF(ISERROR(AV42/AT42),"0",(AV42/AT42)) -> 0 | AV42: =SUM(AV34:AV41) -> 0 | AW42: =SUM(AJ42,AM42,AP42,AS42,AV42) -> 0 | AX42: =SUM(AX34:AX41) -> 10000 | AY42: =SUM(AY34:AY41) -> 13000 | AZ42: =SUM(AZ34:AZ41) -> 141293.7 | BA42: =AG42+AW42+AX42+AY42+AZ42 -> 1567230.7 | BC42: =SUM(BC34:BC41) -> 0 | BD42: =IF(ISERROR(BE42/BC42),"",(BE42/BC42)) | BE42: =SUM(BE34:BE41) -> 0 | BF42: =SUM(BF34:BF41) -> 600 | BG42: =IF(ISERROR(BH42/BF42),"",(BH42/BF42)) -> 30 | BH42: =SUM(BH34:BH41) -> 18000 | BI42: =SUM(BI34:BI41) -> 127.2 | BJ42: =IF(ISERROR(BK42/BI42),"",(BK42/BI42)) -> 29.95283 | BK42: =SUM(BK34:BK41) -> 3810 | BL42: =SUM(BL34:BL41) -> 2785.1 | BM42: =IF(ISERROR(BN42/BL42),"",(BN42/BL42)) -> 27.188252 | BN42: =SUM(BN34:BN41) -> 75722 | BO42: =SUM(BO34:BO41) -> 910 | BP42: =IF(ISERROR(BQ42/BO42),"",(BQ42/BO42)) -> 421.97802 | BQ42: =SUM(BQ34:BQ41) -> 384000 | BR42: =SUM(BR34:BR41) -> 100 | BS42: =IF(ISERROR(BT42/BR42),"",(BT42/BR42)) -> 400 | BT42: =SUM(BT34:BT41) -> 40000 | BU42: =SUM(BU34:BU41) -> 25.1 | BV42: =SUM(BV34:BV41) -> 0 | BW42: =SUM(BW34:BW41) -> 35140 | BX42: =SUM(BX34:BX41) -> 1596200 | BY42: =IF(ISERROR(BZ42/BX42),"",(BZ42/BX42)) -> 0.32928204 | BZ42: =SUM(BZ34:BZ41) -> 525600 | CA42: =SUM(CA34:CA41) -> 1140000 | CB42: =SUM(CB34:CB41) -> 50 | CC42: =IF(ISERROR(CD42/CB42),"",(CD42/CB42)) -> 900 | CD42: =SUM(CD34:CD41) -> 45000 | CE42: =SUM(BE42,BH42,BK42,BN42,BQ42,BT42,BW42,BZ42,CD42) -> 1127272 | CF42: =SUM(CF34:CF41) -> 8844.3 | CG42: =IF(ISERROR(CH42/CF42),"",(CH42/CF42)) -> 4.7556053 | CH42: =SUM(CH34:CH41) -> 42060 | CI42: =SUM(CI34:CI41) -> 21.3 | CJ42: =IF(ISERROR(CK42/CI42),"",(CK42/CI42)) -> 1000 | CK42: =SUM(CK34:CK41) -> 21300 | CL42: =SUM(CL34:CL41) -> 240.3 | CM42: =IF(ISERROR(CN42/CL42),"",(CN42/CL42)) -> 1316.7707 | CN42: =SUM(CN34:CN41) -> 316420 | CO42: =SUM(CO34:CO41) -> 1489 | CP42: =IF(ISERROR(CQ42/CO42),"",(CQ42/CO42)) -> 206.71592 | CQ42: =SUM(CQ34:CQ41) -> 307800 | CR42: =SUM(CR34:CR41) -> 0 | CS42: =IF(ISERROR(CT42/CR42),"",(CT42/CR42)) | CT42: =SUM(CT34:CT41) -> 0 | CU42: =SUM(CH42,CK42,CN42,CQ42,CT42) -> 687580 | CV42: =SUM(CV34:CV41) -> 20000 | CW42: =SUM(CW34:CW41) -> 15000 | CX42: =SUM(CX34:CX41) -> 177971.2 | CY42: =CE42+CU42+CV42+CW42+CX42 -> 2027823.2 | DA42: =SUM(DA34:DA41) -> 0 | DC42: =SUM(DC34:DC41) -> 0 | DD42: =SUM(DD34:DD41) -> 400 | DF42: =SUM(DF34:DF41) -> 14500 | DG42: =SUM(DG34:DG41) -> 333 | DI42: =SUM(DI34:DI41) -> 9990 | DJ42: =SUM(DJ34:DJ41) -> 3323.1 | DL42: =SUM(DL34:DL41) -> 82733 | DM42: =SUM(DM34:DM41) -> 530 | DO42: =SUM(DO34:DO41) -> 218000 | DP42: =SUM(DP34:DP41) -> 202.6 | DR42: =SUM(DR34:DR41) -> 97280 | DS42: =SUM(DS34:DS41) -> 0 | DT42: =SUM(DT34:DT41) -> 0 | DU42: =SUM(DU34:DU41) -> 0 | DV42: =SUM(DV34:DV41) -> 1866560 | DX42: =SUM(DX34:DX41) -> 649900 | DY42: =SUM(DY34:DY41) -> 450000 | DZ42: =SUM(DZ34:DZ41) -> 0 | EB42: =SUM(EB34:EB41) -> 0 | EC42: =SUM(DC42,DF42,DI42,DL42,DO42,DR42,DU42,DX42,EB42) -> 1072403 | ED42: =SUM(ED34:ED41) -> 615 | EF42: =SUM(EF34:EF41) -> 19080 | EG42: =SUM(EG34:EG41) -> 0 | EI42: =SUM(EI34:EI41) -> 0 | EJ42: =SUM(EJ34:EJ41) -> 300 | EL42: =SUM(EL34:EL41) -> 410000 | EM42: =SUM(EM34:EM41) -> 1150 | EO42: =SUM(EO34:EO41) -> 256000 | EP42: =SUM(EP34:EP41) -> 50 | ER42: =SUM(ER34:ER41) -> 50000 | ES42: =SUM(EF42,EI42,EL42,EO42,ER42) -> 735080 | ET42: =SUM(ET34:ET41) -> 20000 | EU42: =SUM(EU34:EU41) -> 5000 | EV42: =SUM(EV34:EV41) -> 180748.3 | EW42: =EC42+ES42+ET42+EU42+EV42 -> 2013231.3 | EY42: =SUM(EY34:EY41) -> 0 | FA42: =SUM(FA34:FA41) -> 0 | FB42: =SUM(FB34:FB41) -> 381 | FD42: =SUM(FD34:FD41) -> 15000 | FE42: =SUM(FE34:FE41) -> 30 | FG42: =SUM(FG34:FG41) -> 780 | FH42: =SUM(FH34:FH41) -> 3010 | FJ42: =SUM(FJ34:FJ41) -> 80120 | FK42: =SUM(FK34:FK41) -> 210 | FM42: =SUM(FM34:FM41) -> 110000 | FN42: =SUM(FN34:FN41) -> 250 | FP42: =SUM(FP34:FP41) -> 118100 | FQ42: =SUM(FQ34:FQ41) -> 25 | FR42: =SUM(FR34:FR41) -> 0 | FS42: =SUM(FS34:FS41) -> 27050 | FT42: =SUM(FT34:FT41) -> 1000000 | FV42: =SUM(FV34:FV41) -> 357000 | FW42: =SUM(FW34:FW41) -> 310000 | FX42: =SUM(FX34:FX41) -> 0 | FZ42: =SUM(FZ34:FZ41) -> 0 | GA42: =SUM(FA42,FD42,FG42,FJ42,FM42,FP42,FS42,FV42,FZ42) -> 708050 | GB42: =SUM(GB34:GB41) -> 300 | GD42: =SUM(GD34:GD41) -> 9000 | GE42: =SUM(GE34:GE41) -> 0 | GG42: =SUM(GG34:GG41) -> 0 | GH42: =SUM(GH34:GH41) -> 200 | GJ42: =SUM(GJ34:GJ41) -> 300000 | GK42: =SUM(GK34:GK41) -> 1000 | GM42: =SUM(GM34:GM41) -> 220000 | GN42: =SUM(GN34:GN41) -> 50 | GP42: =SUM(GP34:GP41) -> 50000 | GQ42: =SUM(GD42,GG42,GJ42,GM42,GP42) -> 579000 | GR42: =SUM(GR34:GR41) -> 20000 | GS42: =SUM(GS34:GS41) -> 5000 | GT42: =SUM(GT34:GT41) -> 126000 | GU42: =GA42+GQ42+GR42+GS42+GT42 -> 1438050 | GW42: =SUM(GW34:GW41) -> 0 | GY42: =SUM(GY34:GY41) -> 0 | GZ42: =SUM(GZ34:GZ41) -> 200 | HB42: =SUM(HB34:HB41) -> 11000 | HC42: =SUM(HC34:HC41) -> 40 | HE42: =SUM(HE34:HE41) -> 1200 | HF42: =SUM(HF34:HF41) -> 2322 | HH42: =SUM(HH34:HH41) -> 61620 | HI42: =SUM(HI34:HI41) -> 140 | HK42: =SUM(HK34:HK41) -> 82000 | HL42: =SUM(HL34:HL41) -> 150 | HN42: =SUM(HN34:HN41) -> 78100 | HO42: =SUM(HO34:HO41) -> 0 | HP42: =SUM(HP34:HP41) -> 0 | HQ42: =SUM(HQ34:HQ41) -> 0 | HR42: =SUM(HR34:HR41) -> 450000 | HT42: =SUM(HT34:HT41) -> 192000 | HU42: =SUM(HU34:HU41) -> 230000 | HV42: =SUM(HV34:HV41) -> 0 | HX42: =SUM(HX34:HX41) -> 0 | HY42: =SUM(GY42,HB42,HE42,HH42,HK42,HN42,HQ42,HT42,HX42) -> 425920 | HZ42: =SUM(HZ34:HZ41) -> 300 | IB42: =SUM(IB34:IB41) -> 9000 | IC42: =SUM(IC34:IC41) -> 0 | IE42: =SUM(IE34:IE41) -> 0 | IF42: =SUM(IF34:IF41) -> 200 | IH42: =SUM(IH34:IH41) -> 300000 | II42: =SUM(II34:II41) -> 1000 | IK42: =SUM(IK34:IK41) -> 220000 | IL42: =SUM(IL34:IL41) -> 50 | IN42: =SUM(IN34:IN41) -> 50000 | IO42: =SUM(IB42,IE42,IH42,IK42,IN42) -> 579000 | IP42: =SUM(IP34:IP41) -> 20000 | IQ42: =SUM(IQ34:IQ41) -> 5000 | IR42: =SUM(IR34:IR41) -> 100492 | IS42: =HY42+IO42+IP42+IQ42+IR42 -> 1130412 | IU42: =SUM(IU34:IU41) -> 0 | IW42: =SUM(IW34:IW41) -> 0 | IX42: =SUM(IX34:IX41) -> 200 | IZ42: =SUM(IZ34:IZ41) -> 11000 | JA42: =SUM(JA34:JA41) -> 30 | JC42: =SUM(JC34:JC41) -> 780 | JD42: =SUM(JD34:JD41) -> 2029.2 | JF42: =SUM(JF34:JF41) -> 56722 | JG42: =SUM(JG34:JG41) -> 100 | JI42: =SUM(JI34:JI41) -> 68000 | JJ42: =SUM(JJ34:JJ41) -> 150 | JL42: =SUM(JL34:JL41) -> 78100 | JM42: =SUM(JM34:JM41) -> 0 | JN42: =SUM(JN34:JN41) -> 0 | JO42: =SUM(JO34:JO41) -> 0 | JP42: =SUM(JP34:JP41) -> 310000 | JR42: =SUM(JR34:JR41) -> 152000 | JS42: =SUM(JS34:JS41) -> 210000 | JT42: =SUM(JT34:JT41) -> 0 | JV42: =SUM(JV34:JV41) -> 0 | JW42: =SUM(IW42,IZ42,JC42,JF42,JI42,JL42,JO42,JR42,JV42) -> 366602 | JX42: =SUM(JX34:JX41) -> 300 | JZ42: =SUM(JZ34:JZ41) -> 9000 | KA42: =SUM(KA34:KA41) -> 0 | KC42: =SUM(KC34:KC41) -> 0 | KD42: =SUM(KD34:KD41) -> 200 | KF42: =SUM(KF34:KF41) -> 300000 | KG42: =SUM(KG34:KG41) -> 1000 | KI42: =SUM(KI34:KI41) -> 220000 | KJ42: =SUM(KJ34:KJ41) -> 50 | KL42: =SUM(KL34:KL41) -> 50000 | KM42: =SUM(JZ42,KC42,KF42,KI42,KL42) -> 579000 | KN42: =SUM(KN34:KN41) -> 20000 | KO42: =SUM(KO34:KO41) -> 5000 | KP42: =SUM(KP34:KP41) -> 94560.2 | KQ42: =JW42+KM42+KN42+KO42+KP42 -> 1065162.2
C43: Cascades | D43: District | F43: =IF(ISERROR(G43/E43),"",(G43/E43)) | H43: 1000 | I43: =IF(ISERROR(J43/H43),"",(J43/H43)) -> 61 | J43: 61000 | L43: =IF(ISERROR(M43/K43),"",(M43/K43)) | N43: 1311 | O43: =IF(ISERROR(P43/N43),"",(P43/N43)) -> 32 | P43: 41952 | R43: =IF(ISERROR(S43/Q43),"",(S43/Q43)) | U43: =IF(ISERROR(V43/T43),"",(V43/T43)) | Z43: 1012400 | AA43: =IF(ISERROR(AB43/Z43),"",(AB43/Z43)) -> 0.52394903 | AB43: 530446 | AC43: 750000 | AE43: =IF(ISERROR(AF43/AD43),"",(AF43/AD43)) | AG43: =SUM(G43,J43,M43,P43,S43,V43,AB43,AF43) -> 633398 | AI43: =IF(ISERROR(AJ43/AH43),"",(AJ43/AH43)) | AL43: =IF(ISERROR(AM43/AK43),"",(AM43/AK43)) | AO43: =IF(ISERROR(AP43/AN43),"",(AP43/AN43)) | AR43: =IF(ISERROR(AS43/AQ43),"",(AS43/AQ43)) | AU43: =IF(ISERROR(AV43/AT43),"0",(AV43/AT43)) -> 0 | AW43: =SUM(AJ43,AM43,AP43,AS43,AV43) -> 0 | AX43: 20000 | AY43: 10000 | AZ43: =SUM(G43,J43,M43,P43,S43,V43,AB43,AF43,AJ43,AM43,AP43,AV43,AS43,AX43)*0.1 -> 65339.8 | BA43: =AG43+AW43+AX43+AY43+AZ43 -> 728737.8 | BD43: =IF(ISERROR(BE43/BC43),"",(BE43/BC43)) | BF43: 0 | BG43: =IF(ISERROR(BH43/BF43),"",(BH43/BF43)) | BH43: 0 | BJ43: =IF(ISERROR(BK43/BI43),"",(BK43/BI43)) | BL43: 4805 | BM43: =IF(ISERROR(BN43/BL43),"",(BN43/BL43)) -> 32 | BN43: 153760 | BP43: =IF(ISERROR(BQ43/BO43),"",(BQ43/BO43)) | BS43: =IF(ISERROR(BT43/BR43),"",(BT43/BR43)) | BX43: 1110600 | BY43: =IF(ISERROR(BZ43/BX43),"",(BZ43/BX43)) -> 0.47721952 | BZ43: 530000 | CA43: 100000 | CC43: =IF(ISERROR(CD43/CB43),"",(CD43/CB43)) | CE43: =SUM(BE43,BH43,BK43,BN43,BQ43,BT43,BW43,BZ43,CD43) -> 683760 | CF43: 1800 | CG43: =IF(ISERROR(CH43/CF43),"",(CH43/CF43)) -> 14.444444 | CH43: 26000 | CJ43: =IF(ISERROR(CK43/CI43),"",(CK43/CI43)) | CL43: 0 | CM43: =IF(ISERROR(CN43/CL43),"",(CN43/CL43)) | CN43: 0 | CO43: 600 | CP43: =IF(ISERROR(CQ43/CO43),"",(CQ43/CO43)) -> 165 | CQ43: 99000 | CS43: =IF(ISERROR(CT43/CR43),"",(CT43/CR43)) | CU43: =SUM(CH43,CK43,CN43,CQ43,CT43) -> 125000 | CV43: 20000 | CW43: 10000 | CX43: =SUM(BE43,BH43,BK43,BN43,BQ43,BT43,BZ43,CD43,CH43,CK43,CN43,CQ43,CT43)*0.1 -> 80876 | CY43: =CE43+CU43+CV43+CW43+CX43 -> 919636 | DD43: 0 | DF43: 0 | DJ43: 4778 | DL43: 152896 | DP43: 50 | DR43: 38100 | DV43: 1300000 | DX43: 650000 | DY43: 100000 | EC43: =SUM(DC43,DF43,DI43,DL43,DO43,DR43,DU43,DX43,EB43) -> 840996 | ED43: 2400 | EF43: 35000 | EJ43: 200 | EL43: 300000 | EM43: 600 | EO43: 99000 | ES43: =SUM(EF43,EI43,EL43,EO43,ER43) -> 434000 | ET43: 10000 | EU43: 10000 | EV43: =SUM(DC43,DF43,DI43,DL43,DO43,DR43,DX43,EB43,EF43,EI43,EL43,EO43,ER43)*0.1 -> 127499.6 | EW43: =EC43+ES43+ET43+EU43+EV43 -> 1422495.6 | FB43: 0 | FD43: 0 | FH43: 1625 | FJ43: 52000 | FN43: 50 | FP43: 38100 | FT43: 100000 | FV43: 60000 | FW43: 100000 | GA43: =SUM(FA43,FD43,FG43,FJ43,FM43,FP43,FS43,FV43,FZ43) -> 150100 | GB43: 2400 | GD43: 35000 | GH43: 200 | GJ43: 300000 | GK43: 600 | GM43: 99000 | GQ43: =SUM(GD43,GG43,GJ43,GM43,GP43) -> 434000 | GR43: 10000 | GS43: 10000 | GT43: =SUM(FA43,FD43,FG43,FJ43,FM43,FP43,FV43,FZ43,GD43,GG43,GJ43,GM43,GP43)*0.1 -> 58410 | GU43: =GA43+GQ43+GR43+GS43+GT43 -> 662510 | GZ43: 0 | HB43: 0 | HF43: 1625 | HH43: 52000 | HL43: 50 | HN43: 38100 | HR43: 100000 | HT43: 60000 | HU43: 100000 | HY43: =SUM(GY43,HB43,HE43,HH43,HK43,HN43,HQ43,HT43,HX43) -> 150100 | HZ43: 2400 | IB43: 35000 | IF43: 200 | IH43: 300000 | II43: 600 | IK43: 99000 | IO43: =SUM(IB43,IE43,IH43,IK43,IN43) -> 434000 | IP43: 10000 | IQ43: 10000 | IR43: =SUM(GY43,HB43,HE43,HH43,HK43,HN43,HT43,HX43,IB43,IE43,IH43,IK43,IN43)*0.1 -> 58410 | IS43: =HY43+IO43+IP43+IQ43+IR43 -> 662510 | IX43: 0 | IZ43: 0 | JD43: 6285 | JF43: 201120 | JJ43: 50 | JL43: 38100 | JP43: 100000 | JR43: 60000 | JS43: 100000 | JW43: =SUM(IW43,IZ43,JC43,JF43,JI43,JL43,JO43,JR43,JV43) -> 299220 | JX43: 2400 | JZ43: 35000 | KD43: 200 | KF43: 300000 | KG43: 600 | KI43: 99000 | KM43: =SUM(JZ43,KC43,KF43,KI43,KL43) -> 434000 | KN43: 10000 | KO43: 10000 | KP43: =SUM(IW43,IZ43,JC43,JF43,JI43,JL43,JR43,JV43,JZ43,KC43,KF43,KI43,KL43)*0.1 -> 73322 | KQ43: =JW43+KM43+KN43+KO43+KP43 -> 826542
D44: BCTS | F44: =IF(ISERROR(G44/E44),"",(G44/E44)) | H44: 100 | I44: =IF(ISERROR(J44/H44),"",(J44/H44)) -> 20 | J44: 2000 | L44: =IF(ISERROR(M44/K44),"",(M44/K44)) | N44: 862 | O44: =IF(ISERROR(P44/N44),"",(P44/N44)) -> 16.241299 | P44: 14000 | R44: =IF(ISERROR(S44/Q44),"",(S44/Q44)) | U44: =IF(ISERROR(V44/T44),"",(V44/T44)) | Z44: 797329 | AA44: =IF(ISERROR(AB44/Z44),"",(AB44/Z44)) -> 0.28573901 | AB44: 227828 | AC44: 180000 | AE44: =IF(ISERROR(AF44/AD44),"",(AF44/AD44)) | AG44: =SUM(G44,J44,M44,P44,S44,V44,AB44,AF44) -> 243828 | AI44: =IF(ISERROR(AJ44/AH44),"",(AJ44/AH44)) | AL44: =IF(ISERROR(AM44/AK44),"",(AM44/AK44)) | AO44: =IF(ISERROR(AP44/AN44),"",(AP44/AN44)) | AR44: =IF(ISERROR(AS44/AQ44),"",(AS44/AQ44)) | AU44: =IF(ISERROR(AV44/AT44),"0",(AV44/AT44)) -> 0 | AW44: =SUM(AJ44,AM44,AP44,AS44,AV44) -> 0 | AZ44: =SUM(G44,J44,M44,P44,S44,V44,AB44,AF44,AJ44,AM44,AP44,AV44,AS44,AX44)*0.1 -> 24382.8 | BA44: =AG44+AW44+AX44+AY44+AZ44 -> 268210.8 | BD44: =IF(ISERROR(BE44/BC44),"",(BE44/BC44)) | BF44: 75 | BG44: =IF(ISERROR(BH44/BF44),"",(BH44/BF44)) -> 20 | BH44: 1500 | BJ44: =IF(ISERROR(BK44/BI44),"",(BK44/BI44)) | BL44: 570 | BM44: =IF(ISERROR(BN44/BL44),"",(BN44/BL44)) -> 20.175439 | BN44: 11500 | BP44: =IF(ISERROR(BQ44/BO44),"",(BQ44/BO44)) | BS44: =IF(ISERROR(BT44/BR44),"",(BT44/BR44)) | BX44: 41580 | BY44: =IF(ISERROR(BZ44/BX44),"",(BZ44/BX44)) -> 0.31000481 | BZ44: 12890 | CA44: 230000 | CC44: =IF(ISERROR(CD44/CB44),"",(CD44/CB44)) | CE44: =SUM(BE44,BH44,BK44,BN44,BQ44,BT44,BW44,BZ44,CD44) -> 25890 | CG44: =IF(ISERROR(CH44/CF44),"",(CH44/CF44)) | CJ44: =IF(ISERROR(CK44/CI44),"",(CK44/CI44)) | CM44: =IF(ISERROR(CN44/CL44),"",(CN44/CL44)) | CP44: =IF(ISERROR(CQ44/CO44),"",(CQ44/CO44)) | CS44: =IF(ISERROR(CT44/CR44),"",(CT44/CR44)) | CU44: =SUM(CH44,CK44,CN44,CQ44,CT44) -> 0 | CX44: =SUM(BE44,BH44,BK44,BN44,BQ44,BT44,BZ44,CD44,CH44,CK44,CN44,CQ44,CT44)*0.1 -> 2589 | CY44: =CE44+CU44+CV44+CW44+CX44 -> 28479 | DD44: 50 | DF44: 1000 | DJ44: 590 | DL44: 11800 | DM44: 70 | DO44: 21000 | DV44: 0 | DX44: 0 | DY44: 220000 | EC44: =SUM(DC44,DF44,DI44,DL44,DO44,DR44,DU44,DX44,EB44) -> 33800 | ES44: =SUM(EF44,EI44,EL44,EO44,ER44) -> 0 | EV44: =SUM(DC44,DF44,DI44,DL44,DO44,DR44,DX44,EB44,EF44,EI44,EL44,EO44,ER44)*0.1 -> 3380 | EW44: =EC44+ES44+ET44+EU44+EV44 -> 37180 | FB44: 50 | FD44: 1000 | FH44: 1000 | FJ44: 20000 | FK44: 60 | FM44: 18000 | FT44: 230000 | FV44: 71300 | FW44: 160000 | GA44: =SUM(FA44,FD44,FG44,FJ44,FM44,FP44,FS44,FV44,FZ44) -> 110300 | GQ44: =SUM(GD44,GG44,GJ44,GM44,GP44) -> 0 | GT44: =SUM(FA44,FD44,FG44,FJ44,FM44,FP44,FV44,FZ44,GD44,GG44,GJ44,GM44,GP44)*0.1 -> 11030 | GU44: =GA44+GQ44+GR44+GS44+GT44 -> 121330 | GZ44: 0 | HB44: 0 | HF44: 345 | HH44: 6900 | HI44: 50 | HK44: 27500 | HR44: 220000 | HT44: 68200 | HU44: 0 | HY44: =SUM(GY44,HB44,HE44,HH44,HK44,HN44,HQ44,HT44,HX44) -> 102600 | IO44: =SUM(IB44,IE44,IH44,IK44,IN44) -> 0 | IR44: =SUM(GY44,HB44,HE44,HH44,HK44,HN44,HT44,HX44,IB44,IE44,IH44,IK44,IN44)*0.1 -> 10260 | IS44: =HY44+IO44+IP44+IQ44+IR44 -> 112860 | IX44: 0 | IZ44: 0 | JD44: 362 | JF44: 7500 | JG44: 50 | JI44: 27500 | JP44: 160000 | JR44: 50000 | JS44: 0 | JW44: =SUM(IW44,IZ44,JC44,JF44,JI44,JL44,JO44,JR44,JV44) -> 85000 | KM44: =SUM(JZ44,KC44,KF44,KI44,KL44) -> 0 | KP44: =SUM(IW44,IZ44,JC44,JF44,JI44,JL44,JR44,JV44,JZ44,KC44,KF44,KI44,KL44)*0.1 -> 8500 | KQ44: =JW44+KM44+KN44+KO44+KP44 -> 93500
D45: Recipient | F45: =IF(ISERROR(G45/E45),"",(G45/E45)) | I45: =IF(ISERROR(J45/H45),"",(J45/H45)) | L45: =IF(ISERROR(M45/K45),"",(M45/K45)) | O45: =IF(ISERROR(P45/N45),"",(P45/N45)) | R45: =IF(ISERROR(S45/Q45),"",(S45/Q45)) | U45: =IF(ISERROR(V45/T45),"",(V45/T45)) | AA45: =IF(ISERROR(AB45/Z45),"",(AB45/Z45)) | AE45: =IF(ISERROR(AF45/AD45),"",(AF45/AD45)) | AG45: =SUM(G45,J45,M45,P45,S45,V45,AB45,AF45) -> 0 | AI45: =IF(ISERROR(AJ45/AH45),"",(AJ45/AH45)) | AL45: =IF(ISERROR(AM45/AK45),"",(AM45/AK45)) | AO45: =IF(ISERROR(AP45/AN45),"",(AP45/AN45)) | AR45: =IF(ISERROR(AS45/AQ45),"",(AS45/AQ45)) | AU45: =IF(ISERROR(AV45/AT45),"0",(AV45/AT45)) -> 0 | AW45: =SUM(AJ45,AM45,AP45,AS45,AV45) -> 0 | AZ45: =SUM(G45,J45,M45,P45,S45,V45,AB45,AF45,AJ45,AM45,AP45,AV45,AS45,AX45)*0.1 -> 0 | BA45: =AG45+AW45+AX45+AY45+AZ45 -> 0 | BC45: 289 | BD45: =IF(ISERROR(BE45/BC45),"",(BE45/BC45)) -> 65.051903 | BE45: 18800 | BG45: =IF(ISERROR(BH45/BF45),"",(BH45/BF45)) | BJ45: =IF(ISERROR(BK45/BI45),"",(BK45/BI45)) | BL45: 800 | BM45: =IF(ISERROR(BN45/BL45),"",(BN45/BL45)) -> 39 | BN45: 31200 | BP45: =IF(ISERROR(BQ45/BO45),"",(BQ45/BO45)) | BS45: =IF(ISERROR(BT45/BR45),"",(BT45/BR45)) | BY45: =IF(ISERROR(BZ45/BX45),"",(BZ45/BX45)) | CC45: =IF(ISERROR(CD45/CB45),"",(CD45/CB45)) | CE45: =SUM(BE45,BH45,BK45,BN45,BQ45,BT45,BW45,BZ45,CD45) -> 50000 | CF45: 256 | CG45: =IF(ISERROR(CH45/CF45),"",(CH45/CF45)) -> 39.0625 | CH45: 10000 | CJ45: =IF(ISERROR(CK45/CI45),"",(CK45/CI45)) | CM45: =IF(ISERROR(CN45/CL45),"",(CN45/CL45)) | CP45: =IF(ISERROR(CQ45/CO45),"",(CQ45/CO45)) | CS45: =IF(ISERROR(CT45/CR45),"",(CT45/CR45)) | CU45: =SUM(CH45,CK45,CN45,CQ45,CT45) -> 10000 | CW45: 2000 | CX45: =SUM(BE45,BH45,BK45,BN45,BQ45,BT45,BZ45,CD45,CH45,CK45,CN45,CQ45,CT45)*0.1 -> 6000 | CY45: =CE45+CU45+CV45+CW45+CX45 -> 68000 | DA45: 250 | DC45: 12500 | DP45: 10 | DR45: 8000 | DS45: 10 | DU45: 15000 | DY45: 72000 | EC45: =SUM(DC45,DF45,DI45,DL45,DO45,DR45,DU45,DX45,EB45) -> 35500 | EG45: 10 | EI45: 8000 | EM45: 200 | EO45: 40000 | ES45: =SUM(EF45,EI45,EL45,EO45,ER45) -> 48000 | EV45: =SUM(DC45,DF45,DI45,DL45,DO45,DR45,DX45,EB45,EF45,EI45,EL45,EO45,ER45)*0.1 -> 6850 | EW45: =EC45+ES45+ET45+EU45+EV45 -> 90350 | EY45: 100 | FA45: 5000 | FK45: 60 | FM45: 24000 | FN45: 10 | FP45: 8000 | FQ45: 10 | FS45: 15000 | GA45: =SUM(FA45,FD45,FG45,FJ45,FM45,FP45,FS45,FV45,FZ45) -> 52000 | GE45: 10 | GG45: 8000 | GK45: 200 | GM45: 40000 | GQ45: =SUM(GD45,GG45,GJ45,GM45,GP45) -> 48000 | GT45: =SUM(FA45,FD45,FG45,FJ45,FM45,FP45,FV45,FZ45,GD45,GG45,GJ45,GM45,GP45)*0.1 -> 8500 | GU45: =GA45+GQ45+GR45+GS45+GT45 -> 108500 | GW45: 100 | GY45: 5000 | HL45: 10 | HN45: 8000 | HO45: 10 | HQ45: 15000 | HR45: 72000 | HT45: 43200 | HY45: =SUM(GY45,HB45,HE45,HH45,HK45,HN45,HQ45,HT45,HX45) -> 71200 | IC45: 10 | IE45: 8000 | IO45: =SUM(IB45,IE45,IH45,IK45,IN45) -> 8000 | IR45: =SUM(GY45,HB45,HE45,HH45,HK45,HN45,HT45,HX45,IB45,IE45,IH45,IK45,IN45)*0.1 -> 6420 | IS45: =HY45+IO45+IP45+IQ45+IR45 -> 85620 | IU45: 10 | IW45: 5000 | JJ45: 10 | JL45: 8000 | JM45: 10 | JO45: 15000 | JW45: =SUM(IW45,IZ45,JC45,JF45,JI45,JL45,JO45,JR45,JV45) -> 28000 | KA45: 10 | KC45: 8000 | KM45: =SUM(JZ45,KC45,KF45,KI45,KL45) -> 8000 | KP45: =SUM(IW45,IZ45,JC45,JF45,JI45,JL45,JR45,JV45,JZ45,KC45,KF45,KI45,KL45)*0.1 -> 2100 | KQ45: =JW45+KM45+KN45+KO45+KP45 -> 38100
D46: TFL | F46: =IF(ISERROR(G46/E46),"",(G46/E46)) | I46: =IF(ISERROR(J46/H46),"",(J46/H46)) | L46: =IF(ISERROR(M46/K46),"",(M46/K46)) | O46: =IF(ISERROR(P46/N46),"",(P46/N46)) | R46: =IF(ISERROR(S46/Q46),"",(S46/Q46)) | U46: =IF(ISERROR(V46/T46),"",(V46/T46)) | AA46: =IF(ISERROR(AB46/Z46),"",(AB46/Z46)) | AE46: =IF(ISERROR(AF46/AD46),"",(AF46/AD46)) | AG46: =SUM(G46,J46,M46,P46,S46,V46,AB46,AF46) -> 0 | AI46: =IF(ISERROR(AJ46/AH46),"",(AJ46/AH46)) | AL46: =IF(ISERROR(AM46/AK46),"",(AM46/AK46)) | AO46: =IF(ISERROR(AP46/AN46),"",(AP46/AN46)) | AR46: =IF(ISERROR(AS46/AQ46),"",(AS46/AQ46)) | AU46: =IF(ISERROR(AV46/AT46),"0",(AV46/AT46)) -> 0 | AW46: =SUM(AJ46,AM46,AP46,AS46,AV46) -> 0 | AZ46: =SUM(G46,J46,M46,P46,S46,V46,AB46,AF46,AJ46,AM46,AP46,AV46,AS46,AX46)*0.1 -> 0 | BA46: =AG46+AW46+AX46+AY46+AZ46 -> 0 | BD46: =IF(ISERROR(BE46/BC46),"",(BE46/BC46)) | BG46: =IF(ISERROR(BH46/BF46),"",(BH46/BF46)) | BJ46: =IF(ISERROR(BK46/BI46),"",(BK46/BI46)) | BM46: =IF(ISERROR(BN46/BL46),"",(BN46/BL46)) | BP46: =IF(ISERROR(BQ46/BO46),"",(BQ46/BO46)) | BS46: =IF(ISERROR(BT46/BR46),"",(BT46/BR46)) | BY46: =IF(ISERROR(BZ46/BX46),"",(BZ46/BX46)) | CC46: =IF(ISERROR(CD46/CB46),"",(CD46/CB46)) | CE46: =SUM(BE46,BH46,BK46,BN46,BQ46,BT46,BW46,BZ46,CD46) -> 0 | CG46: =IF(ISERROR(CH46/CF46),"",(CH46/CF46)) | CJ46: =IF(ISERROR(CK46/CI46),"",(CK46/CI46)) | CM46: =IF(ISERROR(CN46/CL46),"",(CN46/CL46)) | CP46: =IF(ISERROR(CQ46/CO46),"",(CQ46/CO46)) | CS46: =IF(ISERROR(CT46/CR46),"",(CT46/CR46)) | CU46: =SUM(CH46,CK46,CN46,CQ46,CT46) -> 0 | CX46: =SUM(BE46,BH46,BK46,BN46,BQ46,BT46,BZ46,CD46,CH46,CK46,CN46,CQ46,CT46)*0.1 -> 0 | CY46: =CE46+CU46+CV46+CW46+CX46 -> 0 | EC46: =SUM(DC46,DF46,DI46,DL46,DO46,DR46,DU46,DX46,EB46) -> 0 | ES46: =SUM(EF46,EI46,EL46,EO46,ER46) -> 0 | EV46: =SUM(DC46,DF46,DI46,DL46,DO46,DR46,DX46,EB46,EF46,EI46,EL46,EO46,ER46)*0.1 -> 0 | EW46: =EC46+ES46+ET46+EU46+EV46 -> 0 | GA46: =SUM(FA46,FD46,FG46,FJ46,FM46,FP46,FS46,FV46,FZ46) -> 0 | GQ46: =SUM(GD46,GG46,GJ46,GM46,GP46) -> 0 | GT46: =SUM(FA46,FD46,FG46,FJ46,FM46,FP46,FV46,FZ46,GD46,GG46,GJ46,GM46,GP46)*0.1 -> 0 | GU46: =GA46+GQ46+GR46+GS46+GT46 -> 0 | HY46: =SUM(GY46,HB46,HE46,HH46,HK46,HN46,HQ46,HT46,HX46) -> 0 | IO46: =SUM(IB46,IE46,IH46,IK46,IN46) -> 0 | IR46: =SUM(GY46,HB46,HE46,HH46,HK46,HN46,HT46,HX46,IB46,IE46,IH46,IK46,IN46)*0.1 -> 0 | IS46: =HY46+IO46+IP46+IQ46+IR46 -> 0 | JW46: =SUM(IW46,IZ46,JC46,JF46,JI46,JL46,JO46,JR46,JV46) -> 0 | KM46: =SUM(JZ46,KC46,KF46,KI46,KL46) -> 0 | KP46: =SUM(IW46,IZ46,JC46,JF46,JI46,JL46,JR46,JV46,JZ46,KC46,KF46,KI46,KL46)*0.1 -> 0 | KQ46: =JW46+KM46+KN46+KO46+KP46 -> 0
C47: District Total | E47: =SUM(E43:E46) -> 0 | F47: =IF(ISERROR(G47/E47),"",(G47/E47)) | G47: =SUM(G43:G46) -> 0 | H47: =SUM(H43:H46) -> 1100 | I47: =IF(ISERROR(J47/H47),"",(J47/H47)) -> 57.272727 | J47: =SUM(J43:J46) -> 63000 | K47: =SUM(K43:K46) -> 0 | L47: =IF(ISERROR(M47/K47),"",(M47/K47)) | M47: =SUM(M43:M46) -> 0 | N47: =SUM(N43:N46) -> 2173 | O47: =IF(ISERROR(P47/N47),"",(P47/N47)) -> 25.748734 | P47: =SUM(P43:P46) -> 55952 | Q47: =SUM(Q43:Q46) -> 0 | R47: =IF(ISERROR(S47/Q47),"",(S47/Q47)) | S47: =SUM(S43:S46) -> 0 | T47: =SUM(T43:T46) -> 0 | U47: =IF(ISERROR(V47/T47),"",(V47/T47)) | V47: =SUM(V43:V46) -> 0 | W47: =SUM(W43:W46) -> 0 | X47: =SUM(X43:X46) -> 0 | Y47: =SUM(Y43:Y46) -> 0 | Z47: =SUM(Z43:Z46) -> 1809729 | AA47: =IF(ISERROR(AB47/Z47),"",(AB47/Z47)) -> 0.41899865 | AB47: =SUM(AB43:AB46) -> 758274 | AC47: =SUM(AC43:AC46) -> 930000 | AD47: =SUM(AD43:AD46) -> 0 | AE47: =IF(ISERROR(AF47/AD47),"",(AF47/AD47)) | AF47: =SUM(AF43:AF46) -> 0 | AG47: =SUM(G47,J47,M47,P47,S47,V47,AB47,AF47) -> 877226 | AH47: =SUM(AH43:AH46) -> 0 | AI47: =IF(ISERROR(AJ47/AH47),"",(AJ47/AH47)) | AJ47: =SUM(AJ43:AJ46) -> 0 | AK47: =SUM(AK43:AK46) -> 0 | AL47: =IF(ISERROR(AM47/AK47),"",(AM47/AK47)) | AM47: =SUM(AM43:AM46) -> 0 | AN47: =SUM(AN43:AN46) -> 0 | AO47: =IF(ISERROR(AP47/AN47),"",(AP47/AN47)) | AP47: =SUM(AP43:AP46) -> 0 | AQ47: =SUM(AQ43:AQ46) -> 0 | AR47: =IF(ISERROR(AS47/AQ47),"",(AS47/AQ47)) | AS47: =SUM(AS43:AS46) -> 0 | AT47: =SUM(AT43:AT46) -> 0 | AU47: =IF(ISERROR(AV47/AT47),"0",(AV47/AT47)) -> 0 | AV47: =SUM(AV43:AV46) -> 0 | AW47: =SUM(AJ47,AM47,AP47,AS47,AV47) -> 0 | AX47: =SUM(AX43:AX46) -> 20000 | AY47: =SUM(AY43:AY46) -> 10000 | AZ47: =SUM(AZ43:AZ46) -> 89722.6 | BA47: =AG47+AW47+AX47+AY47+AZ47 -> 996948.6 | BC47: =SUM(BC43:BC46) -> 289 | BD47: =IF(ISERROR(BE47/BC47),"",(BE47/BC47)) -> 65.051903 | BE47: =SUM(BE43:BE46) -> 18800 | BF47: =SUM(BF43:BF46) -> 75 | BG47: =IF(ISERROR(BH47/BF47),"",(BH47/BF47)) -> 20 | BH47: =SUM(BH43:BH46) -> 1500 | BI47: =SUM(BI43:BI46) -> 0 | BJ47: =IF(ISERROR(BK47/BI47),"",(BK47/BI47)) | BK47: =SUM(BK43:BK46) -> 0 | BL47: =SUM(BL43:BL46) -> 6175 | BM47: =IF(ISERROR(BN47/BL47),"",(BN47/BL47)) -> 31.815385 | BN47: =SUM(BN43:BN46) -> 196460 | BO47: =SUM(BO43:BO46) -> 0 | BP47: =IF(ISERROR(BQ47/BO47),"",(BQ47/BO47)) | BQ47: =SUM(BQ43:BQ46) -> 0 | BR47: =SUM(BR43:BR46) -> 0 | BS47: =IF(ISERROR(BT47/BR47),"",(BT47/BR47)) | BT47: =SUM(BT43:BT46) -> 0 | BU47: =SUM(BU43:BU46) -> 0 | BV47: =SUM(BV43:BV46) -> 0 | BW47: =SUM(BW43:BW46) -> 0 | BX47: =SUM(BX43:BX46) -> 1152180 | BY47: =IF(ISERROR(BZ47/BX47),"",(BZ47/BX47)) -> 0.47118506 | BZ47: =SUM(BZ43:BZ46) -> 542890 | CA47: =SUM(CA43:CA46) -> 330000 | CB47: =SUM(CB43:CB46) -> 0 | CC47: =IF(ISERROR(CD47/CB47),"",(CD47/CB47)) | CD47: =SUM(CD43:CD46) -> 0 | CE47: =SUM(BE47,BH47,BK47,BN47,BQ47,BT47,BW47,BZ47,CD47) -> 759650 | CF47: =SUM(CF43:CF46) -> 2056 | CG47: =IF(ISERROR(CH47/CF47),"",(CH47/CF47)) -> 17.509728 | CH47: =SUM(CH43:CH46) -> 36000 | CI47: =SUM(CI43:CI46) -> 0 | CJ47: =IF(ISERROR(CK47/CI47),"",(CK47/CI47)) | CK47: =SUM(CK43:CK46) -> 0 | CL47: =SUM(CL43:CL46) -> 0 | CM47: =IF(ISERROR(CN47/CL47),"",(CN47/CL47)) | CN47: =SUM(CN43:CN46) -> 0 | CO47: =SUM(CO43:CO46) -> 600 | CP47: =IF(ISERROR(CQ47/CO47),"",(CQ47/CO47)) -> 165 | CQ47: =SUM(CQ43:CQ46) -> 99000 | CR47: =SUM(CR43:CR46) -> 0 | CS47: =IF(ISERROR(CT47/CR47),"",(CT47/CR47)) | CT47: =SUM(CT43:CT46) -> 0 | CU47: =SUM(CH47,CK47,CN47,CQ47,CT47) -> 135000 | CV47: =SUM(CV43:CV46) -> 20000 | CW47: =SUM(CW43:CW46) -> 12000 | CX47: =SUM(CX43:CX46) -> 89465 | CY47: =CE47+CU47+CV47+CW47+CX47 -> 1016115 | DA47: =SUM(DA43:DA46) -> 250 | DC47: =SUM(DC43:DC46) -> 12500 | DD47: =SUM(DD43:DD46) -> 50 | DF47: =SUM(DF43:DF46) -> 1000 | DG47: =SUM(DG43:DG46) -> 0 | DI47: =SUM(DI43:DI46) -> 0 | DJ47: =SUM(DJ43:DJ46) -> 5368 | DL47: =SUM(DL43:DL46) -> 164696 | DM47: =SUM(DM43:DM46) -> 70 | DO47: =SUM(DO43:DO46) -> 21000 | DP47: =SUM(DP43:DP46) -> 60 | DR47: =SUM(DR43:DR46) -> 46100 | DS47: =SUM(DS43:DS46) -> 10 | DT47: =SUM(DT43:DT46) -> 0 | DU47: =SUM(DU43:DU46) -> 15000 | DV47: =SUM(DV43:DV46) -> 1300000 | DX47: =SUM(DX43:DX46) -> 650000 | DY47: =SUM(DY43:DY46) -> 392000 | DZ47: =SUM(DZ43:DZ46) -> 0 | EB47: =SUM(EB43:EB46) -> 0 | EC47: =SUM(DC47,DF47,DI47,DL47,DO47,DR47,DU47,DX47,EB47) -> 910296 | ED47: =SUM(ED43:ED46) -> 2400 | EF47: =SUM(EF43:EF46) -> 35000 | EG47: =SUM(EG43:EG46) -> 10 | EI47: =SUM(EI43:EI46) -> 8000 | EJ47: =SUM(EJ43:EJ46) -> 200 | EL47: =SUM(EL43:EL46) -> 300000 | EM47: =SUM(EM43:EM46) -> 800 | EO47: =SUM(EO43:EO46) -> 139000 | EP47: =SUM(EP43:EP46) -> 0 | ER47: =SUM(ER43:ER46) -> 0 | ES47: =SUM(EF47,EI47,EL47,EO47,ER47) -> 482000 | ET47: =SUM(ET43:ET46) -> 10000 | EU47: =SUM(EU43:EU46) -> 10000 | EV47: =SUM(EV43:EV46) -> 137729.6 | EW47: =EC47+ES47+ET47+EU47+EV47 -> 1550025.6 | EY47: =SUM(EY43:EY46) -> 100 | FA47: =SUM(FA43:FA46) -> 5000 | FB47: =SUM(FB43:FB46) -> 50 | FD47: =SUM(FD43:FD46) -> 1000 | FE47: =SUM(FE43:FE46) -> 0 | FG47: =SUM(FG43:FG46) -> 0 | FH47: =SUM(FH43:FH46) -> 2625 | FJ47: =SUM(FJ43:FJ46) -> 72000 | FK47: =SUM(FK43:FK46) -> 120 | FM47: =SUM(FM43:FM46) -> 42000 | FN47: =SUM(FN43:FN46) -> 60 | FP47: =SUM(FP43:FP46) -> 46100 | FQ47: =SUM(FQ43:FQ46) -> 10 | FR47: =SUM(FR43:FR46) -> 0 | FS47: =SUM(FS43:FS46) -> 15000 | FT47: =SUM(FT43:FT46) -> 330000 | FV47: =SUM(FV43:FV46) -> 131300 | FW47: =SUM(FW43:FW46) -> 260000 | FX47: =SUM(FX43:FX46) -> 0 | FZ47: =SUM(FZ43:FZ46) -> 0 | GA47: =SUM(FA47,FD47,FG47,FJ47,FM47,FP47,FS47,FV47,FZ47) -> 312400 | GB47: =SUM(GB43:GB46) -> 2400 | GD47: =SUM(GD43:GD46) -> 35000 | GE47: =SUM(GE43:GE46) -> 10 | GG47: =SUM(GG43:GG46) -> 8000 | GH47: =SUM(GH43:GH46) -> 200 | GJ47: =SUM(GJ43:GJ46) -> 300000 | GK47: =SUM(GK43:GK46) -> 800 | GM47: =SUM(GM43:GM46) -> 139000 | GN47: =SUM(GN43:GN46) -> 0 | GP47: =SUM(GP43:GP46) -> 0 | GQ47: =SUM(GD47,GG47,GJ47,GM47,GP47) -> 482000 | GR47: =SUM(GR43:GR46) -> 10000 | GS47: =SUM(GS43:GS46) -> 10000 | GT47: =SUM(GT43:GT46) -> 77940 | GU47: =GA47+GQ47+GR47+GS47+GT47 -> 892340 | GW47: =SUM(GW43:GW46) -> 100 | GY47: =SUM(GY43:GY46) -> 5000 | GZ47: =SUM(GZ43:GZ46) -> 0 | HB47: =SUM(HB43:HB46) -> 0 | HC47: =SUM(HC43:HC46) -> 0 | HE47: =SUM(HE43:HE46) -> 0 | HF47: =SUM(HF43:HF46) -> 1970 | HH47: =SUM(HH43:HH46) -> 58900 | HI47: =SUM(HI43:HI46) -> 50 | HK47: =SUM(HK43:HK46) -> 27500 | HL47: =SUM(HL43:HL46) -> 60 | HN47: =SUM(HN43:HN46) -> 46100 | HO47: =SUM(HO43:HO46) -> 10 | HP47: =SUM(HP43:HP46) -> 0 | HQ47: =SUM(HQ43:HQ46) -> 15000 | HR47: =SUM(HR43:HR46) -> 392000 | HT47: =SUM(HT43:HT46) -> 171400 | HU47: =SUM(HU43:HU46) -> 100000 | HV47: =SUM(HV43:HV46) -> 0 | HX47: =SUM(HX43:HX46) -> 0 | HY47: =SUM(GY47,HB47,HE47,HH47,HK47,HN47,HQ47,HT47,HX47) -> 323900 | HZ47: =SUM(HZ43:HZ46) -> 2400 | IB47: =SUM(IB43:IB46) -> 35000 | IC47: =SUM(IC43:IC46) -> 10 | IE47: =SUM(IE43:IE46) -> 8000 | IF47: =SUM(IF43:IF46) -> 200 | IH47: =SUM(IH43:IH46) -> 300000 | II47: =SUM(II43:II46) -> 600 | IK47: =SUM(IK43:IK46) -> 99000 | IL47: =SUM(IL43:IL46) -> 0 | IN47: =SUM(IN43:IN46) -> 0 | IO47: =SUM(IB47,IE47,IH47,IK47,IN47) -> 442000 | IP47: =SUM(IP43:IP46) -> 10000 | IQ47: =SUM(IQ43:IQ46) -> 10000 | IR47: =SUM(IR43:IR46) -> 75090 | IS47: =HY47+IO47+IP47+IQ47+IR47 -> 860990 | IU47: =SUM(IU43:IU46) -> 10 | IW47: =SUM(IW43:IW46) -> 5000 | IX47: =SUM(IX43:IX46) -> 0 | IZ47: =SUM(IZ43:IZ46) -> 0 | JA47: =SUM(JA43:JA46) -> 0 | JC47: =SUM(JC43:JC46) -> 0 | JD47: =SUM(JD43:JD46) -> 6647 | JF47: =SUM(JF43:JF46) -> 208620 | JG47: =SUM(JG43:JG46) -> 50 | JI47: =SUM(JI43:JI46) -> 27500 | JJ47: =SUM(JJ43:JJ46) -> 60 | JL47: =SUM(JL43:JL46) -> 46100 | JM47: =SUM(JM43:JM46) -> 10 | JN47: =SUM(JN43:JN46) -> 0 | JO47: =SUM(JO43:JO46) -> 15000 | JP47: =SUM(JP43:JP46) -> 260000 | JR47: =SUM(JR43:JR46) -> 110000 | JS47: =SUM(JS43:JS46) -> 100000 | JT47: =SUM(JT43:JT46) -> 0 | JV47: =SUM(JV43:JV46) -> 0 | JW47: =SUM(IW47,IZ47,JC47,JF47,JI47,JL47,JO47,JR47,JV47) -> 412220 | JX47: =SUM(JX43:JX46) -> 2400 | JZ47: =SUM(JZ43:JZ46) -> 35000 | KA47: =SUM(KA43:KA46) -> 10 | KC47: =SUM(KC43:KC46) -> 8000 | KD47: =SUM(KD43:KD46) -> 200 | KF47: =SUM(KF43:KF46) -> 300000 | KG47: =SUM(KG43:KG46) -> 600 | KI47: =SUM(KI43:KI46) -> 99000 | KJ47: =SUM(KJ43:KJ46) -> 0 | KL47: =SUM(KL43:KL46) -> 0 | KM47: =SUM(JZ47,KC47,KF47,KI47,KL47) -> 442000 | KN47: =SUM(KN43:KN46) -> 10000 | KO47: =SUM(KO43:KO46) -> 10000 | KP47: =SUM(KP43:KP46) -> 83922 | KQ47: =JW47+KM47+KN47+KO47+KP47 -> 958142
C48: Okanagan-Shuswap | D48: District | E48: 121 | F48: =IF(ISERROR(G48/E48),"",(G48/E48)) -> 30 | G48: 3630 | H48: 1100 | I48: =IF(ISERROR(J48/H48),"",(J48/H48)) -> 50 | J48: 55000 | L48: =IF(ISERROR(M48/K48),"",(M48/K48)) | N48: 1250 | O48: =IF(ISERROR(P48/N48),"",(P48/N48)) -> 30 | P48: 37500 | R48: =IF(ISERROR(S48/Q48),"",(S48/Q48)) | T48: 100 | U48: =IF(ISERROR(V48/T48),"",(V48/T48)) -> 800 | V48: 80000 | Z48: 237200 | AA48: =IF(ISERROR(AB48/Z48),"",(AB48/Z48)) -> 0.6 | AB48: 142320 | AC48: 117000 | AD48: 50 | AE48: =IF(ISERROR(AF48/AD48),"",(AF48/AD48)) -> 1400 | AF48: 70000 | AG48: =SUM(G48,J48,M48,P48,S48,V48,AB48,AF48) -> 388450 | AU48: =IF(ISERROR(AV48/AT48),"0",(AV48/AT48)) -> 0 | AW48: =SUM(AJ48,AM48,AP48,AS48,AV48) -> 0 | AX48: 10000 | AY48: 5000 | AZ48: =SUM(G48,J48,M48,P48,S48,V48,AB48,AF48,AJ48,AM48,AP48,AV48,AS48,AX48)*0.1 -> 39845 | BA48: =AG48+AW48+AX48+AY48+AZ48 -> 443295 | BD48: =IF(ISERROR(BE48/BC48),"",(BE48/BC48)) | BF48: 500 | BG48: =IF(ISERROR(BH48/BF48),"",(BH48/BF48)) -> 55 | BH48: 27500 | BJ48: =IF(ISERROR(BK48/BI48),"",(BK48/BI48)) | BL48: 800 | BM48: =IF(ISERROR(BN48/BL48),"",(BN48/BL48)) -> 30 | BN48: 24000 | BP48: =IF(ISERROR(BQ48/BO48),"",(BQ48/BO48)) | BR48: 100 | BS48: =IF(ISERROR(BT48/BR48),"",(BT48/BR48)) -> 1000 | BT48: 100000 | BU48: 100 | BW48: 140000 | BX48: 125000 | BY48: =IF(ISERROR(BZ48/BX48),"",(BZ48/BX48)) -> 1.2 | BZ48: 150000 | CA48: 50000 | CC48: =IF(ISERROR(CD48/CB48),"",(CD48/CB48)) | CE48: =SUM(BE48,BH48,BK48,BN48,BQ48,BT48,BW48,BZ48,CD48) -> 441500 | CF48: 500 | CG48: =IF(ISERROR(CH48/CF48),"",(CH48/CF48)) -> 40 | CH48: 20000 | CJ48: =IF(ISERROR(CK48/CI48),"",(CK48/CI48)) | CL48: 200 | CM48: =IF(ISERROR(CN48/CL48),"",(CN48/CL48)) -> 1500 | CN48: 300000 | CO48: 700 | CP48: =IF(ISERROR(CQ48/CO48),"",(CQ48/CO48)) -> 214.28571 | CQ48: 150000 | CS48: =IF(ISERROR(CT48/CR48),"",(CT48/CR48)) | CU48: =SUM(CH48,CK48,CN48,CQ48,CT48) -> 470000 | CV48: 20000 | CW48: 5000 | CX48: =SUM(BE48,BH48,BK48,BN48,BQ48,BT48,BZ48,CD48,CH48,CK48,CN48,CQ48,CT48)*0.1 -> 77150 | CY48: =CE48+CU48+CV48+CW48+CX48 -> 1013650 | DJ48: 100 | DL48: 2600 | DV48: 75000 | DX48: 43000 | DY48: 50000 | EC48: =SUM(DC48,DF48,DI48,DL48,DO48,DR48,DU48,DX48,EB48) -> 45600 | ED48: 300 | EF48: 9000 | EJ48: 200 | EL48: 300000 | EM48: 500 | EO48: 110000 | ES48: =SUM(EF48,EI48,EL48,EO48,ER48) -> 419000 | ET48: 20000 | EU48: 5000 | EV48: =SUM(DC48,DF48,DI48,DL48,DO48,DR48,DX48,EB48,EF48,EI48,EL48,EO48,ER48)*0.1 -> 46460 | EW48: =EC48+ES48+ET48+EU48+EV48 -> 536060 | FH48: 200 | FJ48: 5200 | FT48: 50000 | FV48: 28500 | FW48: 50000 | GA48: =SUM(FA48,FD48,FG48,FJ48,FM48,FP48,FS48,FV48,FZ48) -> 33700 | GB48: 300 | GD48: 9000 | GH48: 200 | GJ48: 300000 | GK48: 500 | GM48: 110000 | GQ48: =SUM(GD48,GG48,GJ48,GM48,GP48) -> 419000 | GR48: 20000 | GS48: 5000 | GT48: =SUM(FA48,FD48,FG48,FJ48,FM48,FP48,FV48,FZ48,GD48,GG48,GJ48,GM48,GP48)*0.1 -> 45270 | GU48: =GA48+GQ48+GR48+GS48+GT48 -> 522970 | HF48: 200 | HH48: 5200 | HR48: 50000 | HT48: 28500 | HU48: 50000 | HY48: =SUM(GY48,HB48,HE48,HH48,HK48,HN48,HQ48,HT48,HX48) -> 33700 | HZ48: 300 | IB48: 9000 | IF48: 200 | IH48: 300000 | II48: 500 | IK48: 110000 | IO48: =SUM(IB48,IE48,IH48,IK48,IN48) -> 419000 | IP48: 20000 | IQ48: 5000 | IR48: =SUM(GY48,HB48,HE48,HH48,HK48,HN48,HT48,HX48,IB48,IE48,IH48,IK48,IN48)*0.1 -> 45270 | IS48: =HY48+IO48+IP48+IQ48+IR48 -> 522970 | JD48: 200 | JF48: 5200 | JP48: 50000 | JR48: 28500 | JS48: 50000 | JW48: =SUM(IW48,IZ48,JC48,JF48,JI48,JL48,JO48,JR48,JV48) -> 33700 | JX48: 300 | JZ48: 9000 | KD48: 200 | KF48: 300000 | KG48: 500 | KI48: 110000 | KM48: =SUM(JZ48,KC48,KF48,KI48,KL48) -> 419000 | KN48: 20000 | KO48: 5000 | KP48: =SUM(IW48,IZ48,JC48,JF48,JI48,JL48,JR48,JV48,JZ48,KC48,KF48,KI48,KL48)*0.1 -> 45270 | KQ48: =JW48+KM48+KN48+KO48+KP48 -> 522970
